Workbook
Name AMBIENTAL: #REF!
Name CLP_2025: #REF!
Name DADOS_2025: #REF!
Name GOVERNANÇA: #REF!
Name INDICE_INDICADOR: Matriz!$K$2:$K$80
Name MUNICIPIO: #REF!
Name NOME_INDICADOR: Matriz!$D$2:$D$80
Name NOTA_INDICADOR: #REF!
Name ODS_1: #REF!
Name ODS_10: #REF!
Name ODS_11: #REF!
Name ODS_12: #REF!
Name ODS_13: #REF!
Name ODS_14: #REF!
Name ODS_15: #REF!
Name ODS_16: #REF!
Name ODS_17: #REF!
Name ODS_2: #REF!
Name ODS_3: #REF!
Name ODS_4: #REF!
Name ODS_5: #REF!
Name ODS_6: #REF!
Name ODS_7: #REF!
Name ODS_8: #REF!
Name ODS_9: #REF!
Name SOCIAL: #REF!

Sheet Matriz
B2: Dimensão | C2: Pilar | D2: Indicador | E2: Descrição do indicador | F2: Classificação | K2: ÍNDICE DO INDICADOR
F3: ODS | G3: ESG | H3: Metas ODS
B4: Instituições | C4: Sustentabilidade Fiscal | D4: Dependência fiscal | E4: Razão entre as transferências correntes realizadas e a receita corrente total da administração pública municipal | F4: sixteen, seventeen | G4: G | H4: 16.6 | 17.1 | K4: =SUMIFS(#REF!,#REF!,Matriz!D4) -> #REF!
B5: Instituições | C5: Sustentabilidade Fiscal | D5: Taxa de investimento | E5: Razão entre os investimentos liquidados e a receita corrente líquida da administração pública municipal | F5: ten, seventeen | G5: G | H5: 10.b | 17.1 | 17.3 | K5: =SUMIFS(#REF!,#REF!,Matriz!D5) -> #REF!
B6: Instituições | C6: Sustentabilidade Fiscal | D6: Despesa com pessoal | E6: Razão entre a despesa total com pessoal e a receita corrente líquida ajustada da administração pública municipal | F6: onze, sixteen, seventeen | G6: G | H6: 11.a | 16.6| 17.3 | K6: =SUMIFS(#REF!,#REF!,Matriz!D6) -> #REF!
B7: Instituições | C7: Sustentabilidade Fiscal | D7: Endividamento | E7: Razão entre a dívida consolidada líquida e a receita corrente líquida da administração pública municipal | F7: onze, sixteen, seventeen | G7: G | H7: 11.a |16.6|17.1 | K7: =SUMIFS(#REF!,#REF!,Matriz!D7) -> #REF!
B9: Instituições | C9: Funcionamento da máquina pública | D9: Custo da função administrativa | E9: Razão entre o custo da função administrativa do poder executivo e a receita corrente líquida da administração pública municipal | F9: onze, sixteen, seventeen | G9: G | H9: 11.a | 16.6 | 17.4 | K9: =SUMIFS(#REF!,#REF!,Matriz!D9) -> #REF!
B10: Instituições | C10: Funcionamento da máquina pública | D10: Custo da função legislativa | E10: Razão entre o custo da função legislativa e a receita corrente líquida da administração pública municipal | F10: onze, sixteen, seventeen | G10: G | H10: 11.a | 16.6 | 17.5 | K10: =SUMIFS(#REF!,#REF!,Matriz!D10) -> #REF!
B11: Instituições | C11: Funcionamento da máquina pública | D11: Qualidade da informação contábil e fiscal | E11: Nota geral do município no ranking da qualidade da informação contábil e fiscal dos municípios no Siconfi | F11: sixteen | G11: G | H11: 16.10 | K11: =SUMIFS(#REF!,#REF!,Matriz!D11) -> #REF!
B12: Instituições | C12: Funcionamento da máquina pública | D12: Tempo para abertura de empresas | E12: Tempo médio para abertura de empresas levando-se em consideração o tempo na etapa de viabilidade e o tempo na etapa de registro | F12: oito, nove | G12: G | H12: 8.3 | 9.3 | K12: =SUMIFS(#REF!,#REF!,Matriz!D12) -> #REF!
B13: Instituições | C13: Funcionamento da máquina pública | D13: Qualificação do servidor | E13: Razão entre o número de servidores públicos municipais da administração direta com ensino superior e o número total servidores públicos municipais da administração direta | F13: quatro, sixteen | G13: SG | H13: 4.b | 16.7 | K13: =SUMIFS(#REF!,#REF!,Matriz!D13) -> #REF!
B14: Instituições | C14: Funcionamento da máquina pública | D14: Transparência municipal | E14: Nota na Escala Brasil Transparente 360º da administração pública municipal, abrangendo as notas em transparência passiva e transparência ativa | F14: onze, sixteen | G14: G | H14: 11.a | 16.10 | K14: =SUMIFS(#REF!,#REF!,Matriz!D14) -> #REF!
B16: Sociedade | C16: Acesso à saúde | D16: Cobertura da atenção primária | E16: Razão entre a população cadastrada por equipes da Estratégia de Saúde da Família (eSF) e da Atenção Primária (eAP) financiadas pelo Ministério da Saúde no município e a população do município | F16: três | G16: SG | H16: 3.7 | 3.8 | K16: =SUMIFS(#REF!,#REF!,Matriz!D16) -> #REF!
B17: Sociedade | C17: Acesso à saúde | D17: Cobertura de saúde suplementar | E17: Razão entre a população do município beneficiária de plano de saúde privado e a população total do município | F17: três | G17: S | H17: 3.8 | K17: =SUMIFS(#REF!,#REF!,Matriz!D17) -> #REF!
... B80: Economia | C80: Telecomunicações | D80: Acessos de banda larga - Alta velocidade | E80: Razão entre o número de acessos de conexão banda larga com faixa de velocidade superior a 34 megabytes e o número de acessos de conexão banda larga | F80: um, cinco, nove | G80: SG | H80: 1.4 | 5.b | 9.c | K80: =SUMIFS(#REF!,#REF!,Matriz!D80) -> #REF!

Sheet Ranking ESG
D1: Ambiental | L1: Social | T1: Governança | AB1: ESG
A2: Município | B2: Estado | C2: Região | D2: Ambiental | E2: Ambiental normalizado | F2: Posição Ambiental 2025 | G2: Posição Ambiental 2024 | H2: Posição Ambiental 2023 | I2: Posição Ambiental 2022 | J2: Posição Ambiental 2021 | K2: Delta posição E | L2: Social | M2: Social normalizado | N2: Posição Social 2025 | O2: Posição Social 2024 | P2: Posição Social 2023 | Q2: Posição Social 2022 | R2: Posição Social 2021 | S2: Delta posição S | T2: Governança | U2: Governança normalizado | V2: Posição Governança 2025 | W2: Posição Governança 2024 | X2: Posição Governança 2023 | Y2: Posição Governança 2022 | Z2: Posição Governança 2021 | AA2: Delta posição G | AB2: Média ESG | AC2: Ranking ESG 2025 | AD2: Ranking ESG 2024 | AE2: Ranking ESG 2023 | AF2: Ranking ESG 2022 | AG2: Ranking 2021 | AH2: Delta posição ESG
A3: Maringá | B3: PR | C3: Sul | D3: 887.18934 | E3: 91.31359 | F3: 26 | G3: 81 | H3: 148 | I3: 43 | J3: 28 | K3: 55 | L3: 2646.0571 | M3: 92.185875 | N3: 5 | O3: 7 | P3: 16 | Q3: 14 | R3: 11 | S3: 2 | T3: 2593.7 | U3: 100 | V3: 1 | W3: 4 | X3: 6 | Y3: 14 | Z3: 21 | AA3: 3 | AB3: 94.499822 | AC3: 1 | AD3: 6 | AE3: 21 | AF3: 11 | AG3: 12 | AH3: 5
A4: Votuporanga | B4: SP | C4: Sudeste | D4: 869.09419 | E4: 88.022767 | F4: 61 | G4: 69 | H4: 45 | I4: 59 | J4: 39 | K4: 8 | L4: 2730.216 | M4: 98.0048 | N4: 2 | O4: 10 | P4: 14 | Q4: 8 | R4: 6 | S4: 8 | T4: 2521.8327 | U4: 94.614451 | V4: 8 | W4: 18 | X4: 26 | Y4: 28 | Z4: 24 | AA4: 10 | AB4: 93.547339 | AC4: 2 | AD4: 18 | AE4: 16 | AF4: 13 | AG4: 11 | AH4: 16
A5: Jaraguá do Sul | B5: SC | C5: Sul | D5: 904.41137 | E5: 94.445625 | F5: 10 | G5: 37 | H5: 25 | I5: 46 | J5: 36 | K5: 27 | L5: 2560.8878 | M5: 86.297097 | N5: 20 | O5: 11 | P5: 36 | Q5: 31 | R5: 23 | S5: -9 | T5: 2544.1535 | U5: 96.287112 | V5: 7 | W5: 6 | X5: 13 | Y5: 13 | Z5: 7 | AA5: -1 | AB5: 92.343278 | AC5: 3 | AD5: 8 | AE5: 13 | AF5: 14 | AG5: 10 | AH5: 5
A6: Florianópolis | B6: SC | C6: Sul | D6: 844.89472 | E6: 83.621798 | F6: 112 | G6: 130 | H6: 87 | I6: 142 | J6: 254 | K6: 18 | L6: 2683.0638 | M6: 94.744597 | N6: 3 | O6: 4 | P6: 3 | Q6: 3 | R6: 4 | S6: 1 | T6: 2560.2093 | U6: 97.490291 | V6: 4 | W6: 8 | X6: 5 | Y6: 10 | Z6: 9 | AA6: 4 | AB6: 91.952229 | AC6: 4 | AD6: 14 | AE6: 8 | AF6: 9 | AG6: 39 | AH6: 10
A7: São Caetano do Sul | B7: SP | C7: Sudeste | D7: 869.83734 | E7: 88.157918 | F7: 55 | G7: 50 | H7: 43 | I7: 51 | J7: 25 | K7: -5 | L7: 2759.0725 | M7: 100 | N7: 1 | O7: 1 | P7: 1 | Q7: 1 | R7: 1 | S7: 0 | T7: 2421.3223 | U7: 87.082463 | V7: 32 | W7: 14 | X7: 12 | Y7: 11 | Z7: 3 | AA7: -18 | AB7: 91.746794 | AC7: 5 | AD7: 2 | AE7: 1 | AF7: 1 | AG7: 1 | AH7: -3
A8: Campinas | B8: SP | C8: Sudeste | D8: 882.05031 | E8: 90.378994 | F8: 30 | G8: 22 | H8: 46 | I8: 56 | J8: 54 | K8: -8 | L8: 2567.1054 | M8: 86.72699 | N8: 17 | O8: 12 | P8: 10 | Q8: 16 | R8: 17 | S8: -5 | T8: 2555.8973 | U8: 97.167159 | V8: 6 | W8: 5 | X8: 3 | Y8: 3 | Z8: 6 | AA8: -1 | AB8: 91.424381 | AC8: 6 | AD8: 4 | AE8: 4 | AF8: 6 | AG8: 9 | AH8: -2
A9: Paulínia | B9: SP | C9: Sudeste | D9: 873.65354 | E9: 88.85194 | F9: 48 | G9: 28 | H9: 37 | I9: 54 | J9: 46 | K9: -20 | L9: 2636.5404 | M9: 91.527876 | N9: 7 | O9: 6 | P9: 17 | Q9: 34 | R9: 16 | S9: -1 | T9: 2496.4092 | U9: 92.709279 | V9: 11 | W9: 17 | X9: 45 | Y9: 34 | Z9: 67 | AA9: 6 | AB9: 91.029698 | AC9: 7 | AD9: 11 | AE9: 20 | AF9: 30 | AG9: 30 | AH9: 4
A10: Curitiba | B10: PR | C10: Sul | D10: 853.6129 | E10: 85.207306 | F10: 96 | G10: 84 | H10: 18 | I10: 25 | J10: 20 | K10: -12 | L10: 2597.464 | M10: 88.826052 | N10: 10 | O10: 23 | P10: 26 | Q10: 30 | R10: 15 | S10: 13 | T10: 2556.643 | U10: 97.223043 | V10: 5 | W10: 9 | X10: 7 | Y10: 2 | Z10: 4 | AA10: 4 | AB10: 90.4188 | AC10: 8 | AD10: 17 | AE10: 7 | AF10: 5 | AG10: 4 | AH10: 9
A11: Indaiatuba | B11: SP | C11: Sudeste | D11: 869.41053 | E11: 88.080297 | F11: 58 | G11: 63 | H11: 175 | I11: 130 | J11: 104 | K11: 5 | L11: 2597.4099 | M11: 88.822307 | N11: 11 | O11: 28 | P11: 11 | Q11: 19 | R11: 21 | S11: 17 | T11: 2490.3682 | U11: 92.256579 | V11: 12 | W11: 12 | X11: 4 | Y11: 9 | Z11: 16 | AA11: 0 | AB11: 89.719728 | AC11: 9 | AD11: 20 | AE11: 25 | AF11: 22 | AG11: 22 | AH11: 11
A12: São Paulo | B12: SP | C12: Sudeste | D12: 870.41383 | E12: 88.262758 | F12: 54 | G12: 38 | H12: 33 | I12: 47 | J12: 64 | K12: -16 | L12: 2495.5447 | M12: 81.779135 | N12: 41 | O12: 25 | P12: 24 | Q12: 36 | R12: 22 | S12: -16 | T12: 2576.9239 | U12: 98.742838 | V12: 2 | W12: 2 | X12: 2 | Y12: 5 | Z12: 2 | AA12: 0 | AB12: 89.594911 | AC12: 10 | AD12: 10 | AE12: 5 | AF12: 10 | AG12: 8 | AH12: 0
A13: Balneário Camboriú | B13: SC | C13: Sul | D13: 932.61436 | E13: 99.574682 | F13: 2 | G13: 3 | H13: 2 | I13: 2 | J13: 2 | K13: 1 | L13: 2409.4036 | M13: 75.82316 | N13: 82 | O13: 41 | P13: 51 | Q13: 70 | R13: 79 | S13: -41 | T13: 2501.9072 | U13: 93.121283 | V13: 10 | W13: 3 | X13: 1 | Y13: 4 | Z13: 5 | AA13: -7 | AB13: 89.506375 | AC13: 11 | AD13: 3 | AE13: 2 | AF13: 4 | AG13: 7 | AH13: -8
A14: Vitória | B14: ES | C14: Sudeste | D14: 848.64505 | E14: 84.303842 | F14: 104 | G14: 99 | H14: 183 | I14: 85 | J14: 81 | K14: -5 | L14: 2639.7524 | M14: 91.749955 | N14: 6 | O14: 19 | P14: 31 | Q14: 42 | R14: 7 | S14: 13 | T14: 2487.7366 | U14: 92.05938 | V14: 13 | W14: 19 | X14: 28 | Y14: 65 | Z14: 11 | AA14: 6 | AB14: 89.371059 | AC14: 12 | AD14: 25 | AE14: 63 | AF14: 53 | AG14: 14 | AH14: 13
... A30: Presidente Prudente | B30: SP | C30: Sudeste | D30: 887.24208 | E30: 91.323181 | F30: 25 | G30: 21 | H30: 22 | I30: 78 | J30: 57 | K30: -4 | L30: 2526.876 | M30: 83.945443 | N30: 28 | O30: 49 | P30: 56 | Q30: 49 | R30: 32 | S30: 21 | T30: 2375.0607 | U30: 83.615742 | V30: 60 | W30: 60 | X30: 77 | Y30: 69 | Z30: 55 | AA30: 0 | AB30: 86.294789 | AC30: 28 | AD30: 34 | AE30: 39 | AF30: 55 | AG30: 32 | AH30: 6
A31: Matão | B31: SP | C31: Sudeste | D31: 856.75435 | E31: 85.778617 | F31: 88 | K31: Novo município | L31: 2559.545 | M31: 86.204252 | N31: 21 | S31: Novo município | T31: 2406.4061 | U31: 85.96468 | V31: 41 | AA31: Novo município | AB31: 85.982516 | AC31: 29 | AH31: Novo município
A32: Pinhais | B32: PR | C32: Sul | D32: 856.68786 | E32: 85.766525 | F32: 89 | G32: 88 | H32: 4 | I32: 9 | J32: 9 | K32: -1 | L32: 2543.8492 | M32: 85.119011 | N32: 24 | O32: 55 | P32: 67 | Q32: 86 | R32: 92 | S32: 31 | T32: 2410.7513 | U32: 86.290304 | V32: 40 | W32: 48 | X32: 20 | Y32: 24 | Z32: 95 | AA32: 8 | AB32: 85.72528 | AC32: 30 | AD32: 45 | AE32: 11 | AF32: 34 | AG32: 50 | AH32: 15
A33: São João da Boa Vista | B33: SP | C33: Sudeste | D33: 856.31954 | E33: 85.699541 | F33: 90 | G33: 31 | H33: 60 | I33: 36 | J33: 35 | K33: -59 | L33: 2574.3806 | M33: 87.230016 | N33: 16 | O33: 18 | P33: 13 | Q33: 12 | R33: 39 | S33: 2 | T33: 2382.9809 | U33: 84.209257 | V33: 55 | W33: 32 | X33: 44 | Y33: 43 | Z33: 35 | AA33: -23 | AB33: 85.712938 | AC33: 31 | AD33: 19 | AE33: 23 | AF33: 15 | AG33: 24 | AH33: -12
A34: Niterói | B34: RJ | C34: Sudeste | D34: 911.08716 | E34: 95.659699 | F34: 7 | G34: 6 | H34: 95 | I34: 5 | J34: 3 | K34: -1 | L34: 2345.6478 | M34: 71.41495 | N34: 121 | O34: 118 | P34: 128 | Q34: 130 | R34: 130 | S34: -3 | T34: 2454.2435 | U34: 89.54949 | V34: 22 | W34: 34 | X34: 97 | Y34: 177 | Z34: 81 | AA34: 12 | AB34: 85.54138 | AC34: 32 | AD34: 30 | AE34: 94 | AF34: 86 | AG34: 54 | AH34: -2
A35: Pato Branco | B35: PR | C35: Sul | D35: 881.15597 | E35: 90.216348 | F35: 32 | G35: 40 | H35: 153 | I35: 38 | J35: 18 | K35: 8 | L35: 2507.8085 | M35: 82.627081 | N35: 36 | O35: 17 | P35: 40 | Q35: 25 | R35: 52 | S35: -19 | T35: 2375.0129 | U35: 83.612158 | V35: 61 | W35: 13 | X35: 33 | Y35: 39 | Z35: 75 | AA35: -48 | AB35: 85.485196 | AC35: 33 | AD35: 13 | AE35: 60 | AF35: 21 | AG35: 42 | AH35: -20
A36: Caxias do Sul | B36: RS | C36: Sul | D36: 862.88031 | E36: 86.892697 | F36: 72 | G36: 91 | H36: 178 | I36: 103 | J36: 123 | K36: 19 | L36: 2440.3229 | M36: 77.960984 | N36: 60 | O36: 109 | P36: 130 | Q36: 91 | R36: 88 | S36: 49 | T36: 2477.8591 | U36: 91.319185 | V36: 15 | W36: 38 | X36: 60 | Y36: 41 | Z36: 33 | AA36: 23 | AB36: 85.390955 | AC36: 34 | AD36: 62 | AE36: 114 | AF36: 66 | AG36: 69 | AH36: 28
A37: Piracicaba | B37: SP | C37: Sudeste | D37: 853.15779 | E37: 85.124538 | F37: 99 | G37: 134 | H37: 73 | I37: 121 | J37: 112 | K37: 35 | L37: 2500.2544 | M37: 82.104774 | N37: 39 | O37: 40 | P37: 25 | Q37: 18 | R37: 29 | S37: 1 | T37: 2424.4578 | U37: 87.317429 | V37: 31 | W37: 56 | X37: 32 | Y37: 31 | Z37: 39 | AA37: 25 | AB37: 84.848914 | AC37: 35 | AD37: 55 | AE37: 30 | AF37: 40 | AG37: 40 | AH37: 20
A38: Bragança Paulista | B38: SP | C38: Sudeste | D38: 857.75289 | E38: 85.960214 | F38: 86 | G38: 143 | H38: 69 | I38: 22 | J38: 50 | K38: 57 | L38: 2524.3981 | M38: 83.77412 | N38: 29 | O38: 63 | P38: 46 | Q38: 50 | R38: 84 | S38: 34 | T38: 2389.3454 | U38: 84.686196 | V38: 52 | W38: 97 | X38: 56 | Y38: 56 | Z38: 74 | AA38: 45 | AB38: 84.806843 | AC38: 36 | AD38: 87 | AE38: 46 | AF38: 38 | AG38: 66 | AH38: 51
A39: Sorocaba | B39: SP | C39: Sudeste | D39: 869.34391 | E39: 88.068182 | F39: 59 | G39: 70 | H39: 17 | I39: 76 | J39: 79 | K39: 11 | L39: 2485.5955 | M39: 81.091224 | N39: 48 | O39: 65 | P39: 70 | Q39: 53 | R39: 63 | S39: 17 | T39: 2396.4271 | U39: 85.216881 | V39: 48 | W39: 77 | X39: 81 | Y39: 63 | Z39: 48 | AA39: 29 | AB39: 84.792096 | AC39: 37 | AD39: 52 | AE39: 45 | AF39: 51 | AG39: 55 | AH39: 15
A40: Cascavel | B40: PR | C40: Sul | D40: 860.10841 | E40: 86.388593 | F40: 78 | G40: 46 | H40: 30 | I40: 44 | J40: 40 | K40: -32 | L40: 2461.9675 | M40: 79.457536 | N40: 56 | O40: 80 | P40: 61 | Q40: 65 | R40: 43 | S40: 24 | T40: 2429.9303 | U40: 87.727525 | V40: 27 | W40: 37 | X40: 25 | Y40: 26 | Z40: 20 | AA40: 10 | AB40: 84.524552 | AC40: 38 | AD40: 40 | AE40: 27 | AF40: 41 | AG40: 18 | AH40: 2
A41: Uberlândia | B41: MG | C41: Sudeste | D41: 873.403 | E41: 88.806376 | F41: 49 | G41: 18 | H41: 152 | I41: 32 | J41: 26 | K41: -31 | L41: 2417.2159 | M41: 76.363315 | N41: 79 | O41: 22 | P41: 27 | Q41: 23 | R41: 45 | S41: -57 | T41: 2430.1437 | U41: 87.743519 | V41: 25 | W41: 7 | X41: 8 | Y41: 6 | Z41: 14 | AA41: -18 | AB41: 84.304403 | AC41: 39 | AD41: 7 | AE41: 31 | AF41: 8 | AG41: 17 | AH41: -32
A42: São Bento do Sul | B42: SC | C42: Sul | D42: 815.49007 | E42: 78.274205 | F42: 164 | G42: 216 | H42: 273 | I42: 209 | J42: 192 | K42: 52 | L42: 2504.9385 | M42: 82.428642 | N42: 38 | O42: 35 | P42: 53 | Q42: 61 | R42: 74 | S42: -3 | T42: 2485.2421 | U42: 91.872446 | V42: 14 | W42: 45 | X42: 57 | Y42: 64 | Z42: 53 | AA42: 31 | AB42: 84.191765 | AC42: 40 | AD42: 84 | AE42: 123 | AF42: 100 | AG42: 100 | AH42: 44
A43: Franca | B43: SP | C43: Sudeste | D43: 895.94366 | E43: 92.90567 | F43: 17 | G43: 13 | H43: 115 | I43: 7 | J43: 7 | K43: -4 | L43: 2432.8333 | M43: 77.443138 | N43: 67 | O43: 36 | P43: 39 | Q43: 80 | R43: 47 | S43: -31 | T43: 2356.0824 | U43: 82.193553 | V43: 70 | W43: 47 | X43: 23 | Y43: 57 | Z43: 17 | AA43: -23 | AB43: 84.180787 | AC43: 41 | AD43: 21 | AE43: 44 | AF43: 39 | AG43: 13 | AH43: -20
... A49: Catanduva | B49: SP | C49: Sudeste | D49: 896.24093 | E49: 92.959731 | F49: 16 | G49: 14 | H49: 10 | I49: 29 | J49: 27 | K49: -2 | L49: 2487.3212 | M49: 81.210543 | N49: 43 | O49: 13 | P49: 23 | Q49: 20 | R49: 12 | S49: -30 | T49: 2280.5038 | U49: 76.529892 | V49: 123 | W49: 55 | X49: 73 | Y49: 82 | Z49: 57 | AA49: -68 | AB49: 83.566722 | AC49: 47 | AD49: 16 | AE49: 19 | AF49: 35 | AG49: 20 | AH49: -31
A50: Itapema | B50: SC | C50: Sul | D50: 896.38269 | E50: 92.985512 | F50: 15 | K50: Novo município | L50: 2373.2572 | M50: 73.323918 | N50: 103 | S50: Novo município | T50: 2385.1946 | U50: 84.375152 | V50: 54 | AA50: Novo município | AB50: 83.561527 | AC50: 48 | AH50: Novo município
A51: Poá | B51: SP | C51: Sudeste | D51: 912.52624 | E51: 95.921413 | F51: 6 | G51: 76 | H51: 28 | I51: 68 | J51: 59 | K51: 70 | L51: 2358.9778 | M51: 72.336614 | N51: 111 | O51: 119 | P51: 149 | Q51: 140 | R51: 147 | S51: 8 | T51: 2358.8808 | U51: 82.403262 | V51: 69 | W51: 107 | X51: 115 | Y51: 91 | Z51: 158 | AA51: 38 | AB51: 83.553763 | AC51: 49 | AD51: 86 | AE51: 81 | AF51: 98 | AG51: 113 | AH51: 37
A52: Araras | B52: SP | C52: Sudeste | D52: 855.72403 | E52: 85.591241 | F52: 91 | G52: 110 | H52: 39 | I52: 220 | J52: 174 | K52: 19 | L52: 2500.1635 | M52: 82.098485 | N52: 40 | O52: 24 | P52: 18 | Q52: 33 | R52: 24 | S52: -16 | T52: 2348.8434 | U52: 81.651086 | V52: 75 | W52: 64 | X52: 35 | Y52: 98 | Z52: 88 | AA52: -11 | AB52: 83.113604 | AC52: 50 | AD52: 44 | AE52: 18 | AF52: 107 | AG52: 84 | AH52: -6
A53: Avaré | B53: SP | C53: Sudeste | D53: 871.9887 | E53: 88.549168 | F53: 51 | G53: 44 | H53: 21 | I53: 17 | J53: 15 | K53: -7 | L53: 2474.4928 | M53: 80.323559 | N53: 50 | O53: 126 | P53: 75 | Q53: 68 | R53: 58 | S53: 76 | T53: 2316.7687 | U53: 79.24749 | V53: 95 | W53: 195 | X53: 149 | Y53: 112 | Z53: 112 | AA53: 100 | AB53: 82.706739 | AC53: 51 | AD53: 105 | AE53: 61 | AF53: 61 | AG53: 52 | AH53: 54
A54: São José dos Pinhais | B54: PR | C54: Sul | D54: 869.11229 | E54: 88.026059 | F54: 60 | G54: 54 | H54: 7 | I54: 41 | J54: 38 | K54: -6 | L54: 2378.6463 | M54: 73.696532 | N54: 100 | O54: 188 | P54: 148 | Q54: 176 | R54: 133 | S54: 88 | T54: 2411.9188 | U54: 86.377791 | V54: 39 | W54: 100 | X54: 127 | Y54: 105 | Z54: 79 | AA54: 61 | AB54: 82.700127 | AC54: 52 | AD54: 112 | AE54: 69 | AF54: 116 | AG54: 80 | AH54: 60
A55: Francisco Beltrão | B55: PR | C55: Sul | D55: 844.6694 | E55: 83.580822 | F55: 114 | G55: 67 | H55: 167 | I55: 39 | J55: 55 | K55: -47 | L55: 2436.5969 | M55: 77.703358 | N55: 62 | O55: 69 | P55: 68 | Q55: 96 | R55: 53 | S55: 7 | T55: 2400.8657 | U55: 85.549497 | V55: 42 | W55: 35 | X55: 43 | Y55: 61 | Z55: 46 | AA55: -7 | AB55: 82.277892 | AC55: 53 | AD55: 42 | AE55: 79 | AF55: 60 | AG55: 37 | AH55: -11
A56: Resende | B56: RJ | C56: Sudeste | D56: 909.61244 | E56: 95.391502 | F56: 8 | G56: 15 | H56: 6 | I56: 13 | J56: 33 | K56: 7 | L56: 2343.816 | M56: 71.288293 | N56: 123 | O56: 129 | P56: 119 | Q56: 153 | R56: 116 | S56: 6 | T56: 2323.3291 | U56: 79.739108 | V56: 91 | W56: 108 | X56: 109 | Y56: 145 | Z56: 91 | AA56: 17 | AB56: 82.139634 | AC56: 54 | AD56: 58 | AE56: 54 | AF56: 94 | AG56: 78 | AH56: 4
A57: Atibaia | B57: SP | C57: Sudeste | D57: 811.70382 | E57: 77.58563 | F57: 173 | G57: 205 | H57: 79 | I57: 125 | J57: 126 | K57: 32 | L57: 2512.7354 | M57: 82.967735 | N57: 35 | O57: 26 | P57: 37 | Q57: 26 | R57: 35 | S57: -9 | T57: 2398.863 | U57: 85.399423 | V57: 43 | W57: 46 | X57: 30 | Y57: 47 | Z57: 51 | AA57: 3 | AB57: 81.984263 | AC57: 55 | AD57: 70 | AE57: 35 | AF57: 48 | AG57: 59 | AH57: 15
A58: Toledo | B58: PR | C58: Sul | D58: 845.95382 | E58: 83.814409 | F58: 109 | G58: 56 | H58: 166 | I58: 55 | J58: 60 | K58: -53 | L58: 2472.8659 | M58: 80.211072 | N58: 51 | O58: 30 | P58: 58 | Q58: 64 | R58: 38 | S58: -21 | T58: 2352.0086 | U58: 81.888275 | V58: 74 | W58: 26 | X58: 36 | Y58: 44 | Z58: 30 | AA58: -48 | AB58: 81.971252 | AC58: 56 | AD58: 24 | AE58: 73 | AF58: 44 | AG58: 28 | AH58: -32
A59: Barueri | B59: SP | C59: Sudeste | D59: 751.44035 | E59: 66.625986 | F59: 258 | G59: 192 | H59: 102 | I59: 153 | J59: 143 | K59: -66 | L59: 2621.4397 | M59: 90.483781 | N59: 9 | O59: 2 | P59: 2 | Q59: 2 | R59: 2 | S59: -7 | T59: 2430.0646 | U59: 87.737591 | V59: 26 | W59: 15 | X59: 9 | Y59: 1 | Z59: 1 | AA59: -11 | AB59: 81.615786 | AC59: 57 | AD59: 32 | AE59: 10 | AF59: 3 | AG59: 3 | AH59: -25
A60: Ponta Grossa | B60: PR | C60: Sul | D60: 880.94836 | E60: 90.178591 | F60: 34 | G60: 43 | H60: 156 | I60: 58 | J60: 69 | K60: 9 | L60: 2379.7936 | M60: 73.77586 | N60: 98 | O60: 98 | P60: 106 | Q60: 93 | R60: 82 | S60: 0 | T60: 2333.4249 | U60: 80.495661 | V60: 83 | W60: 91 | X60: 113 | Y60: 136 | Z60: 151 | AA60: 8 | AB60: 81.483371 | AC60: 58 | AD60: 57 | AE60: 119 | AF60: 84 | AG60: 98 | AH60: -1
A61: Caraguatatuba | B61: SP | C61: Sudeste | D61: 908.35393 | E61: 95.162627 | F61: 9 | G61: 8 | H61: 9 | I61: 16 | J61: 19 | K61: -1 | L61: 2350.6933 | M61: 71.763808 | N61: 116 | O61: 89 | P61: 90 | Q61: 54 | R61: 72 | S61: -27 | T61: 2293.6039 | U61: 77.511584 | V61: 111 | W61: 79 | X61: 95 | Y61: 46 | Z61: 109 | AA61: -32 | AB61: 81.47934 | AC61: 59 | AD61: 36 | AE61: 49 | AF61: 29 | AG61: 62 | AH61: -23
A62: Americana | B62: SP | C62: Sudeste | D62: 801.8737 | E62: 75.797904 | F62: 186 | G62: 135 | H62: 99 | I62: 171 | J62: 149 | K62: -51 | L62: 2589.3709 | M62: 88.266478 | N62: 13 | O62: 16 | P62: 9 | Q62: 11 | R62: 9 | S62: 3 | T62: 2330.6045 | U62: 80.284307 | V62: 88 | W62: 86 | X62: 75 | Y62: 88 | Z62: 89 | AA62: -2 | AB62: 81.449563 | AC62: 60 | AD62: 50 | AE62: 42 | AF62: 65 | AG62: 67 | AH62: -10
... A99: Jaú | B99: SP | C99: Sudeste | D99: 862.68412 | E99: 86.857018 | F99: 73 | G99: 83 | H99: 42 | I99: 82 | J99: 313 | K99: 10 | L99: 2383.3831 | M99: 74.024044 | N99: 95 | O99: 97 | P99: 93 | Q99: 75 | R99: 78 | S99: 2 | T99: 2258.5959 | U99: 74.888172 | V99: 141 | W99: 112 | X99: 140 | Y99: 96 | Z99: 157 | AA99: -29 | AB99: 78.589745 | AC99: 97 | AD99: 78 | AE99: 72 | AF99: 75 | AG99: 190 | AH99: -19
A100: Timóteo | B100: MG | C100: Sudeste | D100: 853.93322 | E100: 85.265559 | F100: 94 | G100: 133 | K100: 39 | L100: 2384.5925 | M100: 74.107663 | N100: 94 | O100: 146 | S100: 52 | T100: 2278.2449 | U100: 76.360621 | V100: 125 | W100: 227 | AA100: 102 | AB100: 78.577948 | AC100: 98 | AD100: 168 | AH100: 70
A101: Itajaí | B101: SC | C101: Sul | D101: 805.22738 | E101: 76.40781 | F101: 181 | G101: 237 | H101: 187 | I101: 229 | J101: 171 | K101: 56 | L101: 2396.276 | M101: 74.91549 | N101: 86 | O101: 87 | P101: 117 | Q101: 46 | R101: 36 | S101: 1 | T101: 2380.7038 | U101: 84.038623 | V101: 56 | W101: 84 | X101: 84 | Y101: 83 | Z101: 54 | AA101: 28 | AB101: 78.453974 | AC101: 99 | AD101: 139 | AE101: 126 | AF101: 112 | AG101: 81 | AH101: 40
A102: Ferraz de Vasconcelos | B102: SP | C102: Sudeste | D102: 876.71129 | E102: 89.408028 | F102: 45 | G102: 102 | H102: 107 | I102: 146 | J102: 132 | K102: 57 | L102: 2250.8031 | M102: 64.857185 | N102: 177 | O102: 214 | P102: 231 | Q102: 254 | R102: 257 | S102: 37 | T102: 2334.1696 | U102: 80.551464 | V102: 82 | W102: 188 | X102: 172 | Y102: 215 | Z102: 209 | AA102: 106 | AB102: 78.272226 | AC102: 100 | AD102: 170 | AE102: 170 | AF102: 213 | AG102: 198 | AH102: 70
A103: Cajamar | B103: SP | C103: Sudeste | D103: 853.26082 | E103: 85.143276 | F103: 98 | G103: 184 | H103: 234 | K103: 86 | L103: 2338.2926 | M103: 70.906395 | N103: 127 | O103: 91 | P103: 99 | S103: -36 | T103: 2309.427 | U103: 78.697322 | V103: 98 | W103: 95 | X103: 124 | AA103: -3 | AB103: 78.248998 | AC103: 101 | AD103: 117 | AE103: 146 | AH103: 16
A104: Santo André | B104: SP | C104: Sudeste | D104: 891.05424 | E104: 92.016468 | F104: 21 | G104: 32 | H104: 63 | I104: 93 | J104: 120 | K104: 11 | L104: 2302.5222 | M104: 68.433156 | N104: 144 | O104: 139 | P104: 97 | Q104: 77 | R104: 71 | S104: -5 | T104: 2240.6708 | U104: 73.544914 | V104: 158 | W104: 156 | X104: 119 | Y104: 114 | Z104: 110 | AA104: -2 | AB104: 77.998179 | AC104: 102 | AD104: 97 | AE104: 77 | AF104: 87 | AG104: 95 | AH104: -5
A105: Mogi Guaçu | B105: SP | C105: Sudeste | D105: 844.86985 | E105: 83.617275 | F105: 113 | G105: 169 | H105: 133 | I105: 160 | J105: 139 | K105: 56 | L105: 2354.3272 | M105: 72.015058 | N105: 113 | O105: 125 | P105: 118 | Q105: 81 | R105: 108 | S105: 12 | T105: 2303.9937 | U105: 78.290163 | V105: 101 | W105: 142 | X105: 131 | Y105: 124 | Z105: 146 | AA105: 41 | AB105: 77.974166 | AC105: 103 | AD105: 143 | AE105: 115 | AF105: 123 | AG105: 133 | AH105: 40
A106: Joinville | B106: SC | C106: Sul | D106: 796.21469 | E106: 74.768743 | F106: 191 | G106: 198 | H106: 141 | I106: 199 | J106: 168 | K106: 7 | L106: 2410.1388 | M106: 75.873989 | N106: 80 | O106: 84 | P106: 89 | Q106: 55 | R106: 51 | S106: 4 | T106: 2365.7888 | U106: 82.920927 | V106: 65 | W106: 33 | X106: 46 | Y106: 51 | Z106: 34 | AA106: -32 | AB106: 77.854553 | AC106: 104 | AD106: 92 | AE106: 78 | AF106: 80 | AG106: 77 | AH106: -12
A107: Arujá | B107: SP | C107: Sudeste | D107: 882.96642 | E107: 90.545601 | F107: 29 | G107: 100 | H107: 62 | I107: 83 | J107: 88 | K107: 71 | L107: 2354.2688 | M107: 72.011019 | N107: 114 | O107: 46 | P107: 95 | Q107: 108 | R107: 77 | S107: -68 | T107: 2202.3454 | U107: 70.672908 | V107: 195 | W107: 99 | X107: 78 | Y107: 108 | Z107: 72 | AA107: -96 | AB107: 77.743176 | AC107: 105 | AD107: 61 | AE107: 67 | AF107: 101 | AG107: 79 | AH107: -44
A108: Tubarão | B108: SC | C108: Sul | D108: 822.05881 | E108: 79.468811 | F108: 155 | G108: 218 | H108: 172 | I108: 287 | J108: 335 | K108: 63 | L108: 2433.2404 | M108: 77.471281 | N108: 66 | O108: 81 | P108: 62 | Q108: 100 | R108: 106 | S108: 15 | T108: 2276.532 | U108: 76.232261 | V108: 127 | W108: 116 | X108: 52 | Y108: 132 | Z108: 133 | AA108: -11 | AB108: 77.724118 | AC108: 106 | AD108: 132 | AE108: 82 | AF108: 167 | AG108: 203 | AH108: 26
A109: Cachoeirinha | B109: RS | C109: Sul | D109: 832.78347 | E109: 81.41922 | F109: 134 | G109: 167 | H109: 56 | I109: 275 | J109: 229 | K109: 33 | L109: 2290.5408 | M109: 67.604735 | N109: 153 | O109: 158 | P109: 180 | Q109: 184 | R109: 178 | S109: 5 | T109: 2379.9441 | U109: 83.981689 | V109: 57 | W109: 94 | X109: 123 | Y109: 228 | Z109: 241 | AA109: 37 | AB109: 77.668548 | AC109: 107 | AD109: 142 | AE109: 107 | AF109: 229 | AG109: 218 | AH109: 35
A110: Fazenda Rio Grande | B110: PR | C110: Sul | D110: 874.13779 | E110: 88.940007 | F110: 47 | G110: 23 | H110: 8 | I110: 26 | J110: 22 | K110: -24 | L110: 2204.2876 | M110: 61.641005 | N110: 202 | O110: 178 | P110: 218 | Q110: 201 | R110: 194 | S110: -24 | T110: 2352.1834 | U110: 81.901375 | V110: 73 | W110: 85 | X110: 176 | Y110: 200 | Z110: 160 | AA110: 12 | AB110: 77.494129 | AC110: 108 | AD110: 82 | AE110: 112 | AF110: 150 | AG110: 129 | AH110: -26
A111: Arapongas | B111: PR | C111: Sul | D111: 841.06209 | E111: 82.924789 | F111: 120 | G111: 138 | H111: 71 | I111: 118 | J111: 113 | K111: 18 | L111: 2334.4624 | M111: 70.641563 | N111: 128 | O111: 164 | P111: 179 | Q111: 202 | R111: 218 | S111: 36 | T111: 2299.3726 | U111: 77.943875 | V111: 108 | W111: 145 | X111: 233 | Y111: 188 | Z111: 182 | AA111: 37 | AB111: 77.170075 | AC111: 109 | AD111: 151 | AE111: 154 | AF111: 171 | AG111: 170 | AH111: 42
A112: Sumaré | B112: SP | C112: Sudeste | D112: 820.68682 | E112: 79.219299 | F112: 156 | G112: 196 | H112: 140 | I112: 188 | J112: 181 | K112: 40 | L112: 2409.704 | M112: 75.843929 | N112: 81 | O112: 137 | P112: 134 | Q112: 124 | R112: 113 | S112: 56 | T112: 2277.7162 | U112: 76.321001 | V112: 126 | W112: 216 | X112: 163 | Y112: 189 | Z112: 174 | AA112: 90 | AB112: 77.128076 | AC112: 110 | AD112: 178 | AE112: 136 | AF112: 158 | AG112: 149 | AH112: 68
A113: Santana de Parnaíba | B113: SP | C113: Sudeste | D113: 735.67014 | E113: 63.757982 | F113: 281 | G113: 247 | H113: 161 | I113: 203 | J113: 197 | K113: -34 | L113: 2486.8408 | M113: 81.177327 | N113: 45 | O113: 37 | P113: 21 | Q113: 10 | R113: 10 | S113: -8 | T113: 2412.8275 | U113: 86.445887 | V113: 37 | W113: 25 | X113: 18 | Y113: 18 | Z113: 26 | AA113: -12 | AB113: 77.127065 | AC113: 111 | AD113: 93 | AE113: 47 | AF113: 46 | AG113: 53 | AH113: -18
A114: Foz do Iguaçu | B114: PR | C114: Sul | D114: 872.27751 | E114: 88.601692 | F114: 50 | G114: 49 | H114: 168 | I114: 61 | J114: 47 | K114: -1 | L114: 2314.6394 | M114: 69.27096 | N114: 137 | O114: 144 | P114: 121 | Q114: 120 | R114: 98 | S114: 7 | T114: 2232.0015 | U114: 72.895262 | V114: 170 | W114: 146 | X114: 98 | Y114: 81 | Z114: 82 | AA114: -24 | AB114: 76.922638 | AC114: 112 | AD114: 102 | AE114: 124 | AF114: 78 | AG114: 71 | AH114: -10
A115: Bauru | B115: SP | C115: Sudeste | D115: 801.71894 | E115: 75.769758 | F115: 187 | G115: 191 | H115: 158 | I115: 243 | J115: 207 | K115: 4 | L115: 2420.5253 | M115: 76.592138 | N115: 76 | O115: 83 | P115: 52 | Q115: 57 | R115: 59 | S115: 7 | T115: 2300.7018 | U115: 78.043476 | V115: 107 | W115: 117 | X115: 89 | Y115: 86 | Z115: 93 | AA115: 10 | AB115: 76.801791 | AC115: 113 | AD115: 124 | AE115: 86 | AF115: 126 | AG115: 115 | AH115: 11
... A120: Uberaba | B120: MG | C120: Sudeste | D120: 815.75107 | E120: 78.321673 | F120: 163 | G120: 65 | H120: 52 | I120: 77 | J120: 56 | K120: -98 | L120: 2385.4591 | M120: 74.167588 | N120: 93 | O120: 99 | P120: 101 | Q120: 104 | R120: 95 | S120: 6 | T120: 2284.9415 | U120: 76.862443 | V120: 119 | W120: 81 | X120: 67 | Y120: 77 | Z120: 31 | AA120: -38 | AB120: 76.450568 | AC120: 118 | AD120: 66 | AE120: 58 | AF120: 77 | AG120: 46 | AH120: -52
A121: João Monlevade | B121: MG | C121: Sudeste | D121: 880.28092 | E121: 90.057209 | F121: 36 | G121: 163 | K121: 127 | L121: 2270.4157 | M121: 66.21324 | N121: 168 | O121: 107 | S121: -61 | T121: 2231.8513 | U121: 72.883999 | V121: 171 | W121: 125 | AA121: -46 | AB121: 76.384816 | AC121: 119 | AD121: 127 | AH121: 8
A122: Nova Friburgo | B122: RJ | C122: Sudeste | D122: 929.29594 | E122: 98.971186 | F122: 3 | G122: 5 | H122: 90 | I122: 4 | J122: 4 | K122: 2 | L122: 2258.2369 | M122: 65.371177 | N122: 173 | O122: 127 | P122: 184 | Q122: 171 | R122: 140 | S122: -46 | T122: 2120.0346 | U122: 64.504755 | V122: 240 | W122: 167 | X122: 218 | Y122: 203 | Z122: 163 | AA122: -73 | AB122: 76.282373 | AC122: 120 | AD122: 59 | AE122: 158 | AF122: 122 | AG122: 88 | AH122: -61
A123: Ourinhos | B123: SP | C123: Sudeste | D123: 787.97792 | E123: 73.270786 | F123: 208 | G123: 213 | H123: 171 | I123: 211 | J123: 204 | K123: 5 | L123: 2429.5871 | M123: 77.218684 | N123: 72 | O123: 56 | P123: 71 | Q123: 88 | R123: 40 | S123: -16 | T123: 2302.9266 | U123: 78.2102 | V123: 102 | W123: 135 | X123: 144 | Y123: 154 | Z123: 102 | AA123: 33 | AB123: 76.233223 | AC123: 121 | AD123: 126 | AE123: 117 | AF123: 152 | AG123: 106 | AH123: 5
A124: Marília | B124: SP | C124: Sudeste | D124: 826.01155 | E124: 80.187664 | F124: 147 | G124: 95 | H124: 126 | I124: 167 | J124: 206 | K124: -52 | L124: 2404.7011 | M124: 75.498015 | N124: 84 | O124: 74 | P124: 49 | Q124: 47 | R124: 33 | S124: -10 | T124: 2225.8908 | U124: 72.437339 | V124: 175 | W124: 166 | X124: 145 | Y124: 111 | Z124: 104 | AA124: -9 | AB124: 76.041006 | AC124: 122 | AD124: 89 | AE124: 88 | AF124: 93 | AG124: 104 | AH124: -33
A125: Campo Grande | B125: MS | C125: Centro-oeste | D125: 812.31058 | E125: 77.695976 | F125: 170 | G125: 90 | H125: 97 | I125: 127 | J125: 160 | K125: -80 | L125: 2305.2494 | M125: 68.621717 | N125: 142 | O125: 143 | P125: 144 | Q125: 123 | R125: 157 | S125: 1 | T125: 2346.0186 | U125: 81.4394 | V125: 78 | W125: 78 | X125: 112 | Y125: 80 | Z125: 92 | AA125: 0 | AB125: 75.919031 | AC125: 123 | AD125: 95 | AE125: 108 | AF125: 111 | AG125: 137 | AH125: -28
A126: Votorantim | B126: SP | C126: Sudeste | D126: 840.39734 | E126: 82.803896 | F126: 121 | G126: 25 | H126: 130 | I126: 27 | J126: 13 | K126: -96 | L126: 2328.288 | M126: 70.214653 | N126: 131 | O126: 120 | P126: 201 | Q126: 149 | R126: 104 | S126: -11 | T126: 2251.1674 | U126: 74.331503 | V126: 148 | W126: 75 | X126: 182 | Y126: 122 | Z126: 52 | AA126: -73 | AB126: 75.783351 | AC126: 124 | AD126: 54 | AE126: 164 | AF126: 91 | AG126: 48 | AH126: -70
A127: Suzano | B127: SP | C127: Sudeste | D127: 877.06464 | E127: 89.47229 | F127: 44 | G127: 48 | H127: 31 | I127: 57 | J127: 48 | K127: 4 | L127: 2300.7416 | M127: 68.310039 | N127: 146 | O127: 152 | P127: 141 | Q127: 155 | R127: 158 | S127: 6 | T127: 2182.1202 | U127: 69.157286 | V127: 203 | W127: 184 | X127: 117 | Y127: 167 | Z127: 167 | AA127: -19 | AB127: 75.646538 | AC127: 125 | AD127: 119 | AE127: 80 | AF127: 128 | AG127: 122 | AH127: -6
A128: Goiânia | B128: GO | C128: Centro-oeste | D128: 791.47067 | E128: 73.905987 | F128: 199 | G128: 147 | H128: 170 | I128: 40 | J128: 52 | K128: -52 | L128: 2388.0609 | M128: 74.347478 | N128: 91 | O128: 161 | P128: 193 | Q128: 146 | R128: 141 | S128: 70 | T128: 2302.7132 | U128: 78.194205 | V128: 103 | W128: 157 | X128: 194 | Y128: 100 | Z128: 96 | AA128: 54 | AB128: 75.482557 | AC128: 126 | AD128: 157 | AE128: 182 | AF128: 90 | AG128: 87 | AH128: 31
A129: Aracruz | B129: ES | C129: Sudeste | D129: 868.06158 | E129: 87.834973 | F129: 63 | G129: 104 | H129: 75 | I129: 132 | J129: 182 | K129: 41 | L129: 2242.7344 | M129: 64.299299 | N129: 182 | O129: 142 | P129: 159 | Q129: 174 | R129: 175 | S129: -40 | T129: 2249.9825 | U129: 74.242705 | V129: 149 | W129: 120 | X129: 170 | Y129: 155 | Z129: 204 | AA129: -29 | AB129: 75.458992 | AC129: 127 | AD129: 116 | AE129: 131 | AF129: 154 | AG129: 186 | AH129: -11
A130: Contagem | B130: MG | C130: Sudeste | D130: 831.3794 | E130: 81.163873 | F130: 135 | G130: 171 | H130: 263 | I130: 178 | J130: 163 | K130: 36 | L130: 2217.3719 | M130: 62.545681 | N130: 197 | O130: 204 | P130: 203 | Q130: 203 | R130: 197 | S130: 7 | T130: 2353.9978 | U130: 82.037343 | V130: 72 | W130: 105 | X130: 87 | Y130: 115 | Z130: 120 | AA130: 33 | AB130: 75.248966 | AC130: 128 | AD130: 169 | AE130: 189 | AF130: 168 | AG130: 156 | AH130: 41
A131: Varginha | B131: MG | C131: Sudeste | D131: 838.17048 | E131: 82.398913 | F131: 129 | G131: 125 | H131: 225 | I131: 102 | J131: 96 | K131: -4 | L131: 2433.3991 | M131: 77.482259 | N131: 65 | O131: 70 | P131: 69 | Q131: 66 | R131: 89 | S131: 5 | T131: 2132.4489 | U131: 65.435045 | V131: 235 | W131: 239 | X131: 27 | Y131: 15 | Z131: 32 | AA131: 4 | AB131: 75.105406 | AC131: 129 | AD131: 136 | AE131: 97 | AF131: 47 | AG131: 60 | AH131: 7
A132: Chapecó | B132: SC | C132: Sul | D132: 776.304 | E132: 71.147743 | F132: 222 | G132: 291 | H132: 206 | I132: 228 | J132: 203 | K132: 69 | L132: 2284.2547 | M132: 67.1701 | N132: 158 | O132: 141 | P132: 112 | Q132: 79 | R132: 64 | S132: -17 | T132: 2419.0067 | U132: 86.908936 | V132: 34 | W132: 54 | X132: 48 | Y132: 38 | Z132: 27 | AA132: 20 | AB132: 75.075593 | AC132: 130 | AD132: 175 | AE132: 113 | AF132: 109 | AG132: 89 | AH132: 45
A133: São José | B133: SC | C133: Sul | D133: 810.27798 | E133: 77.326323 | F133: 175 | G133: 188 | H133: 142 | I133: 189 | J133: 260 | K133: 13 | L133: 2330.6389 | M133: 70.377203 | N133: 130 | O133: 145 | P133: 138 | Q133: 76 | R133: 112 | S133: 15 | T133: 2291.2258 | U133: 77.33337 | V133: 113 | W133: 71 | X133: 55 | Y133: 48 | Z133: 103 | AA133: -42 | AB133: 75.012299 | AC133: 131 | AD133: 141 | AE133: 102 | AF133: 88 | AG133: 153 | AH133: 10
... A145: Sobral | B145: CE | C145: Nordeste | D145: 847.25377 | E145: 84.05082 | F145: 106 | G145: 154 | H145: 44 | I145: 28 | J145: 70 | K145: 48 | L145: 2363.8866 | M145: 72.676018 | N145: 109 | O145: 147 | P145: 198 | Q145: 218 | R145: 122 | S145: 38 | T145: 2137.7516 | U145: 65.832419 | V145: 233 | W145: 306 | X145: 272 | Y145: 297 | Z145: 176 | AA145: 73 | AB145: 74.186419 | AC145: 143 | AD145: 201 | AE145: 168 | AF145: 193 | AG145: 123 | AH145: 58
A146: Cianorte | B146: PR | C146: Sul | D146: 827.79392 | E146: 80.51181 | F146: 146 | K146: Novo município | L146: 2270.5219 | M146: 66.220586 | N146: 167 | S146: Novo município | T146: 2269.7408 | U146: 75.723343 | V146: 135 | AA146: Novo município | AB146: 74.151913 | AC146: 144 | AH146: Novo município
A147: Itu | B147: SP | C147: Sudeste | D147: 772.03176 | E147: 70.370784 | F147: 228 | G147: 178 | H147: 240 | I147: 123 | J147: 90 | K147: -50 | L147: 2405.8998 | M147: 75.580895 | N147: 83 | O147: 100 | P147: 133 | Q147: 99 | R147: 100 | S147: 17 | T147: 2275.996 | U147: 76.192092 | V147: 128 | W147: 110 | X147: 160 | Y147: 116 | Z147: 87 | AA147: -18 | AB147: 74.047924 | AC147: 145 | AD147: 125 | AE147: 178 | AF147: 115 | AG147: 85 | AH147: -20
A148: Diadema | B148: SP | C148: Sudeste | D148: 840.25501 | E148: 82.778011 | F148: 123 | G148: 127 | H148: 82 | I148: 133 | J148: 114 | K148: 4 | L148: 2324.3892 | M148: 69.945086 | N148: 132 | O148: 103 | P148: 92 | Q148: 136 | R148: 134 | S148: -29 | T148: 2184.6619 | U148: 69.347753 | V148: 202 | W148: 179 | X148: 134 | Y148: 161 | Z148: 135 | AA148: -23 | AB148: 74.023617 | AC148: 146 | AD148: 122 | AE148: 89 | AF148: 142 | AG148: 128 | AH148: -24
A149: Santa Maria | B149: RS | C149: Sul | D149: 791.70285 | E149: 73.948211 | F149: 198 | G149: 221 | H149: 186 | I149: 190 | J149: 218 | K149: 23 | L149: 2246.9684 | M149: 64.592046 | N149: 180 | O149: 186 | P149: 160 | Q149: 139 | R149: 139 | S149: 6 | T149: 2369.5097 | U149: 83.199761 | V149: 63 | W149: 143 | X149: 137 | Y149: 130 | Z149: 128 | AA149: 80 | AB149: 73.913339 | AC149: 147 | AD149: 188 | AE149: 155 | AF149: 151 | AG149: 155 | AH149: 41
A150: Catalão | B150: GO | C150: Centro-oeste | D150: 814.38048 | E150: 78.072412 | F150: 167 | G150: 248 | H150: 314 | I150: 272 | J150: 230 | K150: 81 | L150: 2313.7497 | M150: 69.209448 | N150: 138 | O150: 191 | P150: 158 | Q150: 157 | R150: 176 | S150: 53 | T150: 2251.4807 | U150: 74.354981 | V150: 147 | W150: 218 | X150: 327 | Y150: 214 | Z150: 243 | AA150: 71 | AB150: 73.878947 | AC150: 148 | AD150: 220 | AE150: 271 | AF150: 209 | AG150: 215 | AH150: 72
A151: João Pessoa | B151: PB | C151: Nordeste | D151: 867.99923 | E151: 87.823634 | F151: 64 | G151: 75 | H151: 36 | I151: 80 | J151: 74 | K151: 11 | L151: 2135.2897 | M151: 56.870345 | N151: 235 | O151: 235 | P151: 237 | Q151: 188 | R151: 163 | S151: 0 | T151: 2278.6657 | U151: 76.392152 | V151: 124 | W151: 152 | X151: 188 | Y151: 163 | Z151: 132 | AA151: 28 | AB151: 73.695377 | AC151: 149 | AD151: 158 | AE151: 143 | AF151: 149 | AG151: 125 | AH151: 9
A152: Concórdia | B152: SC | C152: Sul | D152: 710.8587 | E152: 59.245719 | F152: 300 | G152: 347 | H152: 377 | K152: 47 | L152: 2457.0672 | M152: 79.118722 | N152: 57 | O152: 72 | P152: 84 | S152: 15 | T152: 2359.7542 | U152: 82.468712 | V152: 68 | W152: 137 | X152: 132 | AA152: 69 | AB152: 73.611051 | AC152: 150 | AD152: 203 | AE152: 234 | AH152: 53
A153: Palmas | B153: TO | C153: Norte | D153: 904.2837 | E153: 94.422407 | F153: 12 | G153: 41 | H153: 137 | I153: 144 | J153: 68 | K153: 29 | L153: 2193.2079 | M153: 60.874932 | N153: 208 | O153: 196 | P153: 206 | Q153: 132 | R153: 126 | S153: -12 | T153: 2131.6362 | U153: 65.374143 | V153: 236 | W153: 160 | X153: 199 | Y153: 138 | Z153: 105 | AA153: -76 | AB153: 73.557161 | AC153: 151 | AD153: 131 | AE153: 177 | AF153: 136 | AG153: 94 | AH153: -20
A154: Passos | B154: MG | C154: Sudeste | D154: 829.33624 | E154: 80.7923 | F154: 141 | G154: 140 | H154: 233 | I154: 176 | J154: 156 | K154: -1 | L154: 2262.1292 | M154: 65.640295 | N154: 172 | O154: 159 | P154: 120 | Q154: 143 | R154: 174 | S154: -13 | T154: 2246.0563 | U154: 73.94849 | V154: 153 | W154: 164 | X154: 111 | Y154: 121 | Z154: 161 | AA154: 11 | AB154: 73.460361 | AC154: 152 | AD154: 153 | AE154: 150 | AF154: 147 | AG154: 158 | AH154: 1
A155: São Roque | B155: SP | C155: Sudeste | D155: 812.94074 | E155: 77.810579 | F155: 169 | K155: Novo município | L155: 2396.7821 | M155: 74.950483 | N155: 85 | S155: Novo município | T155: 2160.6209 | U155: 67.546185 | V155: 221 | AA155: Novo município | AB155: 73.435749 | AC155: 153 | AH155: Novo município
A156: Guarulhos | B156: SP | C156: Sudeste | D156: 867.68086 | E156: 87.765734 | F156: 66 | G156: 187 | H156: 131 | I156: 195 | J156: 117 | K156: 121 | L156: 2217.3095 | M156: 62.541368 | N156: 198 | O156: 179 | P156: 175 | Q156: 181 | R156: 186 | S156: -19 | T156: 2188.5936 | U156: 69.642384 | V156: 199 | W156: 210 | X156: 193 | Y156: 186 | Z156: 149 | AA156: 11 | AB156: 73.316496 | AC156: 154 | AD156: 190 | AE156: 160 | AF156: 179 | AG156: 147 | AH156: 36
A157: Montes Claros | B157: MG | C157: Sudeste | D157: 847.34741 | E157: 84.067851 | F157: 105 | G157: 142 | H157: 105 | I157: 173 | J157: 124 | K157: 37 | L157: 2220.2169 | M157: 62.742391 | N157: 195 | O157: 140 | P157: 155 | Q157: 175 | R157: 162 | S157: -55 | T157: 2234.1207 | U157: 73.054068 | V157: 165 | W157: 104 | X157: 125 | Y157: 134 | Z157: 117 | AA157: -61 | AB157: 73.288103 | AC157: 155 | AD157: 129 | AE157: 122 | AF157: 156 | AG157: 134 | AH157: -26
A158: Jandira | B158: SP | C158: Sudeste | D158: 822.6949 | E158: 79.584492 | F158: 154 | G158: 202 | H158: 271 | I158: 393 | J158: 196 | K158: 48 | L158: 2283.7795 | M158: 67.137243 | N158: 160 | O158: 102 | P158: 170 | Q158: 180 | R158: 138 | S158: -58 | T158: 2234.3557 | U158: 73.071673 | V158: 164 | W158: 114 | X158: 171 | Y158: 238 | Z158: 136 | AA158: -50 | AB158: 73.264469 | AC158: 156 | AD158: 138 | AE158: 212 | AF158: 298 | AG158: 151 | AH158: -18
A159: Betim | B159: MG | C159: Sudeste | D159: 839.86447 | E159: 82.706986 | F159: 126 | G159: 161 | H159: 135 | I159: 174 | J159: 157 | K159: 35 | L159: 2233.5582 | M159: 63.66484 | N159: 189 | O159: 171 | P159: 178 | Q159: 191 | R159: 191 | S159: -18 | T159: 2235.2747 | U159: 73.140541 | V159: 162 | W159: 173 | X159: 166 | Y159: 119 | Z159: 130 | AA159: 11 | AB159: 73.170789 | AC159: 157 | AD159: 172 | AE159: 151 | AF159: 161 | AG159: 157 | AH159: 15
A160: Patos de Minas | B160: MG | C160: Sudeste | D160: 828.4488 | E160: 80.630908 | F160: 144 | G160: 155 | H160: 230 | I160: 100 | J160: 129 | K160: 11 | L160: 2254.7436 | M160: 65.129641 | N160: 176 | O160: 76 | P160: 77 | Q160: 73 | R160: 105 | S160: -100 | T160: 2242.643 | U160: 73.692708 | V160: 154 | W160: 111 | X160: 105 | Y160: 95 | Z160: 123 | AA160: -43 | AB160: 73.151086 | AC160: 158 | AD160: 101 | AE160: 134 | AF160: 81 | AG160: 112 | AH160: -57
A161: Três Lagoas | B161: MS | C161: Centro-oeste | D161: 833.72705 | E161: 81.590822 | F161: 132 | G161: 150 | H161: 281 | I161: 185 | J161: 98 | K161: 18 | L161: 2258.1803 | M161: 65.367263 | N161: 174 | O161: 106 | P161: 122 | Q161: 67 | R161: 65 | S161: -68 | T161: 2214.6857 | U161: 71.597657 | V161: 183 | W161: 109 | X161: 129 | Y161: 84 | Z161: 66 | AA161: -74 | AB161: 72.851914 | AC161: 159 | AD161: 115 | AE161: 180 | AF161: 108 | AG161: 76 | AH161: -44
A162: Sertãozinho | B162: SP | C162: Sudeste | D162: 827.83298 | E162: 80.518914 | F162: 145 | G162: 136 | H162: 80 | I162: 109 | J162: 80 | K162: -9 | L162: 2268.8086 | M162: 66.102125 | N162: 169 | O162: 111 | P162: 80 | Q162: 83 | R162: 76 | S162: -58 | T162: 2210.7878 | U162: 71.305562 | V162: 188 | W162: 83 | X162: 29 | Y162: 72 | Z162: 44 | AA162: -105 | AB162: 72.6422 | AC162: 160 | AD162: 99 | AE162: 52 | AF162: 74 | AG162: 56 | AH162: -61
A163: Santa Cruz do Sul | B163: RS | C163: Sul | D163: 732.1041 | E163: 63.109454 | F163: 283 | G163: 330 | H163: 264 | I163: 310 | J163: 305 | K163: 47 | L163: 2435.6763 | M163: 77.639706 | N163: 64 | O163: 79 | P163: 105 | Q163: 125 | R163: 135 | S163: 15 | T163: 2284.1615 | U163: 76.803992 | V163: 120 | W163: 163 | X163: 208 | Y163: 209 | Z163: 203 | AA163: 43 | AB163: 72.517717 | AC163: 161 | AD163: 196 | AE163: 196 | AF163: 208 | AG163: 219 | AH163: 35
A164: Vitória da Conquista | B164: BA | C164: Nordeste | D164: 901.04403 | E164: 93.833234 | F164: 14 | G164: 20 | H164: 143 | I164: 37 | J164: 42 | K164: 6 | L164: 2050.8925 | M164: 51.034949 | N164: 282 | O164: 274 | P164: 288 | Q164: 299 | R164: 268 | S164: -8 | T164: 2217.6094 | U164: 71.81675 | V164: 181 | W164: 199 | X164: 231 | Y164: 259 | Z164: 200 | AA164: 18 | AB164: 72.228311 | AC164: 162 | AD164: 173 | AE164: 237 | AF164: 216 | AG164: 172 | AH164: 11
A165: Mauá | B165: SP | C165: Sudeste | D165: 843.50176 | E165: 83.368472 | F165: 116 | G165: 126 | H165: 262 | I165: 126 | J165: 115 | K165: 10 | L165: 2193.0317 | M165: 60.862748 | N165: 209 | O165: 182 | P165: 150 | Q165: 179 | R165: 217 | S165: -27 | T165: 2225.9917 | U165: 72.444902 | V165: 174 | W165: 187 | X165: 164 | Y165: 181 | Z165: 205 | AA165: 13 | AB165: 72.225374 | AC165: 163 | AD165: 161 | AE165: 194 | AF165: 163 | AG165: 179 | AH165: -2
A166: Colombo | B166: PR | C166: Sul | D166: 839.88355 | E166: 82.710456 | F166: 125 | G166: 123 | H166: 94 | I166: 135 | J166: 146 | K166: -2 | L166: 2234.9093 | M166: 63.758252 | N166: 187 | O166: 172 | P166: 174 | Q166: 207 | R166: 177 | S166: -15 | T166: 2192.4337 | U166: 69.930153 | V166: 197 | W166: 158 | X166: 281 | Y166: 223 | Z166: 177 | AA166: -39 | AB166: 72.132954 | AC166: 164 | AD166: 152 | AE166: 188 | AF166: 186 | AG166: 162 | AH166: -12
A167: Fortaleza | B167: CE | C167: Nordeste | D167: 786.28904 | E167: 72.963643 | F167: 210 | G167: 238 | H167: 323 | I167: 248 | J167: 225 | K167: 28 | L167: 2268.4606 | M167: 66.078064 | N167: 170 | O167: 156 | P167: 165 | Q167: 199 | R167: 184 | S167: -14 | T167: 2290.2002 | U167: 77.256519 | V167: 114 | W167: 124 | X167: 141 | Y167: 185 | Z167: 134 | AA167: 10 | AB167: 72.099409 | AC167: 165 | AD167: 179 | AE167: 227 | AF167: 203 | AG167: 182 | AH167: 14
... A172: Itaquaquecetuba | B172: SP | C172: Sudeste | D172: 865.61698 | E172: 87.390394 | F172: 68 | G172: 207 | H172: 159 | I172: 214 | J172: 199 | K172: 139 | L172: 2116.9141 | M172: 55.599822 | N172: 244 | O172: 244 | P172: 247 | Q172: 239 | R172: 253 | S172: 0 | T172: 2233.7512 | U172: 73.026375 | V172: 167 | W172: 222 | X172: 195 | Y172: 183 | Z172: 232 | AA172: 55 | AB172: 72.005531 | AC172: 170 | AD172: 229 | AE172: 204 | AF172: 214 | AG172: 229 | AH172: 59
A173: Primavera do Leste | B173: MT | C173: Centro-Oeste | D173: 772.98355 | E173: 70.543879 | F173: 226 | G173: 98 | H173: 278 | K173: -128 | L173: 2291.813 | M173: 67.692699 | N173: 152 | O173: 229 | P173: 225 | S173: 77 | T173: 2274.781 | U173: 76.10104 | V173: 130 | W173: 282 | X173: 259 | AA173: 152 | AB173: 71.445873 | AC173: 171 | AD173: 206 | AE173: 257 | AH173: 35
A174: Muriaé | B174: MG | C174: Sudeste | D174: 783.29597 | E174: 72.419317 | F174: 214 | G174: 175 | H174: 123 | I174: 165 | J174: 147 | K174: -39 | L174: 2312.6603 | M174: 69.134125 | N174: 140 | O174: 113 | P174: 127 | Q174: 154 | R174: 170 | S174: -27 | T174: 2225.2073 | U174: 72.386118 | V174: 176 | W174: 129 | X174: 156 | Y174: 175 | Z174: 165 | AA174: -47 | AB174: 71.313187 | AC174: 172 | AD174: 135 | AE174: 129 | AF174: 162 | AG174: 152 | AH174: -37
A175: Guaratinguetá | B175: SP | C175: Sudeste | D175: 840.24173 | E175: 82.775595 | F175: 124 | G175: 215 | H175: 157 | I175: 221 | J175: 165 | K175: 91 | L175: 2339.4981 | M175: 70.989748 | N175: 126 | O175: 101 | P175: 91 | Q175: 107 | R175: 109 | S175: -25 | T175: 2060.7621 | U175: 60.063022 | V175: 276 | W175: 242 | X175: 250 | Y175: 222 | Z175: 195 | AA175: -34 | AB175: 71.276122 | AC175: 173 | AD175: 181 | AE175: 169 | AF175: 178 | AG175: 150 | AH175: 8
...

Sheet Ranking ODS
D1: ODS 1 | L1: ODS 2 | T1: ODS 3 | AB1: ODS 4 | AJ1: ODS 5 | AR1: ODS 6 | AZ1: ODS 7 | BA1: ODS 8 | BI1: ODS 9 | BQ1: ODS 10 | BY1: ODS 11 | CG1: ODS 12 | CO1: ODS 13 | CW1: ODS 14 | DE1: ODS 15 | DM1: ODS 16 | DU1: ODS 17 | EC1: ODS
A2: Município | B2: Estado | C2: Região | D2: ODS 1 | E2: ODS 1 normalizado | F2: Posição ODS 1 2025 | G2: Posição ODS 1 2024 | H2: Posição ODS 1 2023 | I2: Posição ODS 1 2022 | J2: Posição ODS 1 2021 | K2: Delta posição ODS 1 | L2: ODS 2 | M2: ODS 2 normalizado | N2: Posição ODS 2 2025 | O2: Posição ODS 2 2024 | P2: Posição ODS 2 2023 | Q2: Posição ODS 2 2022 | R2: Posição ODS 2 2021 | S2: Delta posição ODS 2 | T2: ODS 3 | U2: ODS 3 normalizado | V2: Posição ODS 3 2025 | W2: Posição ODS 3 2024 | X2: Posição ODS 3 2023 | Y2: Posição ODS 3 2022 | Z2: Posição ODS 3 2021 | AA2: Delta posição ODS 3 | AB2: ODS 4 | AC2: ODS 4 normalizado | AD2: Posição ODS 4 2025 | AE2: Posição ODS 4 2024 | AF2: Posição ODS 4 2023 | AG2: Posição ODS 4 2022 | AH2: Posição ODS 4 2021 | AI2: Delta posição ODS 4 | AJ2: ODS 5 | AK2: ODS 5 normalizado | AL2: Posição ODS 5 2025 | AM2: Posição ODS 5 2024 | AN2: Posição ODS 5 2023 | AO2: Posição ODS 5 2022 | AP2: Posição ODS 5 2021 | AQ2: Delta posição ODS 5 | AR2: ODS 6 | AS2: ODS 6 normalizado | AT2: Posição ODS 6 2025 | AU2: Posição ODS 6 2024 | AV2: Posição ODS 6 2023 | AW2: Posição ODS 6 2022 | AX2: Posição ODS 6 2021 | AY2: Delta posição ODS 6 | AZ2: ODS 7 | BA2: ODS 8 | BB2: ODS 8 normalizado | BC2: Posição ODS 8 2025 | BD2: Posição ODS 8 2024 | BE2: Posição ODS 8 2023 | BF2: Posição ODS 8 2022 | BG2: Posição ODS 8 2021 | BH2: Delta posição ODS 8 | BI2: ODS 9 | BJ2: ODS 9 normalizado | BK2: Posição ODS 9 2025 | BL2: Posição ODS 9 2024 | BM2: Posição ODS 9 2023 | BN2: Posição ODS 9 2022 | BO2: Posição ODS 9 2021 | BP2: Delta posição ODS 9 | BQ2: ODS 10 | BR2: ODS 10 normalizado | BS2: Posição ODS 10 2024 | BT2: Posição ODS 10 20242 | BU2: Posição ODS 10 2023 | BV2: Posição ODS 10 2022 | BW2: Posição ODS 10 2021 | BX2: Delta posição ODS 10 | BY2: ODS 11 | BZ2: ODS 11 normalizado | CA2: Posição ODS 11 2025 | CB2: Posição ODS 11 2024 | CC2: Posição ODS 11 2023 | CD2: Posição ODS 11 2022 | CE2: Posição ODS 11 2021 | CF2: Delta posição ODS 11 | CG2: ODS 12 | CH2: ODS 12 normalizado | CI2: Posição ODS 12 2025 | CJ2: Posição ODS 12 2024 | CK2: Posição ODS 12 2023 | CL2: Posição ODS 12 2022 | CM2: Posição ODS 12 2021 | CN2: Delta posição ODS 12 | CO2: ODS 13 | CP2: ODS 13 normalizado | CQ2: Posição ODS 13 2025 | CR2: Posição ODS 13 2024 | CS2: Posição ODS 13 2023 | CT2: Posição ODS 13 2022 | CU2: Posição ODS 13 2021 | CV2: Delta posição ODS 13 | CW2: ODS 14 | CX2: ODS 14 normalizado | CY2: Posição ODS 14 2025 | CZ2: Posição ODS 14 2024 | DA2: Posição ODS 14 2023 | DB2: Posição ODS 14 2022 | DC2: Posição ODS 14 2021 | DD2: Delta posição ODS 14 | DE2: ODS 15 | DF2: ODS 15 normalizado | DG2: Posição ODS 15 2025 | DH2: Posição ODS 15 2024 | DI2: Posição ODS 15 2023 | DJ2: Posição ODS 15 2022 | DK2: Posição ODS 15 2021 | DL2: Delta posição ODS 15 | DM2: ODS 16 | DN2: ODS 16 normalizado | DO2: Posição ODS 16 2025 | DP2: Posição ODS 16 2024 | DQ2: Posição ODS 16 2023 | DR2: Posição ODS 16 2022 | DS2: Posição ODS 16 2021 | DT2: Delta posição ODS 16 | DU2: ODS 17 | DV2: ODS 17 normalizado | DW2: Posição ODS 17 2025 | DX2: Posição ODS 17 2024 | DY2: Posição ODS 17 2023 | DZ2: Posição ODS 17 2022 | EA2: Posição ODS 17 2021 | EB2: Delta posição ODS 17 | EC2: Média ODS | ED2: Ranking 2025 | EE2: Ranking 2024 | EF2: Ranking 2023 | EG2: Ranking 2022 | EH2: Ranking 2021 | EI2: Delta posição ODS
A3: Florianópolis | B3: SC | C3: Sul | D3: 781.61177 | E3: 85.663053 | F3: 57 | G3: 87 | H3: 65 | I3: 51 | J3: 49 | K3: 30 | L3: 188.1617 | M3: 62.645472 | N3: 78 | O3: 40 | P3: 52 | Q3: 73 | R3: 8 | S3: -38 | T3: 1074.8145 | U3: 86.224964 | V3: 52 | W3: 47 | X3: 13 | Y3: 56 | Z3: 181 | AA3: -5 | AB3: 717.07398 | AC3: 77.761639 | AD3: 20 | AE3: 31 | AF3: 33 | AG3: 6 | AH3: 15 | AI3: 11 | AJ3: 412.24738 | AK3: 66.970594 | AL3: 109 | AM3: 149 | AN3: 136 | AO3: 40 | AP3: 24 | AQ3: 40 | AR3: 656.25736 | AS3: 83.533842 | AT3: 119 | AU3: 134 | AV3: 90 | AW3: 150 | AX3: 259 | AY3: 15 | AZ3: - | BA3: 822.81576 | BB3: 100 | BC3: 1 | BD3: 2 | BE3: 1 | BF3: 2 | BG3: 3 | BH3: 1 | BI3: 783.81645 | BJ3: 92.097285 | BK3: 4 | BL3: 2 | BM3: 4 | BN3: 2 | BO3: 2 | BP3: -2 | BQ3: 179.36929 | BR3: 95.407519 | BS3: 5 | BT3: 21 | BU3: 10 | BV3: 10 | BW3: 8 | BX3: 16 | BY3: 1386.4811 | BZ3: 89.505331 | CA3: 42 | CB3: 57 | CC3: 27 | CD3: 67 | CE3: 192 | CF3: 15 | CG3: 394.49602 | CH3: 86.695031 | CI3: 132 | CJ3: 167 | CK3: 123 | CL3: 184 | CM3: 335 | CN3: 35 | CO3: 401.77343 | CP3: 73.266827 | CQ3: 92 | CR3: 98 | CS3: 91 | CT3: 120 | CU3: 59 | CV3: 6 | CW3: 320.20857 | CX3: 80.721293 | CY3: 116 | CZ3: 124 | DA3: 73 | DB3: 122 | DC3: 332 | DD3: 8 | DE3: 252.51129 | DF3: 62.592306 | DG3: 147 | DH3: 106 | DI3: 104 | DJ3: 151 | DK3: 98 | DL3: -41 | DM3: 850.6638 | DN3: 81.284591 | DO3: 47 | DP3: 41 | DQ3: 21 | DR3: 45 | DS3: 63 | DT3: -6 | DU3: 478.49913 | DV3: 76.819864 | DW3: 11 | DX3: 10 | DY3: 15 | DZ3: 12 | EA3: 20 | EB3: -1 | EC3: 81.32435 | ED3: 1 | EE3: 5 | EF3: 2 | EG3: 1 | EH3: 27 | EI3: 4
A4: Itajubá | B4: MG | C4: Sudeste | D4: 829.36272 | E4: 93.275914 | F4: 13 | G4: 38 | H4: 72 | I4: 78 | J4: 118 | K4: 25 | L4: 243.85778 | M4: 92.908543 | N4: 2 | O4: 140 | P4: 32 | Q4: 123 | R4: 165 | S4: 138 | T4: 1100.2477 | U4: 89.205871 | V4: 27 | W4: 101 | X4: 47 | Y4: 47 | Z4: 70 | AA4: 74 | AB4: 646.82575 | AC4: 67.40685 | AD4: 81 | AE4: 67 | AF4: 52 | AG4: 95 | AH4: 108 | AI4: -14 | AJ4: 481.89201 | AK4: 89.261932 | AL4: 3 | AM4: 24 | AN4: 17 | AO4: 41 | AP4: 89 | AQ4: 21 | AR4: 724.1585 | AS4: 95.921252 | AT4: 5 | AU4: 110 | AV4: 53 | AW4: 118 | AX4: 101 | AY4: 105 | AZ4: - | BA4: 633.64129 | BB4: 63.87756 | BC4: 13 | BD4: 65 | BE4: 26 | BF4: 38 | BG4: 98 | BH4: 52 | BI4: 725.0685 | BJ4: 79.507403 | BK4: 14 | BL4: 27 | BM4: 26 | BN4: 46 | BO4: 108 | BP4: 13 | BQ4: 142.85241 | BR4: 73.747444 | BS4: 33 | BT4: 312 | BU4: 236 | BV4: 196 | BW4: 48 | BX4: 279 | BY4: 1327.4179 | BZ4: 83.985604 | CA4: 102 | CB4: 111 | CC4: 106 | CD4: 108 | CE4: 132 | CF4: 9 | CG4: 407.8327 | CH4: 90.466095 | CI4: 69 | CJ4: 109 | CK4: 48 | CL4: 84 | CM4: 59 | CN4: 40 | CO4: 452.47521 | CP4: 94.351494 | CQ4: 3 | CR4: 303 | CS4: 57 | CT4: 258 | CU4: 256 | CV4: 300 | CW4: 311.70486 | CX4: 78.311613 | CY4: 144 | CZ4: 143 | DA4: 83 | DB4: 142 | DC4: 127 | DD4: -1 | DE4: 302.57887 | DF4: 89.967962 | DG4: 6 | DH4: 183 | DI4: 112 | DJ4: 216 | DK4: 195 | DL4: 177 | DM4: 663.70401 | DN4: 47.777261 | DO4: 324 | DP4: 132 | DQ4: 148 | DR4: 111 | DS4: 201 | DT4: -192 | DU4: 426.80825 | DV4: 67.907601 | DW4: 64 | DX4: 122 | DY4: 128 | DZ4: 127 | EA4: 85 | EB4: 58 | EC4: 81.117525 | ED4: 2 | EE4: 59 | EF4: 24 | EG4: 64 | EH4: 82 | EI4: 57
A5: São Paulo | B5: SP | C5: Sudeste | D5: 756.06692 | E5: 81.590476 | F5: 94 | G5: 132 | H5: 103 | I5: 107 | J5: 68 | K5: 38 | L5: 177.4982 | M5: 56.85134 | N5: 160 | O5: 141 | P5: 159 | Q5: 190 | R5: 148 | S5: -19 | T5: 1090.5839 | U5: 88.073228 | V5: 35 | W5: 46 | X5: 35 | Y5: 76 | Z5: 43 | AA5: 11 | AB5: 700.75458 | AC5: 75.356113 | AD5: 30 | AE5: 25 | AF5: 31 | AG5: 33 | AH5: 36 | AI5: -5 | AJ5: 389.50229 | AK5: 59.690514 | AL5: 225 | AM5: 267 | AN5: 196 | AO5: 156 | AP5: 85 | AQ5: 42 | AR5: 681.9535 | AS5: 88.221668 | AT5: 55 | AU5: 40 | AV5: 32 | AW5: 49 | AX5: 64 | AY5: -15 | AZ5: - | BA5: 731.30073 | BB5: 82.52541 | BC5: 5 | BD5: 6 | BE5: 4 | BF5: 4 | BG5: 4 | BH5: 1 | BI5: 764.68301 | BJ5: 87.996925 | BK5: 6 | BL5: 7 | BM5: 2 | BN5: 3 | BO5: 3 | BP5: 1 | BQ5: 153.24847 | BR5: 79.913896 | BS5: 19 | BT5: 16 | BU5: 16 | BV5: 30 | BW5: 63 | BX5: -3 | BY5: 1477.72 | BZ5: 98.032034 | CA5: 6 | CB5: 5 | CC5: 4 | CD5: 10 | CE5: 12 | CF5: -1 | CG5: 400.15208 | CH5: 88.294331 | CI5: 99 | CJ5: 59 | CK5: 36 | CL5: 64 | CM5: 76 | CN5: -40 | CO5: 391.86477 | CP5: 69.146244 | CQ5: 198 | CR5: 177 | CS5: 222 | CT5: 209 | CU5: 167 | CV5: -21 | CW5: 325.40871 | CX5: 82.194844 | CY5: 85 | CZ5: 104 | DA5: 64 | DB5: 80 | DC5: 96 | DD5: 19 | DE5: 234.04651 | DF5: 52.496245 | DG5: 244 | DH5: 209 | DI5: 245 | DJ5: 255 | DK5: 207 | DL5: -35 | DM5: 892.8073 | DN5: 88.837639 | DO5: 22 | DP5: 4 | DQ5: 1 | DR5: 1 | DS5: 3 | DT5: -18 | DU5: 612.94326 | DV5: 100 | DW5: 1 | DX5: 1 | DY5: 1 | DZ5: 1 | EA5: 1 | EB5: 0 | EC5: 79.951307 | ED5: 3 | EE5: 2 | EF5: 1 | EG5: 2 | EH5: 2 | EI5: -1
A6: Jaraguá do Sul | B6: SC | C6: Sul | D6: 829.84824 | E6: 93.353319 | F6: 12 | G6: 3 | H6: 38 | I6: 23 | J6: 19 | K6: -9 | L6: 191.56295 | M6: 64.493579 | N6: 61 | O6: 81 | P6: 95 | Q6: 74 | R6: 42 | S6: 20 | T6: 1078.1341 | U6: 86.614039 | V6: 49 | W6: 42 | X6: 33 | Y6: 50 | Z6: 26 | AA6: -7 | AB6: 653.53455 | AC6: 68.395746 | AD6: 74 | AE6: 69 | AF6: 81 | AG6: 76 | AH6: 61 | AI6: -5 | AJ6: 414.69705 | AK6: 67.754666 | AL6: 102 | AM6: 8 | AN6: 112 | AO6: 21 | AP6: 27 | AQ6: -94 | AR6: 716.29955 | AS6: 94.48752 | AT6: 12 | AU6: 38 | AV6: 24 | AW6: 48 | AX6: 40 | AY6: 26 | AZ6: - | BA6: 605.75027 | BB6: 58.551833 | BC6: 27 | BD6: 37 | BE6: 62 | BF6: 51 | BG6: 38 | BH6: 10 | BI6: 664.04802 | BJ6: 66.430509 | BK6: 73 | BL6: 19 | BM6: 141 | BN6: 41 | BO6: 50 | BP6: -54 | BQ6: 128.75229 | BR6: 65.383926 | BS6: 79 | BT6: 27 | BU6: 17 | BV6: 62 | BW6: 36 | BX6: -52 | BY6: 1445.5675 | BZ6: 95.027234 | CA6: 12 | CB6: 19 | CC6: 14 | CD6: 24 | CE6: 7 | CF6: 7 | CG6: 401.32655 | CH6: 88.626425 | CI6: 92 | CJ6: 128 | CK6: 93 | CL6: 146 | CM6: 116 | CN6: 36 | CO6: 396.4853 | CP6: 71.06772 | CQ6: 137 | CR6: 237 | CS6: 155 | CT6: 97 | CU6: 111 | CV6: 100 | CW6: 324.72336 | CX6: 82.000639 | CY6: 91 | CZ6: 108 | DA6: 52 | DB6: 97 | DC6: 83 | DD6: 17 | DE6: 279.00253 | DF6: 77.077031 | DG6: 40 | DH6: 61 | DI6: 50 | DJ6: 69 | DK6: 36 | DL6: 21 | DM6: 955.08957 | DN6: 100 | DO6: 1 | DP6: 7 | DQ6: 6 | DR6: 6 | DS6: 2 | DT6: 6 | DU6: 466.21474 | DV6: 74.701856 | DW6: 18 | DX6: 17 | DY6: 9 | DZ6: 16 | EA6: 5 | EB6: -1 | EC6: 78.372878 | ED6: 4 | EE6: 7 | EF6: 8 | EG6: 9 | EH6: 5 | EI6: 3
A7: Indaiatuba | B7: SP | C7: Sudeste | D7: 802.63113 | E7: 89.014137 | F7: 31 | G7: 31 | H7: 5 | I7: 42 | J7: 24 | K7: 0 | L7: 201.5467 | M7: 69.918359 | N7: 30 | O7: 58 | P7: 136 | Q7: 141 | R7: 12 | S7: 28 | T7: 1118.5809 | U7: 91.354612 | V7: 11 | W7: 32 | X7: 58 | Y7: 30 | Z7: 36 | AA7: 21 | AB7: 754.49313 | AC7: 83.277328 | AD7: 10 | AE7: 36 | AF7: 47 | AG7: 52 | AH7: 59 | AI7: 26 | AJ7: 397.401 | AK7: 62.218674 | AL7: 183 | AM7: 217 | AN7: 47 | AO7: 37 | AP7: 32 | AQ7: 34 | AR7: 680.64072 | AS7: 87.982172 | AT7: 63 | AU7: 69 | AV7: 180 | AW7: 140 | AX7: 107 | AY7: 6 | AZ7: - | BA7: 651.41261 | BB7: 67.270954 | BC7: 10 | BD7: 46 | BE7: 50 | BF7: 56 | BG7: 62 | BH7: 36 | BI7: 697.10587 | BJ7: 73.514917 | BK7: 27 | BL7: 39 | BM7: 15 | BN7: 16 | BO7: 29 | BP7: 12 | BQ7: 114.28091 | BR7: 56.800194 | BS7: 162 | BT7: 160 | BU7: 80 | BV7: 79 | BW7: 120 | BX7: -2 | BY7: 1451.8786 | BZ7: 95.617033 | CA7: 10 | CB7: 7 | CC7: 40 | CD7: 13 | CE7: 10 | CF7: -3 | CG7: 405.47875 | CH7: 89.800494 | CI7: 76 | CJ7: 92 | CK7: 269 | CL7: 106 | CM7: 70 | CN7: 16 | CO7: 408.82374 | CP7: 76.198742 | CQ7: 56 | CR7: 143 | CS7: 235 | CT7: 205 | CU7: 48 | CV7: 87 | CW7: 334.18427 | CX7: 84.681557 | CY7: 44 | CZ7: 9 | DA7: 205 | DB7: 135 | DC7: 116 | DD7: -35 | DE7: 228.21224 | DF7: 49.306214 | DG7: 269 | DH7: 363 | DI7: 384 | DJ7: 358 | DK7: 348 | DL7: 94 | DM7: 859.30754 | DN7: 82.83374 | DO7: 43 | DP7: 14 | DQ7: 16 | DR7: 14 | DS7: 9 | DT7: -29 | DU7: 512.94602 | DV7: 82.759011 | DW7: 5 | DX7: 3 | DY7: 5 | DZ7: 5 | EA7: 12 | EB7: -2 | EC7: 77.659259 | ED7: 5 | EE7: 13 | EF7: 45 | EG7: 15 | EH7: 15 | EI7: 8
A8: Maringá | B8: PR | C8: Sul | D8: 844.67359 | E8: 95.716902 | F8: 3 | G8: 12 | H8: 7 | I8: 2 | J8: 10 | K8: 9 | L8: 186.95215 | M8: 61.988251 | N8: 80 | O8: 185 | P8: 192 | Q8: 270 | R8: 201 | S8: 105 | T8: 1131.9011 | U8: 92.915815 | V8: 4 | W8: 15 | X8: 88 | Y8: 14 | Z8: 8 | AA8: 11 | AB8: 733.57276 | AC8: 80.193606 | AD8: 16 | AE8: 14 | AF8: 30 | AG8: 37 | AH8: 25 | AI8: -2 | AJ8: 424.67522 | AK8: 70.948406 | AL8: 62 | AM8: 125 | AN8: 46 | AO8: 27 | AP8: 55 | AQ8: 63 | AR8: 698.63015 | AS8: 91.264039 | AT8: 26 | AU8: 85 | AV8: 148 | AW8: 45 | AX8: 31 | AY8: 59 | AZ8: - | BA8: 598.57284 | BB8: 57.181319 | BC8: 33 | BD8: 14 | BE8: 22 | BF8: 97 | BG8: 104 | BH8: -19 | BI8: 721.12842 | BJ8: 78.66303 | BK8: 16 | BL8: 12 | BM8: 6 | BN8: 79 | BO8: 117 | BP8: -4 | BQ8: 101.73174 | BR8: 49.356627 | BS8: 274 | BT8: 119 | BU8: 239 | BV8: 230 | BW8: 199 | BX8: -155 | BY8: 1457.0287 | BZ8: 96.098328 | CA8: 7 | CB8: 11 | CC8: 59 | CD8: 9 | CE8: 6 | CF8: 4 | CG8: 415.8011 | CH8: 92.719234 | CI8: 48 | CJ8: 156 | CK8: 249 | CL8: 87 | CM8: 60 | CN8: 108 | CO8: 397.49131 | CP8: 71.486077 | CQ8: 125 | CR8: 196 | CS8: 228 | CT8: 322 | CU8: 234 | CV8: 71 | CW8: 349.55452 | CX8: 89.036992 | CY8: 3 | CZ8: 100 | DA8: 208 | DB8: 36 | DC8: 26 | DD8: 97 | DE8: 217.54351 | DF8: 43.472832 | DG8: 348 | DH8: 373 | DI8: 363 | DJ8: 370 | DK8: 365 | DL8: 25 | DM8: 925.14436 | DN8: 94.633156 | DO8: 7 | DP8: 16 | DQ8: 22 | DR8: 10 | DS8: 26 | DT8: 9 | DU8: 473.87344 | DV8: 76.022327 | DW8: 15 | DX8: 16 | DY8: 16 | DZ8: 20 | EA8: 21 | EB8: 1 | EC8: 77.606059 | ED8: 6 | EE8: 14 | EF8: 51 | EG8: 21 | EH8: 20 | EI8: 8
A9: Campinas | B9: SP | C9: Sudeste | D9: 784.68207 | E9: 86.152547 | F9: 52 | G9: 91 | H9: 71 | I9: 56 | J9: 45 | K9: 39 | L9: 192.46871 | M9: 64.985731 | N9: 55 | O9: 19 | P9: 106 | Q9: 175 | R9: 72 | S9: -36 | T9: 1127.5525 | U9: 92.40613 | V9: 5 | W9: 11 | X9: 10 | Y9: 16 | Z9: 16 | AA9: 6 | AB9: 686.64571 | AC9: 73.276425 | AD9: 43 | AE9: 46 | AF9: 40 | AG9: 44 | AH9: 51 | AI9: 3 | AJ9: 385.78984 | AK9: 58.502259 | AL9: 240 | AM9: 284 | AN9: 182 | AO9: 117 | AP9: 83 | AQ9: 44 | AR9: 693.94065 | AS9: 90.40852 | AT9: 32 | AU9: 23 | AV9: 47 | AW9: 63 | AX9: 54 | AY9: -9 | AZ9: - | BA9: 624.98633 | BB9: 62.224916 | BC9: 20 | BD9: 13 | BE9: 13 | BF9: 14 | BG9: 24 | BH9: -7 | BI9: 699.61217 | BJ9: 74.052026 | BK9: 25 | BL9: 36 | BM9: 14 | BN9: 7 | BO9: 24 | BP9: 11 | BQ9: 134.51638 | BR9: 68.80291 | BS9: 55 | BT9: 24 | BU9: 51 | BV9: 52 | BW9: 85 | BX9: -31 | BY9: 1481.3909 | BZ9: 98.375094 | CA9: 5 | CB9: 6 | CC9: 6 | CD9: 5 | CE9: 9 | CF9: 1 | CG9: 426.37808 | CH9: 95.709968 | CI9: 13 | CJ9: 19 | CK9: 16 | CL9: 19 | CM9: 16 | CN9: 6 | CO9: 395.44597 | CP9: 70.63551 | CQ9: 147 | CR9: 45 | CS9: 209 | CT9: 187 | CU9: 123 | CV9: -102 | CW9: 332.69249 | CX9: 84.258835 | CY9: 52 | CZ9: 62 | DA9: 56 | DB9: 83 | DC9: 82 | DD9: 10 | DE9: 216.07162 | DF9: 42.668041 | DG9: 356 | DH9: 281 | DI9: 374 | DJ9: 351 | DK9: 351 | DL9: -75 | DM9: 896.90609 | DN9: 89.572232 | DO9: 18 | DP9: 11 | DQ9: 4 | DR9: 9 | DS9: 12 | DT9: -7 | DU9: 529.71098 | DV9: 85.649536 | DW9: 3 | DX9: 4 | DY9: 3 | DZ9: 6 | EA9: 7 | EB9: 1 | EC9: 77.355042 | ED9: 7 | EE9: 6 | EF9: 6 | EG9: 8 | EH9: 11 | EI9: -1
A10: São Sebastião | B10: SP | C10: Sudeste | D10: 760.67833 | E10: 82.325667 | F10: 86 | G10: 55 | H10: 26 | I10: 32 | J10: 177 | K10: -31 | L10: 174.57654 | M10: 55.263825 | N10: 181 | O10: 143 | P10: 193 | Q10: 312 | R10: 325 | S10: -38 | T10: 961.82785 | U10: 72.982347 | V10: 173 | W10: 107 | X10: 83 | Y10: 114 | Z10: 232 | AA10: -66 | AB10: 642.9257 | AC10: 66.831972 | AD10: 82 | AE10: 44 | AF10: 111 | AG10: 126 | AH10: 177 | AI10: -38 | AJ10: 497.46084 | AK10: 94.24509 | AL10: 2 | AM10: 2 | AN10: 1 | AO10: 1 | AP10: 197 | AQ10: 0 | AR10: 680.88076 | AS10: 88.025963 | AT10: 59 | AU10: 56 | AV10: 33 | AW10: 66 | AX10: 195 | AY10: -3 | AZ10: - | BA10: 527.08058 | BB10: 43.530031 | BC10: 109 | BD10: 49 | BE10: 260 | BF10: 281 | BG10: 282 | BH10: -60 | BI10: 809.83322 | BJ10: 97.672765 | BK10: 2 | BL10: 3 | BM10: 53 | BN10: 72 | BO10: 281 | BP10: 1 | BQ10: 146.36953 | BR10: 75.833637 | BS10: 27 | BT10: 33 | BU10: 194 | BV10: 178 | BW10: 190 | BX10: 6 | BY10: 1323.6286 | BZ10: 83.631476 | CA10: 105 | CB10: 15 | CC10: 38 | CD10: 56 | CE10: 205 | CF10: -90 | CG10: 411.04075 | CH10: 91.373201 | CI10: 56 | CJ10: 64 | CK10: 57 | CL10: 83 | CM10: 325 | CN10: 8 | CO10: 387.94477 | CP10: 67.516085 | CQ10: 261 | CR10: 313 | CS10: 154 | CT10: 233 | CU10: 363 | CV10: 52 | CW10: 332.82786 | CX10: 84.297194 | CY10: 51 | CZ10: 65 | DA10: 44 | DB10: 71 | DC10: 313 | DD10: 14 | DE10: 296.13939 | DF10: 86.44702 | DG10: 11 | DH10: 23 | DI10: 9 | DJ10: 30 | DK10: 11 | DL10: 12 | DM10: 770.74021 | DN10: 66.960515 | DO10: 170 | DP10: 1 | DQ10: 20 | DR10: 11 | DS10: 56 | DT10: -169 | DU10: 442.8723 | DV10: 70.677278 | DW10: 40 | DX10: 7 | DY10: 102 | DZ10: 69 | EA10: 91 | EB10: -33 | EC10: 76.725879 | ED10: 8 | EE10: 1 | EF10: 20 | EG10: 31 | EH10: 224 | EI10: -7
A11: Vitória | B11: ES | C11: Sudeste | D11: 732.71098 | E11: 77.866875 | F11: 135 | G11: 136 | H11: 84 | I11: 119 | J11: 109 | K11: 1 | L11: 160.89164 | M11: 47.827984 | N11: 275 | O11: 325 | P11: 285 | Q11: 250 | R11: 251 | S11: 50 | T11: 1106.8282 | U11: 89.977142 | V11: 19 | W11: 35 | X11: 97 | Y11: 58 | Z11: 18 | AA11: 16 | AB11: 807.64125 | AC11: 91.111513 | AD11: 3 | AE11: 4 | AF11: 9 | AG11: 16 | AH11: 9 | AI11: 1 | AJ11: 352.46721 | AK11: 47.836598 | AL11: 364 | AM11: 348 | AN11: 306 | AO11: 273 | AP11: 192 | AQ11: -16 | AR11: 659.88809 | AS11: 84.196208 | AT11: 108 | AU11: 101 | AV11: 186 | AW11: 90 | AX11: 84 | AY11: -7 | AZ11: - | BA11: 770.69575 | BB11: 90.047801 | BC11: 3 | BD11: 1 | BE11: 2 | BF11: 5 | BG11: 2 | BH11: -2 | BI11: 726.00374 | BJ11: 79.707828 | BK11: 13 | BL11: 24 | BM11: 25 | BN11: 56 | BO11: 8 | BP11: 11 | BQ11: 142.68759 | BR11: 73.649683 | BS11: 34 | BT11: 7 | BU11: 89 | BV11: 24 | BW11: 18 | BX11: -27 | BY11: 1335.1081 | BZ11: 84.704287 | CA11: 94 | CB11: 43 | CC11: 127 | CD11: 98 | CE11: 61 | CF11: -51 | CG11: 396.47764 | CH11: 87.255352 | CI11: 123 | CJ11: 135 | CK11: 277 | CL11: 116 | CM11: 79 | CN11: 12 | CO11: 395.03096 | CP11: 70.462925 | CQ11: 155 | CR11: 185 | CS11: 153 | CT11: 149 | CU11: 34 | CV11: 30 | CW11: 319.18945 | CX11: 80.432504 | CY11: 118 | CZ11: 73 | DA11: 247 | DB11: 39 | DC11: 67 | DD11: -45 | DE11: 232.90622 | DF11: 51.872763 | DG11: 249 | DH11: 257 | DI11: 247 | DJ11: 277 | DK11: 227 | DL11: 8 | DM11: 855.83168 | DN11: 82.21079 | DO11: 45 | DP11: 55 | DQ11: 25 | DR11: 62 | DS11: 38 | DT11: 10 | DU11: 523.92596 | DV11: 84.652114 | DW11: 4 | DX11: 5 | DY11: 13 | DZ11: 15 | EA11: 17 | EB11: 1 | EC11: 76.488273 | ED11: 9 | EE11: 10 | EF11: 54 | EG11: 17 | EH11: 9 | EI11: 1
A12: Balneário Camboriú | B12: SC | C12: Sul | D12: 871.53891 | E12: 100 | F12: 1 | G12: 2 | H12: 1 | I12: 1 | J12: 7 | K12: 1 | L12: 185.76874 | M12: 61.345231 | N12: 88 | O12: 101 | P12: 113 | Q12: 154 | R12: 104 | S12: 13 | T12: 1085.008 | U12: 87.4197 | V12: 41 | W12: 4 | X12: 9 | Y12: 25 | Z12: 35 | AA12: -37 | AB12: 572.76264 | AC12: 56.489736 | AD12: 171 | AE12: 154 | AF12: 166 | AG12: 141 | AH12: 162 | AI12: -17 | AJ12: 440.63204 | AK12: 76.055748 | AL12: 29 | AM12: 23 | AN12: 3 | AO12: 14 | AP12: 61 | AQ12: -6 | AR12: 744.92792 | AS12: 99.710281 | AT12: 2 | AU12: 3 | AV12: 2 | AW12: 2 | AX12: 2 | AY12: 1 | AZ12: - | BA12: 512.83865 | BB12: 40.810566 | BC12: 134 | BD12: 121 | BE12: 84 | BF12: 111 | BG12: 100 | BH12: -13 | BI12: 651.23178 | BJ12: 63.683948 | BK12: 106 | BL12: 60 | BM12: 23 | BN12: 49 | BO12: 65 | BP12: -46 | BQ12: 110.57818 | BR12: 54.603914 | BS12: 191 | BT12: 178 | BU12: 53 | BV12: 35 | BW12: 41 | BX12: -13 | BY12: 1489.136 | BZ12: 99.098905 | CA12: 2 | CB12: 1 | CC12: 1 | CD12: 6 | CE12: 13 | CF12: -1 | CG12: 428.1032 | CH12: 96.197762 | CI12: 8 | CJ12: 13 | CK12: 6 | CL12: 4 | CM12: 5 | CN12: 5 | CO12: 395.19081 | CP12: 70.5294 | CQ12: 150 | CR12: 211 | CS12: 184 | CT12: 138 | CU12: 52 | CV12: 61 | CW12: 338.39026 | CX12: 85.873399 | CY12: 26 | CZ12: 3 | DA12: 5 | DB12: 6 | DC12: 4 | DD12: -23 | DE12: 257.83017 | DF12: 65.500533 | DG12: 125 | DH12: 129 | DI12: 129 | DJ12: 157 | DK12: 93 | DL12: 4 | DM12: 893.09869 | DN12: 88.889863 | DO12: 21 | DP12: 13 | DQ12: 7 | DR12: 15 | DS12: 10 | DT12: -8 | DU12: 460.67294 | DV12: 73.746367 | DW12: 22 | DX12: 21 | DY12: 12 | DZ12: 10 | EA12: 8 | EB12: -1 | EC12: 76.247209 | ED12: 10 | EE12: 8 | EF12: 3 | EG12: 5 | EH12: 6 | EI12: -2
A13: Paulínia | B13: SP | C13: Sudeste | D13: 842.67141 | E13: 95.397698 | F13: 4 | G13: 1 | H13: 3 | I13: 5 | J13: 11 | K13: -3 | L13: 168.50302 | M13: 51.963714 | N13: 224 | O13: 13 | P13: 72 | Q13: 144 | R13: 25 | S13: -211 | T13: 1138.9726 | U13: 93.74463 | V13: 3 | W13: 41 | X13: 19 | Y13: 65 | Z13: 13 | AA13: 38 | AB13: 690.53491 | AC13: 73.849705 | AD13: 39 | AE13: 51 | AF13: 76 | AG13: 87 | AH13: 62 | AI13: 12 | AJ13: 446.95211 | AK13: 78.078626 | AL13: 19 | AM13: 7 | AN13: 16 | AO13: 12 | AP13: 33 | AQ13: -12 | AR13: 685.39546 | AS13: 88.849595 | AT13: 51 | AU13: 28 | AV13: 38 | AW13: 54 | AX13: 49 | AY13: -23 | AZ13: - | BA13: 639.07377 | BB13: 64.914879 | BC13: 11 | BD13: 18 | BE13: 29 | BF13: 15 | BG13: 60 | BH13: 7 | BI13: 756.93046 | BJ13: 86.335527 | BK13: 7 | BL13: 6 | BM13: 13 | BN13: 8 | BO13: 54 | BP13: -1 | BQ13: 134.9841 | BR13: 69.080341 | BS13: 52 | BT13: 26 | BU13: 23 | BV13: 13 | BW13: 219 | BX13: -26 | BY13: 1436.0615 | BZ13: 94.138848 | CA13: 16 | CB13: 14 | CC13: 42 | CD13: 21 | CE13: 48 | CF13: -2 | CG13: 423.0206 | CH13: 94.760611 | CI13: 22 | CJ13: 25 | CK13: 24 | CL13: 36 | CM13: 31 | CN13: 3 | CO13: 389.43619 | CP13: 68.136303 | CQ13: 241 | CR13: 82 | CS13: 175 | CT13: 267 | CU13: 115 | CV13: -159 | CW13: 331.94541 | CX13: 84.047135 | CY13: 56 | CZ13: 60 | DA13: 36 | DB13: 55 | DC13: 46 | DD13: 4 | DE13: 206.94561 | DF13: 37.678173 | DG13: 403 | DH13: 328 | DI13: 371 | DJ13: 388 | DK13: 385 | DL13: -75 | DM13: 786.98827 | DN13: 69.872527 | DO13: 140 | DP13: 94 | DQ13: 192 | DR13: 114 | DS13: 132 | DT13: -46 | DU13: 422.43828 | DV13: 67.154153 | DW13: 74 | DX13: 83 | DY13: 208 | DZ13: 133 | EA13: 238 | EB13: 9 | EC13: 76.125154 | ED13: 11 | EE13: 4 | EF13: 13 | EG13: 13 | EH13: 36 | EI13: -7
A14: Botucatu | B14: SP | C14: Sudeste | D14: 820.08563 | E14: 91.796881 | F14: 17 | G14: 9 | H14: 6 | I14: 19 | J14: 15 | K14: -8 | L14: 182.86091 | M14: 59.765229 | N14: 115 | O14: 33 | P14: 119 | Q14: 120 | R14: 143 | S14: -82 | T14: 1118.4379 | U14: 91.33786 | V14: 12 | W14: 26 | X14: 34 | Y14: 37 | Z14: 94 | AA14: 14 | AB14: 752.65947 | AC14: 83.007041 | AD14: 11 | AE14: 12 | AF14: 8 | AG14: 32 | AH14: 28 | AI14: 1 | AJ14: 423.532 | AK14: 70.582491 | AL14: 64 | AM14: 28 | AN14: 28 | AO14: 51 | AP14: 29 | AQ14: -36 | AR14: 699.29404 | AS14: 91.385154 | AT14: 24 | AU14: 17 | AV14: 27 | AW14: 36 | AX14: 35 | AY14: -7 | AZ14: - | BA14: 556.11123 | BB14: 49.073369 | BC14: 64 | BD14: 111 | BE14: 97 | BF14: 98 | BG14: 108 | BH14: 47 | BI14: 643.46183 | BJ14: 62.018822 | BK14: 128 | BL14: 129 | BM14: 126 | BN14: 85 | BO14: 68 | BP14: 1 | BQ14: 122.65757 | BR14: 61.768833 | BS14: 114 | BT14: 162 | BU14: 188 | BV14: 232 | BW14: 157 | BX14: 48 | BY14: 1442.0449 | BZ14: 94.698022 | CA14: 13 | CB14: 17 | CC14: 11 | CD14: 28 | CE14: 17 | CF14: 4 | CG14: 411.05318 | CH14: 91.376715 | CI14: 55 | CJ14: 70 | CK14: 72 | CL14: 99 | CM14: 91 | CN14: 15 | CO14: 399.90551 | CP14: 72.490038 | CQ14: 103 | CR14: 28 | CS14: 103 | CT14: 73 | CU14: 32 | CV14: -75 | CW14: 337.51506 | CX14: 85.625395 | CY14: 28 | CZ14: 29 | DA14: 21 | DB14: 30 | DC14: 25 | DD14: 1 | DE14: 234.49176 | DF14: 52.739698 | DG14: 242 | DH14: 154 | DI14: 256 | DJ14: 253 | DK14: 242 | DL14: -88 | DM14: 830.5012 | DN14: 77.671007 | DO14: 72 | DP14: 34 | DQ14: 29 | DR14: 48 | DS14: 42 | DT14: -38 | DU14: 456.71124 | DV14: 73.063314 | DW14: 25 | DX14: 39 | DY14: 38 | DZ14: 28 | EA14: 14 | EB14: 14 | EC14: 75.524992 | ED14: 12 | EE14: 12 | EF14: 14 | EG14: 20 | EH14: 19 | EI14: 0
... A41: Franca | B41: SP | C41: Sudeste | D41: 794.63644 | E41: 87.739557 | F41: 37 | G41: 34 | H41: 18 | I41: 37 | J41: 1 | K41: -3 | L41: 196.93084 | M41: 67.410278 | N41: 38 | O41: 23 | P41: 38 | Q41: 72 | R41: 229 | S41: -15 | T41: 1011.4674 | U41: 78.800361 | V41: 121 | W41: 31 | X41: 94 | Y41: 102 | Z41: 85 | AA41: -90 | AB41: 680.53101 | AC41: 72.375101 | AD41: 51 | AE41: 43 | AF41: 50 | AG41: 43 | AH41: 58 | AI41: -8 | AJ41: 390.23501 | AK41: 59.925038 | AL41: 222 | AM41: 184 | AN41: 86 | AO41: 109 | AP41: 1 | AQ41: -38 | AR41: 707.41819 | AS41: 92.867267 | AT41: 17 | AU41: 13 | AV41: 119 | AW41: 7 | AX41: 7 | AY41: -4 | AZ41: - | BA41: 504.28232 | BB41: 39.176755 | BC41: 152 | BD41: 181 | BE41: 221 | BF41: 196 | BG41: 134 | BH41: 29 | BI41: 609.6025 | BJ41: 54.762654 | BK41: 251 | BL41: 244 | BM41: 233 | BN41: 221 | BO41: 28 | BP41: -7 | BQ41: 90.145863 | BR41: 42.484436 | BS41: 338 | BT41: 349 | BU41: 350 | BV41: 367 | BW41: 342 | BX41: 11 | BY41: 1439.8677 | BZ41: 94.494553 | CA41: 15 | CB41: 9 | CC41: 55 | CD41: 7 | CE41: 1 | CF41: -6 | CG41: 417.70919 | CH41: 93.258761 | CI41: 39 | CJ41: 33 | CK41: 245 | CL41: 32 | CM41: 27 | CN41: -6 | CO41: 397.13223 | CP41: 71.336752 | CQ41: 129 | CR41: 71 | CS41: 61 | CT41: 72 | CU41: 108 | CV41: -58 | CW41: 336.28804 | CX41: 85.277699 | CY41: 35 | CZ41: 24 | DA41: 209 | DB41: 19 | DC41: 14 | DD41: -11 | DE41: 231.79936 | DF41: 51.26756 | DG41: 256 | DH41: 231 | DI41: 219 | DJ41: 243 | DK41: 216 | DL41: -25 | DM41: 876.83283 | DN41: 85.97466 | DO41: 31 | DP41: 80 | DQ41: 19 | DR41: 21 | DS41: 19 | DT41: 49 | DU41: 421.70285 | DV41: 67.027355 | DW41: 75 | DX41: 56 | DY41: 62 | DZ41: 51 | EA41: 64 | EB41: -19 | EC41: 71.511174 | ED41: 39 | EE41: 32 | EF41: 95 | EG41: 40 | EH41: 12 | EI41: -7
A42: Cajamar | B42: SP | C42: Sudeste | D42: 702.13182 | E42: 72.991686 | F42: 199 | G42: 236 | H42: 234 | K42: 37 | L42: 196.72349 | M42: 67.297614 | N42: 39 | O42: 126 | P42: 145 | S42: 87 | T42: 992.7713 | U42: 76.60908 | V42: 134 | W42: 132 | X42: 207 | AA42: -2 | AB42: 580.67898 | AC42: 57.656627 | AD42: 152 | AE42: 143 | AF42: 186 | AI42: -9 | AJ42: 398.59062 | AK42: 62.599438 | AL42: 174 | AM42: 162 | AN42: 205 | AQ42: -12 | AR42: 664.42059 | AS42: 85.023086 | AT42: 103 | AU42: 185 | AV42: 244 | AY42: 82 | AZ42: - | BA42: 602.77255 | BB42: 57.983244 | BC42: 29 | BD42: 39 | BE42: 28 | BH42: 10 | BI42: 710.46826 | BJ42: 76.378522 | BK42: 20 | BL42: 33 | BM42: 21 | BP42: 13 | BQ42: 135.28815 | BR42: 69.260688 | BS42: 50 | BT42: 35 | BU42: 13 | BX42: -15 | BY42: 1298.1614 | BZ42: 81.251441 | CA42: 132 | CB42: 204 | CC42: 244 | CF42: 72 | CG42: 405.74407 | CH42: 89.875518 | CI42: 75 | CJ42: 82 | CK42: 261 | CN42: 7 | CO42: 405.97684 | CP42: 75.014842 | CQ42: 68 | CR42: 116 | CS42: 397 | CV42: 48 | CW42: 296.67266 | CX42: 74.051969 | CY42: 214 | CZ42: 309 | DA42: 361 | DD42: 95 | DE42: 268.47867 | DF42: 71.322855 | DG42: 73 | DH42: 99 | DI42: 130 | DL42: 26 | DM42: 768.8089 | DN42: 66.614383 | DO42: 177 | DP42: 163 | DQ42: 137 | DT42: -14 | DU42: 381.43805 | DV42: 60.085114 | DW42: 159 | DX42: 221 | DY42: 146 | EB42: 62 | EC42: 71.501007 | ED42: 40 | EE42: 114 | EF42: 190 | EI42: 74
A43: Cachoeiro de Itapemirim | B43: ES | C43: Sudeste | D43: 741.59698 | E43: 79.283557 | F43: 117 | G43: 99 | H43: 50 | I43: 121 | J43: 90 | K43: -18 | L43: 211.66202 | M43: 75.414628 | N43: 16 | O43: 303 | P43: 269 | Q43: 370 | R43: 332 | S43: 287 | T43: 990.08302 | U43: 76.293999 | V43: 137 | W43: 202 | X43: 107 | Y43: 184 | Z43: 131 | AA43: 65 | AB43: 613.28884 | AC43: 62.463414 | AD43: 110 | AE43: 133 | AF43: 118 | AG43: 191 | AH43: 194 | AI43: 23 | AJ43: 408.04277 | AK43: 65.624814 | AL43: 127 | AM43: 200 | AN43: 140 | AO43: 160 | AP43: 129 | AQ43: 73 | AR43: 717.34589 | AS43: 94.678408 | AT43: 11 | AU43: 55 | AV43: 46 | AW43: 85 | AX43: 33 | AY43: 44 | AZ43: - | BA43: 508.78671 | BB43: 40.036858 | BC43: 141 | BD43: 191 | BE43: 137 | BF43: 221 | BG43: 202 | BH43: 50 | BI43: 622.60626 | BJ43: 57.549404 | BK43: 199 | BL43: 238 | BM43: 146 | BN43: 209 | BO43: 149 | BP43: 39 | BQ43: 121.68861 | BR43: 61.194092 | BS43: 118 | BT43: 68 | BU43: 221 | BV43: 265 | BW43: 329 | BX43: -50 | BY43: 1236.1947 | BZ43: 75.460371 | CA43: 199 | CB43: 160 | CC43: 143 | CD43: 189 | CE43: 101 | CF43: -39 | CG43: 410.19497 | CH43: 91.134048 | CI43: 61 | CJ43: 124 | CK43: 111 | CL43: 131 | CM43: 33 | CN43: 63 | CO43: 424.68333 | CP43: 82.79406 | CQ43: 17 | CR43: 306 | CS43: 146 | CT43: 291 | CU43: 90 | CV43: 289 | CW43: 310.29869 | CX43: 77.91315 | CY43: 155 | CZ43: 148 | DA43: 124 | DB43: 200 | DC43: 89 | DD43: -7 | DE43: 275.32528 | DF43: 75.066407 | DG43: 50 | DH43: 282 | DI43: 194 | DJ43: 258 | DK43: 234 | DL43: 232 | DM43: 795.09357 | DN43: 71.325177 | DO43: 126 | DP43: 110 | DQ43: 56 | DR43: 125 | DS43: 97 | DT43: -16 | DU43: 367.75261 | DV43: 57.725544 | DW43: 185 | DX43: 131 | DY43: 216 | DZ43: 246 | EA43: 193 | EB43: -54 | EC43: 71.497371 | ED43: 41 | EE43: 151 | EF43: 91 | EG43: 195 | EH43: 119 | EI43: 110
A44: Matão | B44: SP | C44: Sudeste | D44: 815.51776 | E44: 91.068633 | F44: 19 | K44: Novo município | L44: 177.49926 | M44: 56.85192 | N44: 159 | S44: Novo município | T44: 1124.0859 | U44: 91.999826 | V44: 8 | AA44: Novo município | AB44: 661.08882 | AC44: 69.509267 | AD44: 67 | AI44: Novo município | AJ44: 444.47403 | AK44: 77.285462 | AL44: 22 | AQ44: Novo município | AR44: 668.29425 | AS44: 85.729768 | AT44: 89 | AY44: Novo município | AZ44: - | BA44: 507.88779 | BB44: 39.865211 | BC44: 142 | BH44: Novo município | BI44: 665.75313 | BJ44: 66.795922 | BK44: 70 | BP44: Novo município | BQ44: 120.13373 | BR44: 60.271809 | BS44: 126 | BX44: Novo município | BY44: 1407.1695 | BZ44: 91.438758 | CA44: 28 | CF44: Novo município | CG44: 399.99512 | CH44: 88.24995 | CI44: 100 | CN44: Novo município | CO44: 391.69754 | CP44: 69.076699 | CQ44: 202 | CV44: Novo município | CW44: 330.45706 | CX44: 83.625385 | CY44: 63 | DD44: Novo município | DE44: 218.60561 | DF44: 44.053559 | DG44: 343 | DL44: Novo município | DM44: 771.36782 | DN44: 67.072998 | DO44: 168 | DT44: Novo município | DU44: 380.12182 | DV44: 59.858177 | DW44: 163 | EB44: Novo município | EC44: 71.422084 | ED44: 42 | EI44: Novo município
A45: Taubaté | B45: SP | C45: Sudeste | D45: 768.50241 | E45: 83.573048 | F45: 73 | G45: 121 | H45: 57 | I45: 60 | J45: 71 | K45: 48 | L45: 208.36045 | M45: 73.620685 | N45: 18 | O45: 98 | P45: 7 | Q45: 324 | R45: 365 | S45: 80 | T45: 1044.3572 | U45: 82.655217 | V45: 84 | W45: 88 | X45: 57 | Y45: 71 | Z45: 40 | AA45: 4 | AB45: 707.44266 | AC45: 76.341955 | AD45: 26 | AE45: 23 | AF45: 18 | AG45: 20 | AH45: 13 | AI45: -3 | AJ45: 383.37953 | AK45: 57.730787 | AL45: 253 | AM45: 296 | AN45: 166 | AO45: 191 | AP45: 189 | AQ45: 43 | AR45: 705.39459 | AS45: 92.498096 | AT45: 19 | AU45: 57 | AV45: 5 | AW45: 23 | AX45: 21 | AY45: 38 | AZ45: - | BA45: 543.3582 | BB45: 46.638207 | BC45: 82 | BD45: 165 | BE45: 126 | BF45: 108 | BG45: 86 | BH45: 83 | BI45: 597.08943 | BJ45: 52.08106 | BK45: 294 | BL45: 329 | BM45: 285 | BN45: 204 | BO45: 168 | BP45: 35 | BQ45: 100.80891 | BR45: 48.809245 | BS45: 279 | BT45: 260 | BU45: 337 | BV45: 136 | BW45: 98 | BX45: -19 | BY45: 1369.4375 | BZ45: 87.912531 | CA45: 57 | CB45: 46 | CC45: 25 | CD45: 18 | CE45: 19 | CF45: -11 | CG45: 413.08216 | CH45: 91.950428 | CI45: 53 | CJ45: 48 | CK45: 76 | CL45: 86 | CM45: 71 | CN45: -5 | CO45: 416.02517 | CP45: 79.193507 | CQ45: 29 | CR45: 184 | CS45: 7 | CT45: 130 | CU45: 35 | CV45: 155 | CW45: 333.41393 | CX45: 84.463266 | CY45: 49 | CZ45: 52 | DA45: 13 | DB45: 16 | DC45: 15 | DD45: 3 | DE45: 249.19971 | DF45: 60.781623 | DG45: 160 | DH45: 283 | DI45: 45 | DJ45: 271 | DK45: 244 | DL45: 123 | DM45: 773.97076 | DN45: 67.539502 | DO45: 164 | DP45: 168 | DQ45: 158 | DR45: 115 | DS45: 91 | DT45: 4 | DU45: 354.92065 | DV45: 55.513125 | DW45: 224 | DX45: 136 | DY45: 181 | DZ45: 106 | EA45: 96 | EB45: -88 | EC45: 71.331393 | ED45: 43 | EE45: 101 | EF45: 25 | EG45: 62 | EH45: 56 | EI45: 58
A46: Hortolândia | B46: SP | C46: Sudeste | D46: 796.26508 | E46: 87.999208 | F46: 34 | G46: 32 | H46: 34 | I46: 16 | J46: 17 | K46: -2 | L46: 155.71933 | M46: 45.017554 | N46: 303 | O46: 156 | P46: 229 | Q46: 216 | R46: 216 | S46: -147 | T46: 1118.1446 | U46: 91.303478 | V46: 13 | W46: 24 | X46: 36 | Y46: 18 | Z46: 23 | AA46: 11 | AB46: 675.21914 | AC46: 71.592117 | AD46: 55 | AE46: 63 | AF46: 106 | AG46: 73 | AH46: 66 | AI46: 8 | AJ46: 414.6779 | AK46: 67.748538 | AL46: 103 | AM46: 80 | AN46: 52 | AO46: 25 | AP46: 11 | AQ46: -23 | AR46: 673.23332 | AS46: 86.630819 | AT46: 78 | AU46: 70 | AV46: 48 | AW46: 69 | AX46: 68 | AY46: -8 | AZ46: - | BA46: 579.7515 | BB46: 53.587425 | BC46: 43 | BD46: 110 | BE46: 102 | BF46: 62 | BG46: 51 | BH46: 67 | BI46: 679.88751 | BJ46: 69.824966 | BK46: 41 | BL46: 113 | BM46: 64 | BN46: 31 | BO46: 26 | BP46: 72 | BQ46: 138.18199 | BR46: 70.977177 | BS46: 44 | BT46: 107 | BU46: 9 | BV46: 5 | BW46: 26 | BX46: 63 | BY46: 1341.8335 | BZ46: 85.332801 | CA46: 87 | CB46: 80 | CC46: 70 | CD46: 86 | CE46: 104 | CF46: -7 | CG46: 416.23679 | CH46: 92.842427 | CI46: 46 | CJ46: 35 | CK46: 47 | CL46: 52 | CM46: 83 | CN46: -11 | CO46: 389.52519 | CP46: 68.173315 | CQ46: 239 | CR46: 163 | CS46: 186 | CT46: 225 | CU46: 41 | CV46: -76 | CW46: 340.27555 | CX46: 86.40763 | CY46: 20 | CZ46: 26 | DA46: 25 | DB46: 32 | DC46: 29 | DD46: 6 | DE46: 202.14095 | DF46: 35.051111 | DG46: 408 | DH46: 392 | DI46: 395 | DJ46: 398 | DK46: 396 | DL46: -16 | DM46: 780.07912 | DN46: 68.634256 | DO46: 154 | DP46: 147 | DQ46: 181 | DR46: 162 | DS46: 198 | DT46: -7 | DU46: 380.42658 | DV46: 59.910721 | DW46: 162 | DX46: 143 | DY46: 109 | DZ46: 111 | EA46: 191 | EB46: -19 | EC46: 71.314596 | ED46: 44 | EE46: 45 | EF46: 27 | EG46: 23 | EH46: 37 | EI46: 1
A47: São José dos Pinhais | B47: PR | C47: Sul | D47: 756.6077 | E47: 81.676693 | F47: 93 | G47: 106 | H47: 119 | I47: 101 | J47: 73 | K47: 13 | L47: 160.58899 | M47: 47.663538 | N47: 279 | O47: 320 | P47: 257 | Q47: 304 | R47: 252 | S47: 41 | T47: 1091.7714 | U47: 88.212406 | V47: 34 | W47: 70 | X47: 52 | Y47: 105 | Z47: 77 | AA47: 36 | AB47: 527.85948 | AC47: 49.870883 | AD47: 225 | AE47: 262 | AF47: 221 | AG47: 262 | AH47: 231 | AI47: 37 | AJ47: 411.49813 | AK47: 66.730781 | AL47: 114 | AM47: 207 | AN47: 118 | AO47: 121 | AP47: 75 | AQ47: 93 | AR47: 680.84244 | AS47: 88.018973 | AT47: 61 | AU47: 50 | AV47: 8 | AW47: 42 | AX47: 41 | AY47: -11 | AZ47: - | BA47: 571.078 | BB47: 51.931241 | BC47: 49 | BD47: 135 | BE47: 186 | BF47: 87 | BG47: 72 | BH47: 86 | BI47: 671.42548 | BJ47: 68.011524 | BK47: 56 | BL47: 108 | BM47: 133 | BN47: 23 | BO47: 30 | BP47: 52 | BQ47: 116.93035 | BR47: 58.371715 | BS47: 142 | BT47: 144 | BU47: 75 | BV47: 205 | BW47: 137 | BX47: 2 | BY47: 1378.9403 | BZ47: 88.800605 | CA47: 47 | CB47: 61 | CC47: 140 | CD47: 176 | CE47: 151 | CF47: 14 | CG47: 389.14966 | CH47: 85.183298 | CI47: 156 | CJ47: 179 | CK47: 30 | CL47: 109 | CM47: 75 | CN47: 23 | CO47: 393.22673 | CP47: 69.712624 | CQ47: 174 | CR47: 241 | CS47: 72 | CT47: 321 | CU47: 275 | CV47: 67 | CW47: 328.70255 | CX47: 83.128213 | CY47: 69 | CZ47: 82 | DA47: 57 | DB47: 131 | DC47: 121 | DD47: 13 | DE47: 266.05306 | DF47: 69.996596 | DG47: 83 | DH47: 93 | DI47: 51 | DJ47: 106 | DK47: 62 | DL47: 10 | DM47: 858.7895 | DN47: 82.740896 | DO47: 44 | DP47: 122 | DQ47: 249 | DR47: 253 | DS47: 188 | DT47: 78 | DU47: 385.55596 | DV47: 60.795102 | DW47: 152 | DX47: 108 | DY47: 310 | DZ47: 323 | EA47: 306 | EB47: -44 | EC47: 71.302818 | ED47: 45 | EE47: 112 | EF47: 80 | EG47: 135 | EH47: 99 | EI47: 67
A48: Criciúma | B48: SC | C48: Sul | D48: 740.71247 | E48: 79.14254 | F48: 119 | G48: 118 | H48: 158 | I48: 123 | J48: 190 | K48: -1 | L48: 183.06913 | M48: 59.878366 | N48: 111 | O48: 145 | P48: 182 | Q48: 284 | R48: 169 | S48: 34 | T48: 1007.0229 | U48: 78.279437 | V48: 127 | W48: 121 | X48: 136 | Y48: 150 | Z48: 140 | AA48: -6 | AB48: 700.73585 | AC48: 75.353352 | AD48: 31 | AE48: 28 | AF48: 24 | AG48: 15 | AH48: 26 | AI48: -3 | AJ48: 396.15315 | AK48: 61.81927 | AL48: 191 | AM48: 52 | AN48: 59 | AO48: 31 | AP48: 159 | AQ48: -139 | AR48: 602.7178 | AS48: 73.766459 | AT48: 207 | AU48: 249 | AV48: 214 | AW48: 310 | AX48: 249 | AY48: 42 | AZ48: - | BA48: 610.6715 | BB48: 59.49153 | BC48: 23 | BD48: 32 | BE48: 17 | BF48: 19 | BG48: 29 | BH48: 9 | BI48: 673.85745 | BJ48: 68.532703 | BK48: 49 | BL48: 21 | BM48: 24 | BN48: 24 | BO48: 71 | BP48: -28 | BQ48: 118.40487 | BR48: 59.246332 | BS48: 132 | BT48: 96 | BU48: 74 | BV48: 46 | BW48: 60 | BX48: -36 | BY48: 1369.7117 | BZ48: 87.938153 | CA48: 56 | CB48: 68 | CC48: 63 | CD48: 148 | CE48: 146 | CF48: 12 | CG48: 385.20503 | CH48: 84.06792 | CI48: 181 | CJ48: 210 | CK48: 124 | CL48: 252 | CM48: 186 | CN48: 29 | CO48: 397.27902 | CP48: 71.397794 | CQ48: 127 | CR48: 85 | CS48: 122 | CT48: 274 | CU48: 174 | CV48: -42 | CW48: 306.02281 | CX48: 76.701502 | CY48: 170 | CZ48: 209 | DA48: 132 | DB48: 253 | DC48: 226 | DD48: 39 | DE48: 234.42835 | DF48: 52.705024 | DG48: 243 | DH48: 214 | DI48: 232 | DJ48: 304 | DK48: 230 | DL48: -29 | DM48: 867.66282 | DN48: 84.331192 | DO48: 37 | DP48: 38 | DQ48: 23 | DR48: 60 | DS48: 68 | DT48: 1 | DU48: 424.34426 | DV48: 67.482773 | DW48: 69 | DX48: 61 | DY48: 56 | DZ48: 104 | EA48: 65 | EB48: -8 | EC48: 71.258397 | ED48: 46 | EE48: 51 | EF48: 40 | EG48: 88 | EH48: 104 | EI48: 5
A49: João Monlevade | B49: MG | C49: Sudeste | D49: 807.49362 | E49: 89.789357 | F49: 25 | G49: 107 | K49: Novo município | L49: 176.1215 | M49: 56.103299 | N49: 170 | O49: 312 | S49: Novo município | T49: 977.48146 | U49: 74.817031 | V49: 153 | W49: 157 | AA49: Novo município | AB49: 553.81451 | AC49: 53.696729 | AD49: 199 | AE49: 158 | AI49: Novo município | AJ49: 458.79711 | AK49: 81.869887 | AL49: 9 | AM49: 18 | AQ49: Novo município | AR49: 691.66748 | AS49: 89.993817 | AT49: 39 | AU49: 168 | AY49: Novo município | AZ49: - | BA49: 522.66407 | BB49: 42.686709 | BC49: 121 | BD49: 153 | BH49: Novo município | BI49: 655.39564 | BJ49: 64.576276 | BK49: 96 | BL49: 65 | BP49: Novo município | BQ49: 115.28677 | BR49: 57.396826 | BS49: 153 | BT49: 157 | BX49: Novo município | BY49: 1349.4877 | BZ49: 86.048126 | CA49: 73 | CB49: 115 | CF49: Novo município | CG49: 399.74105 | CH49: 88.178111 | CI49: 108 | CJ49: 154 | CN49: Novo município | CO49: 417.30911 | CP49: 79.727442 | CQ49: 26 | CR49: 248 | CV49: Novo município | CW49: 287.10264 | CX49: 71.340132 | CY49: 273 | CZ49: 349 | DD49: Novo município | DE49: 281.47981 | DF49: 78.431542 | DG49: 35 | DH49: 89 | DL49: Novo município | DM49: 745.61807 | DN49: 62.458073 | DO49: 219 | DP49: 136 | DT49: Novo município | DU49: 392.03523 | DV49: 61.912223 | DW49: 131 | DX49: 125 | EB49: Novo município | EC49: 71.189099 | ED49: 47 | EE49: 141 | EI49: Novo município
A50: Juiz de Fora | B50: MG | C50: Sudeste | D50: 738.67425 | E50: 78.81759 | F50: 124 | G50: 171 | H50: 129 | I50: 153 | J50: 136 | K50: 47 | L50: 187.10247 | M50: 62.069925 | N50: 79 | O50: 271 | P50: 222 | Q50: 180 | R50: 163 | S50: 192 | T50: 1030.3387 | U50: 81.012177 | V50: 97 | W50: 211 | X50: 190 | Y50: 193 | Z50: 175 | AA50: 114 | AB50: 579.01467 | AC50: 57.411303 | AD50: 157 | AE50: 236 | AF50: 242 | AG50: 194 | AH50: 181 | AI50: 79 | AJ50: 411.9135 | AK50: 66.863727 | AL50: 112 | AM50: 137 | AN50: 26 | AO50: 73 | AP50: 59 | AQ50: 25 | AR50: 663.84169 | AS50: 84.917475 | AT50: 104 | AU50: 207 | AV50: 137 | AW50: 185 | AX50: 162 | AY50: 103 | AZ50: - | BA50: 534.37311 | BB50: 44.922524 | BC50: 96 | BD50: 113 | BE50: 113 | BF50: 110 | BG50: 107 | BH50: 17 | BI50: 661.17617 | BJ50: 65.815063 | BK50: 80 | BL50: 94 | BM50: 59 | BN50: 66 | BO50: 60 | BP50: 14 | BQ50: 109.76378 | BR50: 54.120846 | BS50: 200 | BT50: 243 | BU50: 309 | BV50: 306 | BW50: 333 | BX50: 43 | BY50: 1361.6989 | BZ50: 87.189318 | CA50: 64 | CB50: 78 | CC50: 56 | CD50: 81 | CE50: 62 | CF50: 14 | CG50: 395.41803 | CH50: 86.955737 | CI50: 127 | CJ50: 144 | CK50: 83 | CL50: 114 | CM50: 100 | CN50: 17 | CO50: 415.1 | CP50: 78.808767 | CQ50: 33 | CR50: 187 | CS50: 107 | CT50: 96 | CU50: 135 | CV50: 154 | CW50: 294.60024 | CX50: 73.464712 | CY50: 230 | CZ50: 279 | DA50: 182 | DB50: 273 | DC50: 248 | DD50: 49 | DE50: 256.68929 | DF50: 64.876729 | DG50: 132 | DH50: 230 | DI50: 198 | DJ50: 202 | DK50: 196 | DL50: 98 | DM50: 862.36661 | DN50: 83.381994 | DO50: 39 | DP50: 39 | DQ50: 33 | DR50: 25 | DS50: 24 | DT50: 0 | DU50: 425.13785 | DV50: 67.619598 | DW50: 67 | DX50: 68 | DY50: 95 | DZ50: 85 | EA50: 78 | EB50: 1 | EC50: 71.140468 | ED50: 48 | EE50: 171 | EF50: 103 | EG50: 117 | EH50: 105 | EI50: 123
A51: Jundiaí | B51: SP | C51: Sudeste | D51: 821.68492 | E51: 92.051854 | F51: 16 | G51: 33 | H51: 16 | I51: 12 | J51: 13 | K51: 17 | L51: 184.70661 | M51: 60.768113 | N51: 95 | O51: 87 | P51: 212 | Q51: 313 | R51: 109 | S51: -8 | T51: 1103.8603 | U51: 89.629287 | V51: 21 | W51: 6 | X51: 11 | Y51: 7 | Z51: 2 | AA51: -15 | AB51: 729.92243 | AC51: 79.655536 | AD51: 18 | AE51: 7 | AF51: 7 | AG51: 9 | AH51: 11 | AI51: -11 | AJ51: 381.41374 | AK51: 57.101591 | AL51: 266 | AM51: 295 | AN51: 132 | AO51: 70 | AP51: 68 | AQ51: 29 | AR51: 636.77818 | AS51: 79.980197 | AT51: 151 | AU51: 36 | AV51: 12 | AW51: 12 | AX51: 10 | AY51: -115 | AZ51: - | BA51: 536.03914 | BB51: 45.240648 | BC51: 93 | BD51: 99 | BE51: 101 | BF51: 64 | BG51: 55 | BH51: 6 | BI51: 559.63316 | BJ51: 44.054057 | BK51: 378 | BL51: 376 | BM51: 237 | BN51: 160 | BO51: 142 | BP51: -2 | BQ51: 127.55548 | BR51: 64.674035 | BS51: 88 | BT51: 91 | BU51: 119 | BV51: 101 | BW51: 113 | BX51: 3 | BY51: 1441.8469 | BZ51: 94.67952 | CA51: 14 | CB51: 3 | CC51: 2 | CD51: 1 | CE51: 4 | CF51: -11 | CG51: 325.34832 | CH51: 67.142898 | CI51: 310 | CJ51: 206 | CK51: 73 | CL51: 100 | CM51: 86 | CN51: -104 | CO51: 394.4116 | CP51: 70.20536 | CQ51: 163 | CR51: 148 | CS51: 276 | CT51: 128 | CU51: 22 | CV51: -15 | CW51: 266.61514 | CX51: 65.534633 | CY51: 305 | CZ51: 103 | DA51: 16 | DB51: 2 | DC51: 2 | DD51: -202 | DE51: 245.04732 | DF51: 58.511203 | DG51: 178 | DH51: 160 | DI51: 188 | DJ51: 180 | DK51: 130 | DL51: -18 | DM51: 925.85388 | DN51: 94.760318 | DO51: 5 | DP51: 2 | DQ51: 2 | DR51: 13 | DS51: 22 | DT51: -3 | DU51: 461.65808 | DV51: 73.916222 | DW51: 20 | DX51: 24 | DY51: 17 | DZ51: 30 | EA51: 34 | EB51: 4 | EC51: 71.119092 | ED51: 49 | EE51: 24 | EF51: 11 | EG51: 11 | EH51: 8 | EI51: -25
A52: São João da Boa Vista | B52: SP | C52: Sudeste | D52: 794.73298 | E52: 87.754947 | F52: 35 | G52: 25 | H52: 10 | I52: 17 | J52: 23 | K52: -10 | L52: 182.78134 | M52: 59.721994 | N52: 116 | O52: 104 | P52: 104 | Q52: 124 | R52: 214 | S52: -12 | T52: 1039.4474 | U52: 82.07976 | V52: 90 | W52: 39 | X52: 62 | Y52: 45 | Z52: 81 | AA52: -51 | AB52: 743.94149 | AC52: 81.721986 | AD52: 13 | AE52: 9 | AF52: 10 | AG52: 10 | AH52: 20 | AI52: -4 | AJ52: 416.47867 | AK52: 68.324913 | AL52: 96 | AM52: 57 | AN52: 15 | AO52: 30 | AP52: 35 | AQ52: -39 | AR52: 668.25118 | AS52: 85.721912 | AT52: 90 | AU52: 32 | AV52: 60 | AW52: 37 | AX52: 37 | AY52: -58 | AZ52: - | BA52: 554.49448 | BB52: 48.764655 | BC52: 65 | BD52: 160 | BE52: 142 | BF52: 116 | BG52: 133 | BH52: 95 | BI52: 633.0942 | BJ52: 59.797004 | BK52: 164 | BL52: 147 | BM52: 72 | BN52: 118 | BO52: 104 | BP52: -17 | BQ52: 103.42409 | BR52: 50.360446 | BS52: 257 | BT52: 355 | BU52: 339 | BV52: 328 | BW52: 215 | BX52: 98 | BY52: 1346.1648 | BZ52: 85.737587 | CA52: 84 | CB52: 54 | CC52: 50 | CD52: 54 | CE52: 39 | CF52: -30 | CG52: 387.73323 | CH52: 84.782791 | CI52: 165 | CJ52: 47 | CK52: 136 | CL52: 97 | CM52: 81 | CN52: -118 | CO52: 397.69729 | CP52: 71.571735 | CQ52: 122 | CR52: 147 | CS52: 253 | CT52: 195 | CU52: 166 | CV52: 25 | CW52: 301.36815 | CX52: 75.382521 | CY52: 188 | CZ52: 39 | DA52: 78 | DB52: 76 | DC52: 72 | DD52: -149 | DE52: 229.24679 | DF52: 49.871882 | DG52: 266 | DH52: 265 | DI52: 311 | DJ52: 293 | DK52: 295 | DL52: -1 | DM52: 827.75813 | DN52: 77.179388 | DO52: 76 | DP52: 49 | DQ52: 74 | DR52: 64 | DS52: 57 | DT52: -27 | DU52: 428.41813 | DV52: 68.185167 | DW52: 62 | DX52: 54 | DY52: 51 | DZ52: 42 | EA52: 22 | EB52: -8 | EC52: 71.059918 | ED52: 50 | EE52: 30 | EF52: 42 | EG52: 38 | EH52: 34 | EI52: -20
A53: Presidente Prudente | B53: SP | C53: Sudeste | D53: 836.60169 | E53: 94.430012 | F53: 10 | G53: 21 | H53: 8 | I53: 13 | J53: 2 | K53: 11 | L53: 180.08465 | M53: 58.25672 | N53: 141 | O53: 181 | P53: 196 | Q53: 287 | R53: 65 | S53: 40 | T53: 1084.1173 | U53: 87.31531 | V53: 42 | W53: 16 | X53: 28 | Y53: 57 | Z53: 60 | AA53: -26 | AB53: 657.50555 | AC53: 68.981083 | AD53: 72 | AE53: 71 | AF53: 66 | AG53: 58 | AH53: 48 | AI53: -1 | AJ53: 438.82904 | AK53: 75.478657 | AL53: 33 | AM53: 98 | AN53: 38 | AO53: 61 | AP53: 9 | AQ53: 65 | AR53: 698.87693 | AS53: 91.309059 | AT53: 25 | AU53: 21 | AV53: 23 | AW53: 80 | AX53: 59 | AY53: -4 | AZ53: - | BA53: 439.01856 | BB53: 26.714787 | BC53: 260 | BD53: 271 | BE53: 283 | BF53: 171 | BG53: 166 | BH53: 11 | BI53: 581.40578 | BJ53: 48.720003 | BK53: 341 | BL53: 357 | BM53: 295 | BN53: 229 | BO53: 183 | BP53: 16 | BQ53: 95.796886 | BR53: 45.836353 | BS53: 319 | BT53: 306 | BU53: 359 | BV53: 288 | BW53: 343 | BX53: -13 | BY53: 1421.4553 | BZ53: 92.77383 | CA53: 23 | CB53: 18 | CC53: 23 | CD53: 44 | CE53: 21 | CF53: -5 | CG53: 417.38564 | CH53: 93.167276 | CI53: 42 | CJ53: 52 | CK53: 40 | CL53: 161 | CM53: 106 | CN53: 10 | CO53: 394.60249 | CP53: 70.28474 | CQ53: 161 | CR53: 101 | CS53: 200 | CT53: 245 | CU53: 89 | CV53: -60 | CW53: 342.78796 | CX53: 87.119566 | CY53: 13 | CZ53: 6 | DA53: 3 | DB53: 92 | DC53: 52 | DD53: -7 | DE53: 215.43364 | DF53: 42.319208 | DG53: 358 | DH53: 343 | DI53: 369 | DJ53: 382 | DK53: 375 | DL53: -15 | DM53: 884.35601 | DN53: 87.322981 | DO53: 24 | DP53: 47 | DQ53: 63 | DR53: 43 | DS53: 29 | DT53: 23 | DU53: 417.61311 | DV53: 66.322223 | DW53: 81 | DX53: 92 | DY53: 97 | DZ53: 101 | EA53: 122 | EB53: 11 | EC53: 71.021988 | ED53: 51 | EE53: 55 | EF53: 56 | EG53: 83 | EH53: 41 | EI53: 4
A54: Chapecó | B54: SC | C54: Sul | D54: 725.18041 | E54: 76.666288 | F54: 151 | G54: 183 | H54: 146 | I54: 96 | J54: 56 | K54: 32 | L54: 194.79742 | M54: 66.251062 | N54: 47 | O54: 142 | P54: 65 | Q54: 77 | R54: 45 | S54: 95 | T54: 998.5558 | U54: 77.287053 | V54: 128 | W54: 165 | X54: 118 | Y54: 134 | Z54: 133 | AA54: 37 | AB54: 498.06537 | AC54: 45.479146 | AD54: 261 | AE54: 213 | AF54: 175 | AG54: 146 | AH54: 167 | AI54: -48 | AJ54: 405.42208 | AK54: 64.786003 | AL54: 139 | AM54: 203 | AN54: 87 | AO54: 36 | AP54: 7 | AQ54: 64 | AR54: 588.59965 | AS54: 71.190843 | AT54: 225 | AU54: 295 | AV54: 211 | AW54: 236 | AX54: 207 | AY54: 70 | AZ54: - | BA54: 572.716 | BB54: 52.244012 | BC54: 46 | BD54: 51 | BE54: 36 | BF54: 25 | BG54: 28 | BH54: 5 | BI54: 671.87148 | BJ54: 68.107104 | BK54: 55 | BL54: 88 | BM54: 36 | BN54: 22 | BO54: 15 | BP54: 33 | BQ54: 140.5928 | BR54: 72.407151 | BS54: 37 | BT54: 23 | BU54: 14 | BV54: 85 | BW54: 239 | BX54: -14 | BY54: 1346.2259 | BZ54: 85.743296 | CA54: 83 | CB54: 98 | CC54: 100 | CD54: 61 | CE54: 53 | CF54: 15 | CG54: 372.6964 | CH54: 80.530991 | CI54: 228 | CJ54: 315 | CK54: 181 | CL54: 205 | CM54: 194 | CN54: 87 | CO54: 399.35379 | CP54: 72.260601 | CQ54: 108 | CR54: 325 | CS54: 259 | CT54: 93 | CU54: 272 | CV54: 217 | CW54: 307.82849 | CX54: 77.213174 | CY54: 164 | CZ54: 218 | DA54: 139 | DB54: 153 | DC54: 150 | DD54: 54 | DE54: 249.40217 | DF54: 60.892323 | DG54: 159 | DH54: 213 | DI54: 172 | DJ54: 187 | DK54: 189 | DL54: 54 | DM54: 883.10225 | DN54: 87.098279 | DO54: 25 | DP54: 27 | DQ54: 44 | DR54: 16 | DS54: 13 | DT54: 2 | DU54: 485.49382 | DV54: 78.025851 | DW54: 9 | DX54: 12 | DY54: 14 | DZ54: 14 | EA54: 31 | EB54: 3 | EC54: 71.011448 | ED54: 52 | EE54: 124 | EF54: 53 | EG54: 42 | EH54: 47 | EI54: 72
A55: Araras | B55: SP | C55: Sudeste | D55: 807.58483 | E55: 89.803899 | F55: 24 | G55: 17 | H55: 25 | I55: 138 | J55: 174 | K55: -7 | L55: 185.86184 | M55: 61.395819 | N55: 85 | O55: 89 | P55: 26 | Q55: 179 | R55: 15 | S55: 4 | T55: 1082.4751 | U55: 87.122832 | V55: 44 | W55: 29 | X55: 18 | Y55: 141 | Z55: 106 | AA55: -15 | AB55: 704.07712 | AC55: 75.845865 | AD55: 29 | AE55: 19 | AF55: 16 | AG55: 19 | AH55: 16 | AI55: -10 | AJ55: 416.35703 | AK55: 68.28598 | AL55: 97 | AM55: 43 | AN55: 48 | AO55: 86 | AP55: 182 | AQ55: -54 | AR55: 667.52533 | AS55: 85.589492 | AT55: 92 | AU55: 112 | AV55: 40 | AW55: 226 | AX55: 178 | AY55: 20 | AZ55: - | BA55: 513.31057 | BB55: 40.90068 | BC55: 132 | BD55: 183 | BE55: 59 | BF55: 66 | BG55: 58 | BH55: 51 | BI55: 630.81235 | BJ55: 59.307996 | BK55: 172 | BL55: 149 | BM55: 107 | BN55: 103 | BO55: 179 | BP55: -23 | BQ55: 112.53355 | BR55: 55.763745 | BS55: 175 | BT55: 244 | BU55: 124 | BV55: 135 | BW55: 216 | BX55: 69 | BY55: 1400.45 | BZ55: 90.810787 | CA55: 34 | CB55: 42 | CC55: 12 | CD55: 77 | CE55: 65 | CF55: 8 | CG55: 387.70834 | CH55: 84.775753 | CI55: 166 | CJ55: 230 | CK55: 114 | CL55: 152 | CM55: 90 | CN55: 64 | CO55: 394.69329 | CP55: 70.322501 | CQ55: 159 | CR55: 180 | CS55: 42 | CT55: 304 | CU55: 241 | CV55: 21 | CW55: 348.36736 | CX55: 88.700588 | CY55: 5 | CZ55: 7 | DA55: 7 | DB55: 314 | DC55: 299 | DD55: 2 | DE55: 216.65461 | DF55: 42.986802 | DG55: 352 | DH55: 360 | DI55: 222 | DJ55: 359 | DK55: 340 | DL55: 8 | DM55: 811.45794 | DN55: 74.258034 | DO55: 97 | DP55: 92 | DQ55: 52 | DR55: 51 | DS55: 35 | DT55: -5 | DU55: 374.78437 | DV55: 58.937922 | DW55: 175 | DX55: 133 | DY55: 98 | DZ55: 53 | EA55: 49 | EB55: -42 | EC55: 70.925543 | ED55: 53 | EE55: 48 | EF55: 12 | EG55: 105 | EH55: 93 | EI55: -5
A56: Mogi Mirim | B56: SP | C56: Sudeste | D56: 793.56646 | E56: 87.568971 | F56: 39 | G56: 45 | H56: 100 | I56: 85 | J56: 84 | K56: 6 | L56: 185.24835 | M56: 61.062474 | N56: 93 | O56: 54 | P56: 105 | Q56: 210 | R56: 138 | S56: -39 | T56: 1031.783 | U56: 81.18145 | V56: 95 | W56: 72 | X56: 63 | Y56: 92 | Z56: 149 | AA56: -23 | AB56: 669.29035 | AC56: 70.718196 | AD56: 60 | AE56: 62 | AF56: 62 | AG56: 59 | AH56: 35 | AI56: 2 | AJ56: 403.04625 | AK56: 64.025564 | AL56: 149 | AM56: 145 | AN56: 129 | AO56: 159 | AP56: 157 | AQ56: -4 | AR56: 641.30761 | AS56: 80.806514 | AT56: 143 | AU56: 143 | AV56: 109 | AW56: 157 | AX56: 139 | AY56: 0 | AZ56: - | BA56: 553.641 | BB56: 48.601685 | BC56: 66 | BD56: 126 | BE56: 175 | BF56: 159 | BG56: 156 | BH56: 60 | BI56: 645.97294 | BJ56: 62.55696 | BK56: 121 | BL56: 145 | BM56: 180 | BN56: 203 | BO56: 171 | BP56: 24 | BQ56: 121.78953 | BR56: 61.253952 | BS56: 116 | BT56: 147 | BU56: 101 | BV56: 280 | BW56: 139 | BX56: 31 | BY56: 1402.7438 | BZ56: 91.025155 | CA56: 33 | CB56: 45 | CC56: 30 | CD56: 69 | CE56: 110 | CF56: 12 | CG56: 379.5907 | CH56: 82.480416 | CI56: 205 | CJ56: 260 | CK56: 143 | CL56: 186 | CM56: 200 | CN56: 55 | CO56: 392.24034 | CP56: 69.302427 | CQ56: 190 | CR56: 131 | CS56: 221 | CT56: 287 | CU56: 193 | CV56: -59 | CW56: 348.32654 | CX56: 88.689022 | CY56: 6 | CZ56: 18 | DA56: 31 | DB56: 81 | DC56: 59 | DD56: 12 | DE56: 211.58191 | DF56: 40.213183 | DG56: 381 | DH56: 344 | DI56: 380 | DJ56: 373 | DK56: 377 | DL56: -37 | DM56: 823.06502 | DN56: 76.338279 | DO56: 83 | DP56: 69 | DQ56: 88 | DR56: 88 | DS56: 156 | DT56: -14 | DU56: 430.89596 | DV56: 68.61238 | DW56: 58 | DX56: 75 | DY56: 89 | DZ56: 122 | EA56: 148 | EB56: 17 | EC56: 70.902289 | ED56: 54 | EE56: 62 | EF56: 68 | EG56: 125 | EH56: 108 | EI56: 8
A57: Itaquaquecetuba | B57: SP | C57: Sudeste | D57: 690.72915 | E57: 71.173776 | F57: 215 | G57: 249 | H57: 223 | I57: 203 | J57: 217 | K57: 34 | L57: 231.11456 | M57: 85.984375 | N57: 5 | O57: 95 | P57: 143 | Q57: 197 | R57: 101 | S57: 90 | T57: 938.46384 | U57: 70.243963 | V57: 209 | W57: 254 | X57: 230 | Y57: 247 | Z57: 236 | AA57: 45 | AB57: 505.91255 | AC57: 46.635843 | AD57: 247 | AE57: 246 | AF57: 269 | AG57: 287 | AH57: 306 | AI57: -1 | AJ57: 395.28 | AK57: 61.539801 | AL57: 199 | AM57: 192 | AN57: 163 | AO57: 119 | AP57: 207 | AQ57: -7 | AR57: 676.52169 | AS57: 87.230724 | AT57: 71 | AU57: 214 | AV57: 163 | AW57: 222 | AX57: 208 | AY57: 143 | AZ57: - | BA57: 525.41238 | BB57: 43.211492 | BC57: 114 | BD57: 353 | BE57: 318 | BF57: 315 | BG57: 392 | BH57: 239 | BI57: 630.93675 | BJ57: 59.334656 | BK57: 171 | BL57: 328 | BM57: 215 | BN57: 155 | BO57: 323 | BP57: 157 | BQ57: 127.38214 | BR57: 64.571223 | BS57: 89 | BT57: 234 | BU57: 168 | BV57: 248 | BW57: 241 | BX57: 145 | BY57: 1289.1068 | BZ57: 80.40525 | CA57: 146 | CB57: 178 | CC57: 116 | CD57: 171 | CE57: 187 | CF57: 32 | CG57: 409.29479 | CH57: 90.879516 | CI57: 65 | CJ57: 45 | CK57: 31 | CL57: 56 | CM57: 96 | CN57: -20 | CO57: 452.71224 | CP57: 94.450066 | CQ57: 2 | CR57: 35 | CS57: 81 | CT57: 189 | CU57: 17 | CV57: 33 | CW57: 298.36613 | CX57: 74.531843 | CY57: 205 | CZ57: 274 | DA57: 169 | DB57: 251 | DC57: 231 | DD57: 69 | DE57: 272.42124 | DF57: 73.478554 | DG57: 63 | DH57: 258 | DI57: 339 | DJ57: 386 | DK57: 357 | DL57: 195 | DM57: 782.66556 | DN57: 69.097803 | DO57: 147 | DP57: 141 | DQ57: 104 | DR57: 122 | DS57: 119 | DT57: -6 | DU57: 389.45451 | DV57: 61.467268 | DW57: 144 | DX57: 145 | DY57: 103 | DZ57: 135 | EA57: 216 | EB57: 1 | EC57: 70.88976 | ED57: 55 | EE57: 227 | EF57: 180 | EG57: 219 | EH57: 217 | EI57: 172
A58: Araucária | B58: PR | C58: Sul | D58: 763.32215 | E58: 82.747168 | F58: 81 | G58: 95 | H58: 152 | I58: 162 | J58: 153 | K58: 14 | L58: 193.58944 | M58: 65.594695 | N58: 51 | O58: 90 | P58: 54 | Q58: 203 | R58: 197 | S58: 39 | T58: 1053.9207 | U58: 83.776103 | V58: 76 | W58: 34 | X58: 66 | Y58: 42 | Z58: 19 | AA58: -42 | AB58: 566.33262 | AC58: 55.541934 | AD58: 181 | AE58: 165 | AF58: 174 | AG58: 173 | AH58: 172 | AI58: -16 | AJ58: 418.10172 | AK58: 68.844408 | AL58: 85 | AM58: 159 | AN58: 227 | AO58: 253 | AP58: 260 | AQ58: 74 | AR58: 651.50313 | AS58: 82.666513 | AT58: 129 | AU58: 108 | AV58: 67 | AW58: 95 | AX58: 99 | AY58: -21 | AZ58: - | BA58: 570.94512 | BB58: 51.905867 | BC58: 50 | BD58: 52 | BE58: 83 | BF58: 60 | BG58: 64 | BH58: 2 | BI58: 713.98777 | BJ58: 77.132766 | BK58: 17 | BL58: 17 | BM58: 48 | BN58: 64 | BO58: 140 | BP58: 0 | BQ58: 116.55617 | BR58: 58.149769 | BS58: 146 | BT58: 109 | BU58: 180 | BV58: 153 | BW58: 76 | BX58: -37 | BY58: 1337.1829 | BZ58: 84.898183 | CA58: 91 | CB58: 81 | CC58: 81 | CD58: 88 | CE58: 106 | CF58: -10 | CG58: 394.31948 | CH58: 86.645112 | CI58: 133 | CJ58: 173 | CK58: 108 | CL58: 150 | CM58: 136 | CN58: 40 | CO58: 397.26188 | CP58: 71.390668 | CQ58: 128 | CR58: 139 | CS58: 108 | CT58: 188 | CU58: 186 | CV58: 11 | CW58: 324.6485 | CX58: 81.979424 | CY58: 94 | CZ58: 113 | DA58: 84 | DB58: 117 | DC58: 118 | DD58: 19 | DE58: 237.95654 | DF58: 54.634147 | DG58: 219 | DH58: 199 | DI58: 164 | DJ58: 209 | DK58: 179 | DL58: -20 | DM58: 807.04727 | DN58: 73.467545 | DO58: 109 | DP58: 95 | DQ58: 106 | DR58: 138 | DS58: 159 | DT58: -14 | DU58: 346.90183 | DV58: 54.130565 | DW58: 240 | DX58: 212 | DY58: 211 | DZ58: 239 | EA58: 257 | EB58: -28 | EC58: 70.844054 | ED58: 56 | EE58: 61 | EF58: 77 | EG58: 106 | EH58: 111 | EI58: 5
A59: Avaré | B59: SP | C59: Sudeste | D59: 827.65382 | E59: 93.003467 | F59: 14 | G59: 11 | H59: 17 | I59: 7 | J59: 14 | K59: -3 | L59: 194.52187 | M59: 66.101342 | N59: 48 | O59: 20 | P59: 59 | Q59: 109 | R59: 17 | S59: -28 | T59: 1017.7646 | U59: 79.538425 | V59: 109 | W59: 159 | X59: 93 | Y59: 86 | Z59: 76 | AA59: 50 | AB59: 660.59975 | AC59: 69.437177 | AD59: 68 | AE59: 82 | AF59: 51 | AG59: 57 | AH59: 55 | AI59: 14 | AJ59: 431.16372 | AK59: 73.025196 | AL59: 46 | AM59: 11 | AN59: 13 | AO59: 13 | AP59: 19 | AQ59: -35 | AR59: 684.66361 | AS59: 88.716081 | AT59: 52 | AU59: 45 | AV59: 19 | AW59: 16 | AX59: 15 | AY59: -7 | AZ59: - | BA59: 495.81548 | BB59: 37.56003 | BC59: 163 | BD59: 299 | BE59: 312 | BF59: 266 | BG59: 231 | BH59: 136 | BI59: 628.95313 | BJ59: 58.909559 | BK59: 177 | BL59: 173 | BM59: 194 | BN59: 189 | BO59: 158 | BP59: -4 | BQ59: 104.44126 | BR59: 50.963785 | BS59: 246 | BT59: 350 | BU59: 277 | BV59: 360 | BW59: 311 | BX59: 104 | BY59: 1349.3228 | BZ59: 86.032713 | CA59: 76 | CB59: 110 | CC59: 64 | CD59: 47 | CE59: 63 | CF59: 34 | CG59: 414.86853 | CH59: 92.455541 | CI59: 50 | CJ59: 65 | CK59: 58 | CL59: 50 | CM59: 45 | CN59: 15 | CO59: 396.79439 | CP59: 71.196257 | CQ59: 133 | CR59: 65 | CS59: 244 | CT59: 157 | CU59: 204 | CV59: -68 | CW59: 338.96559 | CX59: 86.03643 | CY59: 24 | CZ59: 19 | DA59: 19 | DB59: 24 | DC59: 19 | DD59: -5 | DE59: 225.73319 | DF59: 47.950737 | DG59: 290 | DH59: 240 | DI59: 305 | DJ59: 309 | DK59: 314 | DL59: -50 | DM59: 793.27538 | DN59: 70.999316 | DO59: 128 | DP59: 276 | DQ59: 260 | DR59: 182 | DS59: 234 | DT59: 148 | DU59: 388.4754 | DV59: 61.298455 | DW59: 146 | DX59: 166 | DY59: 151 | DZ59: 113 | EA59: 139 | EB59: 20 | EC59: 70.826532 | ED59: 57 | EE59: 74 | EF59: 72 | EG59: 70 | EH59: 60 | EI59: 17
A60: Osasco | B60: SP | C60: Sudeste | D60: 724.04331 | E60: 76.485002 | F60: 154 | G60: 204 | H60: 166 | I60: 139 | J60: 120 | K60: 50 | L60: 172.34148 | M60: 54.049385 | N60: 194 | O60: 186 | P60: 217 | Q60: 314 | R60: 227 | S60: -8 | T60: 1033.0455 | U60: 81.329429 | V60: 94 | W60: 199 | X60: 146 | Y60: 202 | Z60: 130 | AA60: 105 | AB60: 622.65154 | AC60: 63.843502 | AD60: 103 | AE60: 102 | AF60: 131 | AG60: 99 | AH60: 127 | AI60: -1 | AJ60: 371.34098 | AK60: 53.877575 | AL60: 314 | AM60: 317 | AN60: 216 | AO60: 129 | AP60: 120 | AQ60: 3 | AR60: 644.24641 | AS60: 81.342649 | AT60: 137 | AU60: 166 | AV60: 122 | AW60: 199 | AX60: 165 | AY60: 29 | AZ60: - | BA60: 656.13754 | BB60: 68.173169 | BC60: 9 | BD60: 16 | BE60: 10 | BF60: 12 | BG60: 12 | BH60: 7 | BI60: 728.87642 | BJ60: 80.323454 | BK60: 12 | BL60: 29 | BM60: 9 | BN60: 4 | BO60: 4 | BP60: 17 | BQ60: 111.24577 | BR60: 54.999896 | BS60: 186 | BT60: 44 | BU60: 31 | BV60: 37 | BW60: 73 | BX60: -142 | BY60: 1353.5195 | BZ60: 86.424918 | CA60: 69 | CB60: 92 | CC60: 54 | CD60: 101 | CE60: 98 | CF60: 23 | CG60: 400.69643 | CH60: 88.448251 | CI60: 96 | CJ60: 63 | CK60: 62 | CL60: 171 | CM60: 149 | CN60: -33 | CO60: 392.97843 | CP60: 69.609368 | CQ60: 176 | CR60: 240 | CS60: 195 | CT60: 201 | CU60: 40 | CV60: 64 | CW60: 311.12055 | CX60: 78.146037 | CY60: 147 | CZ60: 194 | DA60: 121 | DB60: 249 | DC60: 219 | DD60: 47 | DE60: 210.4428 | DF60: 39.590348 | DG60: 387 | DH60: 390 | DI60: 387 | DJ60: 389 | DK60: 383 | DL60: 3 | DM60: 838.09176 | DN60: 79.031404 | DO60: 62 | DP60: 62 | DQ60: 47 | DR60: 58 | DS60: 60 | DT60: 0 | DU60: 477.75209 | DV60: 76.691064 | DW60: 12 | DX60: 11 | DY60: 4 | DZ60: 4 | EA60: 4 | EB60: -1 | EC60: 70.772841 | ED60: 58 | EE60: 84 | EF60: 34 | EG60: 68 | EH60: 59 | EI60: 26
A61: Leme | B61: SP | C61: Sudeste | D61: 838.53738 | E61: 94.738616 | F61: 9 | G61: 46 | H61: 45 | I61: 18 | J61: 33 | K61: 37 | L61: 185.35659 | M61: 61.121282 | N61: 91 | O61: 138 | P61: 134 | Q61: 364 | R61: 7 | S61: 47 | T61: 1100.0825 | U61: 89.186507 | V61: 28 | W61: 13 | X61: 101 | Y61: 22 | Z61: 93 | AA61: -15 | AB61: 613.73229 | AC61: 62.52878 | AD61: 108 | AE61: 99 | AF61: 90 | AG61: 78 | AH61: 98 | AI61: -9 | AJ61: 404.01265 | AK61: 64.334883 | AL61: 146 | AM61: 81 | AN61: 41 | AO61: 16 | AP61: 137 | AQ61: -65 | AR61: 690.85806 | AS61: 89.846153 | AT61: 41 | AU61: 91 | AV61: 191 | AW61: 92 | AX61: 237 | AY61: 50 | AZ61: - | BA61: 460.06903 | BB61: 30.734326 | BC61: 217 | BD61: 316 | BE61: 294 | BF61: 235 | BG61: 196 | BH61: 99 | BI61: 601.27346 | BJ61: 52.977712 | BK61: 273 | BL61: 205 | BM61: 159 | BN61: 55 | BO61: 184 | BP61: -68 | BQ61: 106.28811 | BR61: 52.059247 | BS61: 230 | BT61: 335 | BU61: 215 | BV61: 204 | BW61: 50 | BX61: 105 | BY61: 1498.778 | BZ61: 100 | CA61: 1 | CB61: 26 | CC61: 65 | CD61: 25 | CE61: 55 | CF61: 25 | CG61: 362.17677 | CH61: 77.556472 | CI61: 263 | CJ61: 158 | CK61: 331 | CL61: 194 | CM61: 352 | CN61: -105 | CO61: 396.96875 | CP61: 71.268766 | CQ61: 132 | CR61: 169 | CS61: 123 | CT61: 171 | CU61: 359 | CV61: 37 | CW61: 388.24277 | CX61: 100 | CY61: 1 | CZ61: 11 | DA61: 201 | DB61: 8 | DC61: 281 | DD61: 10 | DE61: 216.92406 | DF61: 43.134131 | DG61: 350 | DH61: 359 | DI61: 350 | DJ61: 355 | DK61: 336 | DL61: 9 | DM61: 837.68265 | DN61: 78.958082 | DO61: 64 | DP61: 78 | DQ61: 66 | DR61: 49 | DS61: 21 | DT61: 14 | DU61: 402.0347 | DV61: 63.636278 | DW61: 110 | DX61: 104 | DY61: 88 | DZ61: 76 | EA61: 30 | EB61: -6 | EC61: 70.755077 | ED61: 59 | EE61: 83 | EF61: 143 | EG61: 66 | EH61: 150 | EI61: 24
A62: Itapema | B62: SC | C62: Sul | D62: 840.71233 | E62: 95.085365 | F62: 6 | K62: Novo município | L62: 177.442 | M62: 56.820803 | N62: 162 | S62: Novo município | T62: 1082.2068 | U62: 87.091385 | V62: 45 | AA62: Novo município | AB62: 502.18768 | AC62: 46.086786 | AD62: 255 | AI62: Novo município | AJ62: 458.62983 | AK62: 81.816345 | AL62: 10 | AQ62: Novo município | AR62: 707.77014 | AS62: 92.931475 | AT62: 15 | AY62: Novo município | AZ62: - | BA62: 353.51332 | BB62: 10.387753 | BC62: 396 | BH62: Novo município | BI62: 578.40389 | BJ62: 48.076688 | BK62: 348 | BP62: Novo município | BQ62: 120.53182 | BR62: 60.507939 | BS62: 124 | BX62: Novo município | BY62: 1390.4566 | BZ62: 89.87686 | CA62: 40 | CF62: Novo município | CG62: 420.95494 | CH62: 94.176527 | CI62: 28 | CN62: Novo município | CO62: 390.57904 | CP62: 68.611563 | CQ62: 225 | CV62: Novo município | CW62: 325.35989 | CX62: 82.181009 | CY62: 86 | DD62: Novo município | DE62: 265.57908 | DF62: 69.737438 | DG62: 87 | DL62: Novo município | DM62: 826.50252 | DN62: 76.954356 | DO62: 79 | DT62: Novo município | DU62: 445.93774 | DV62: 71.205804 | DW62: 37 | EB62: Novo município | EC62: 70.721756 | ED62: 60 | EI62: Novo município
A63: Cascavel | B63: PR | C63: Sul | D63: 809.79461 | E63: 90.1562 | F63: 23 | G63: 36 | H63: 28 | I63: 25 | J63: 22 | K63: 13 | L63: 177.75399 | M63: 56.990331 | N63: 158 | O63: 195 | P63: 179 | Q63: 224 | R63: 200 | S63: 37 | T63: 1112.7626 | U63: 90.67268 | V63: 14 | W63: 14 | X63: 8 | Y63: 27 | Z63: 5 | AA63: 0 | AB63: 606.41763 | AC63: 61.450578 | AD63: 117 | AE63: 128 | AF63: 110 | AG63: 112 | AH63: 100 | AI63: 11 | AJ63: 406.41505 | AK63: 65.103826 | AL63: 136 | AM63: 179 | AN63: 97 | AO63: 58 | AP63: 58 | AQ63: 43 | AR63: 673.74678 | AS63: 86.724489 | AT63: 76 | AU63: 42 | AV63: 30 | AW63: 43 | AX63: 44 | AY63: -34 | AZ63: - | BA63: 542.28441 | BB63: 46.433169 | BC63: 86 | BD63: 82 | BE63: 70 | BF63: 67 | BG63: 52 | BH63: -4 | BI63: 671.95689 | BJ63: 68.125408 | BK63: 54 | BL63: 77 | BM63: 32 | BN63: 28 | BO63: 39 | BP63: 23 | BQ63: 107.80905 | BR63: 52.961399 | BS63: 221 | BT63: 156 | BU63: 232 | BV63: 216 | BW63: 122 | BX63: -65 | BY63: 1353.9269 | BZ63: 86.462988 | CA63: 68 | CB63: 67 | CC63: 61 | CD63: 70 | CE63: 45 | CF63: -1 | CG63: 389.56838 | CH63: 85.301695 | CI63: 154 | CJ63: 152 | CK63: 98 | CL63: 159 | CM63: 134 | CN63: -2 | CO63: 386.52653 | CP63: 66.9263 | CQ63: 275 | CR63: 277 | CS63: 252 | CT63: 251 | CU63: 161 | CV63: 2 | CW63: 343.33917 | CX63: 87.275761 | CY63: 10 | CZ63: 14 | DA63: 11 | DB63: 18 | DC63: 12 | DD63: 4 | DE63: 224.95901 | DF63: 47.527435 | DG63: 299 | DH63: 293 | DI63: 261 | DJ63: 270 | DK63: 229 | DL63: -6 | DM63: 809.20796 | DN63: 73.854787 | DO63: 103 | DP63: 140 | DQ63: 154 | DR63: 107 | DS63: 88 | DT63: 37 | DU63: 410.43036 | DV63: 65.083812 | DW63: 94 | DX63: 86 | DY63: 99 | DZ63: 57 | EA63: 58 | EB63: -8 | EC63: 70.690679 | ED63: 61 | EE63: 54 | EF63: 38 | EG63: 45 | EH63: 24 | EI63: -7
A64: Ijuí | B64: RS | C64: Sul | D64: 760.04344 | E64: 82.224446 | F64: 90 | G64: 189 | H64: 220 | I64: 254 | J64: 223 | K64: 99 | L64: 188.99649 | M64: 63.099065 | N64: 73 | O64: 326 | P64: 408 | Q64: 407 | R64: 359 | S64: 253 | T64: 1042.5768 | U64: 82.446548 | V64: 85 | W64: 148 | X64: 139 | Y64: 222 | Z64: 166 | AA64: 63 | AB64: 678.56514 | AC64: 72.085326 | AD64: 54 | AE64: 42 | AF64: 38 | AG64: 25 | AH64: 27 | AI64: -12 | AJ64: 453.31436 | AK64: 80.115008 | AL64: 14 | AM64: 35 | AN64: 70 | AO64: 140 | AP64: 147 | AQ64: 21 | AR64: 541.31795 | AS64: 62.565099 | AT64: 288 | AU64: 334 | AV64: 299 | AW64: 366 | AX64: 333 | AY64: 46 | AZ64: - | BA64: 566.65521 | BB64: 51.086718 | BC64: 57 | BD64: 48 | BE64: 37 | BF64: 81 | BG64: 41 | BH64: -9 | BI64: 710.10158 | BJ64: 76.299941 | BK64: 21 | BL64: 38 | BM64: 60 | BN64: 102 | BO64: 111 | BP64: 17 | BQ64: 104.01223 | BR64: 50.709301 | BS64: 250 | BT64: 125 | BU64: 271 | BV64: 282 | BW64: 317 | BX64: -125 | BY64: 1299.6448 | BZ64: 81.390075 | CA64: 131 | CB64: 175 | CC64: 118 | CD64: 196 | CE64: 155 | CF64: 44 | CG64: 388.85934 | CH64: 85.101207 | CI64: 159 | CJ64: 182 | CK64: 149 | CL64: 289 | CM64: 271 | CN64: 23 | CO64: 389.41935 | CP64: 68.129301 | CQ64: 242 | CR64: 197 | CS64: 219 | CT64: 191 | CU64: 127 | CV64: -45 | CW64: 297.6007 | CX64: 74.314946 | CY64: 211 | CZ64: 280 | DA64: 172 | DB64: 261 | DC64: 240 | DD64: 69 | DE64: 212.87619 | DF64: 40.920862 | DG64: 375 | DH64: 346 | DI64: 354 | DJ64: 339 | DK64: 352 | DL64: -29 | DM64: 899.59146 | DN64: 90.053511 | DO64: 16 | DP64: 15 | DQ64: 14 | DR64: 40 | DS64: 15 | DT64: -1 | DU64: 439.83861 | DV64: 70.154226 | DW64: 47 | DX64: 37 | DY64: 29 | DZ64: 34 | EA64: 39 | EB64: -10 | EC64: 70.668474 | ED64: 62 | EE64: 131 | EF64: 141 | EG64: 220 | EH64: 169 | EI64: 69
A65: Santa Bárbara d'Oeste | B65: SP | C65: Sudeste | D65: 803.87403 | E65: 89.212292 | F65: 28 | G65: 35 | H65: 24 | I65: 72 | J65: 55 | K65: 7 | L65: 215.89572 | M65: 77.715054 | N65: 11 | O65: 91 | P65: 23 | Q65: 164 | R65: 21 | S65: 80 | T65: 1059.826 | U65: 84.468241 | V65: 67 | W65: 53 | X65: 76 | Y65: 23 | Z65: 69 | AA65: -14 | AB65: 694.84335 | AC65: 74.48478 | AD65: 36 | AE65: 37 | AF65: 48 | AG65: 46 | AH65: 53 | AI65: 1 | AJ65: 377.88778 | AK65: 55.973026 | AL65: 282 | AM65: 197 | AN65: 138 | AO65: 246 | AP65: 177 | AQ65: -85 | AR65: 679.305 | AS65: 87.738493 | AT65: 67 | AU65: 135 | AV65: 200 | AW65: 155 | AX65: 158 | AY65: 68 | AZ65: - | BA65: 479.25168 | BB65: 34.397211 | BC65: 185 | BD65: 365 | BE65: 322 | BF65: 325 | BG65: 259 | BH65: 180 | BI65: 583.59072 | BJ65: 49.188244 | BK65: 337 | BL65: 384 | BM65: 332 | BN65: 349 | BO65: 247 | BP65: 47 | BQ65: 99.385553 | BR65: 47.964979 | BS65: 287 | BT65: 201 | BU65: 224 | BV65: 227 | BW65: 275 | BX65: -86 | BY65: 1428.4794 | BZ65: 93.430269 | CA65: 20 | CB65: 29 | CC65: 73 | CD65: 49 | CE65: 42 | CF65: 9 | CG65: 376.99774 | CH65: 81.747233 | CI65: 212 | CJ65: 265 | CK65: 356 | CL65: 272 | CM65: 254 | CN65: 53 | CO65: 416.48319 | CP65: 79.383978 | CQ65: 28 | CR65: 199 | CS65: 47 | CT65: 248 | CU65: 105 | CV65: 171 | CW65: 348.58869 | CX65: 88.763308 | CY65: 4 | CZ65: 5 | DA65: 200 | DB65: 33 | DC65: 95 | DD65: 1 | DE65: 233.00493 | DF65: 51.926735 | DG65: 248 | DH65: 389 | DI65: 267 | DJ65: 394 | DK65: 392 | DL65: 141 | DM65: 811.05767 | DN65: 74.186297 | DO65: 99 | DP65: 107 | DQ65: 90 | DR65: 86 | DS65: 75 | DT65: 8 | DU65: 378.1598 | DV65: 59.519895 | DW65: 167 | DX65: 141 | DY65: 142 | DZ65: 154 | EA65: 163 | EB65: -26 | EC65: 70.631252 | ED65: 63 | EE65: 123 | EF65: 148 | EG65: 150 | EH65: 110 | EI65: 60
A66: Itu | B66: SP | C66: Sudeste | D66: 737.09942 | E66: 78.566517 | F66: 126 | G66: 141 | H66: 92 | I66: 75 | J66: 40 | K66: 15 | L66: 237.31241 | M66: 89.352044 | N66: 4 | O66: 100 | P66: 60 | Q66: 169 | R66: 98 | S66: 96 | T66: 936.4585 | U66: 70.008927 | V66: 213 | W66: 111 | X66: 238 | Y66: 80 | Z66: 72 | AA66: -102 | AB66: 668.72226 | AC66: 70.634458 | AD66: 61 | AE66: 70 | AF66: 86 | AG66: 98 | AH66: 119 | AI66: 9 | AJ66: 373.70789 | AK66: 54.635159 | AL66: 304 | AM66: 231 | AN66: 159 | AO66: 170 | AP66: 97 | AQ66: -73 | AR66: 583.67067 | AS66: 70.291633 | AT66: 231 | AU66: 181 | AV66: 248 | AW66: 131 | AX66: 83 | AY66: -50 | AZ66: - | BA66: 589.18898 | BB66: 55.389491 | BC66: 37 | BD66: 139 | BE66: 131 | BF66: 135 | BG66: 115 | BH66: 102 | BI66: 607.36 | BJ66: 54.282079 | BK66: 255 | BL66: 212 | BM66: 186 | BN66: 161 | BO66: 131 | BP66: -43 | BQ66: 134.85566 | BR66: 69.004159 | BS66: 54 | BT66: 48 | BU66: 88 | BV66: 126 | BW66: 65 | BX66: -6 | BY66: 1293.823 | BZ66: 80.846003 | CA66: 139 | CB66: 74 | CC66: 114 | CD66: 62 | CE66: 52 | CF66: -65 | CG66: 263.93989 | CH66: 49.779113 | CI66: 365 | CJ66: 275 | CK66: 373 | CL66: 251 | CM66: 206 | CN66: -90 | CO66: 447.02639 | CP66: 92.085569 | CQ66: 6 | CR66: 125 | CS66: 82 | CT66: 156 | CU66: 182 | CV66: 119 | CW66: 257.29179 | CX66: 62.892695 | CY66: 312 | CZ66: 20 | DA66: 220 | DB66: 11 | DC66: 24 | DD66: -292 | DE66: 282.12178 | DF66: 78.782554 | DG66: 30 | DH66: 279 | DI66: 236 | DJ66: 275 | DK66: 273 | DL66: 249 | DM66: 846.90625 | DN66: 80.611155 | DO66: 52 | DP66: 70 | DQ66: 77 | DR66: 93 | DS66: 85 | DT66: 18 | DU66: 453.66335 | DV66: 72.537812 | DW66: 30 | DX66: 23 | DY66: 32 | DZ66: 48 | EA66: 51 | EB66: -7 | EC66: 70.60621 | ED66: 64 | EE66: 86 | EF66: 152 | EG66: 79 | EH66: 58 | EI66: 22
A67: Catanduva | B67: SP | C67: Sudeste | D67: 856.16699 | E67: 97.549278 | F67: 2 | G67: 4 | H67: 15 | I67: 21 | J67: 39 | K67: 2 | L67: 142.65052 | M67: 37.916475 | N67: 355 | O67: 209 | P67: 291 | Q67: 231 | R67: 213 | S67: -146 | T67: 1039.1456 | U67: 82.044383 | V67: 91 | W67: 17 | X67: 64 | Y67: 73 | Z67: 17 | AA67: -74 | AB67: 737.04653 | AC67: 80.705649 | AD67: 15 | AE67: 11 | AF67: 5 | AG67: 12 | AH67: 6 | AI67: -4 | AJ67: 446.18037 | AK67: 77.831616 | AL67: 20 | AM67: 17 | AN67: 22 | AO67: 17 | AP67: 101 | AQ67: -3 | AR67: 707.69581 | AS67: 92.917915 | AT67: 16 | AU67: 14 | AV67: 10 | AW67: 32 | AX67: 30 | AY67: -2 | AZ67: - | BA67: 528.22182 | BB67: 43.74795 | BC67: 105 | BD67: 173 | BE67: 181 | BF67: 96 | BG67: 81 | BH67: 68 | BI67: 642.00001 | BJ67: 61.705547 | BK67: 133 | BL67: 153 | BM67: 147 | BN67: 57 | BO67: 151 | BP67: 20 | BQ67: 113.40605 | BR67: 56.28127 | BS67: 169 | BT67: 309 | BU67: 233 | BV67: 254 | BW67: 256 | BX67: 140 | BY67: 1329.4198 | BZ67: 84.172691 | CA67: 100 | CB67: 89 | CC67: 52 | CD67: 106 | CE67: 79 | CF67: -11 | CG67: 421.5706 | CH67: 94.350612 | CI67: 27 | CJ67: 11 | CK67: 13 | CL67: 13 | CM67: 11 | CN67: -16 | CO67: 386.39003 | CP67: 66.869537 | CQ67: 281 | CR67: 102 | CS67: 213 | CT67: 204 | CU67: 126 | CV67: -179 | CW67: 346.16542 | CX67: 88.07663 | CY67: 8 | CZ67: 16 | DA67: 6 | DB67: 61 | DC67: 57 | DD67: 8 | DE67: 212.58428 | DF67: 40.761256 | DG67: 377 | DH67: 326 | DI67: 362 | DJ67: 348 | DK67: 356 | DL67: -51 | DM67: 732.2782 | DN67: 60.067273 | DO67: 240 | DP67: 174 | DQ67: 141 | DR67: 200 | DS67: 142 | DT67: -66 | DU67: 392.30416 | DV67: 61.958589 | DW67: 130 | DX67: 102 | DY67: 58 | DZ67: 70 | EA67: 93 | EB67: -28 | EC67: 70.434792 | ED67: 65 | EE67: 29 | EF67: 33 | EG67: 46 | EH67: 45 | EI67: -36
A68: Campo Largo | B68: PR | C68: Sul | D68: 734.53722 | E68: 78.158029 | F68: 134 | G68: 143 | H68: 135 | I68: 140 | J68: 137 | K68: 9 | L68: 202.11706 | M68: 70.22827 | N68: 29 | O68: 66 | P68: 55 | Q68: 69 | R68: 43 | S68: 37 | T68: 1009.6438 | U68: 78.586627 | V68: 123 | W68: 113 | X68: 103 | Y68: 148 | Z68: 176 | AA68: -10 | AB68: 579.51438 | AC68: 57.484962 | AD68: 154 | AE68: 222 | AF68: 233 | AG68: 210 | AH68: 212 | AI68: 68 | AJ68: 385.83372 | AK68: 58.516305 | AL68: 239 | AM68: 318 | AN68: 257 | AO68: 196 | AP68: 203 | AQ68: 79 | AR68: 682.83406 | AS68: 88.38231 | AT68: 54 | AU68: 77 | AV68: 66 | AW68: 94 | AX68: 88 | AY68: 23 | AZ68: - | BA68: 500.68484 | BB68: 38.489823 | BC68: 156 | BD68: 190 | BE68: 225 | BF68: 236 | BG68: 229 | BH68: 34 | BI68: 618.78707 | BJ68: 56.730939 | BK68: 214 | BL68: 191 | BM68: 197 | BN68: 187 | BO68: 199 | BP68: -23 | BQ68: 112.47547 | BR68: 55.729291 | BS68: 176 | BT68: 137 | BU68: 128 | BV68: 247 | BW68: 99 | BX68: -39 | BY68: 1315.3312 | BZ68: 82.856044 | CA68: 113 | CB68: 173 | CC68: 139 | CD68: 150 | CE68: 169 | CF68: 60 | CG68: 393.23572 | CH68: 86.33867 | CI68: 139 | CJ68: 166 | CK68: 130 | CL68: 200 | CM68: 145 | CN68: 27 | CO68: 402.10975 | CP68: 73.406686 | CQ68: 86 | CR68: 266 | CS68: 316 | CT68: 339 | CU68: 291 | CV68: 180 | CW68: 318.24501 | CX68: 80.164882 | CY68: 119 | CZ68: 136 | DA68: 106 | DB68: 166 | DC68: 125 | DD68: 17 | DE68: 284.84201 | DF68: 80.269905 | DG68: 26 | DH68: 47 | DI68: 56 | DJ68: 74 | DK68: 67 | DL68: 21 | DM68: 838.80195 | DN68: 79.158685 | DO68: 61 | DP68: 198 | DQ68: 184 | DR68: 148 | DS68: 250 | DT68: 137 | DU68: 390.93413 | DV68: 61.722377 | DW68: 137 | DX68: 101 | DY68: 132 | DZ68: 117 | EA68: 182 | EB68: -36 | EC68: 70.388988 | ED68: 66 | EE68: 136 | EF68: 121 | EG68: 147 | EH68: 147 | EI68: 70
A69: Uberlândia | B69: MG | C69: Sudeste | D69: 775.97762 | E69: 84.764809 | F69: 63 | G69: 18 | H69: 19 | I69: 11 | J69: 12 | K69: -45 | L69: 176.33077 | M69: 56.217006 | N69: 168 | O69: 27 | P69: 78 | Q69: 105 | R69: 71 | S69: -141 | T69: 1110.9191 | U69: 90.456618 | V69: 18 | W69: 3 | X69: 73 | Y69: 5 | Z69: 56 | AA69: -15 | AB69: 585.03938 | AC69: 58.299362 | AD69: 146 | AE69: 123 | AF69: 112 | AG69: 117 | AH69: 103 | AI69: -23 | AJ69: 401.99554 | AK69: 63.689262 | AL69: 159 | AM69: 55 | AN69: 11 | AO69: 10 | AP69: 10 | AQ69: -104 | AR69: 694.59992 | AS69: 90.52879 | AT69: 29 | AU69: 16 | AV69: 152 | AW69: 34 | AX69: 26 | AY69: -13 | AZ69: - | BA69: 549.68054 | BB69: 47.845443 | BC69: 71 | BD69: 29 | BE69: 54 | BF69: 58 | BG69: 48 | BH69: -42 | BI69: 670.70285 | BJ69: 67.856663 | BK69: 59 | BL69: 25 | BM69: 10 | BN69: 13 | BO69: 12 | BP69: -34 | BQ69: 99.537083 | BR69: 48.054859 | BS69: 285 | BT69: 67 | BU69: 238 | BV69: 173 | BW69: 223 | BX69: -218 | BY69: 1378.8057 | BZ69: 88.788029 | CA69: 48 | CB69: 22 | CC69: 102 | CD69: 30 | CE69: 23 | CF69: -26 | CG69: 422.41371 | CH69: 94.589008 | CI69: 24 | CJ69: 26 | CK69: 233 | CL69: 45 | CM69: 32 | CN69: 2 | CO69: 385.84183 | CP69: 66.641563 | CQ69: 286 | CR69: 47 | CS69: 145 | CT69: 162 | CU69: 168 | CV69: -239 | CW69: 330.48217 | CX69: 83.632499 | CY69: 61 | CZ69: 67 | DA69: 248 | DB69: 51 | DC69: 42 | DD69: 6 | DE69: 214.99907 | DF69: 42.0816 | DG69: 365 | DH69: 249 | DI69: 314 | DJ69: 313 | DK69: 289 | DL69: -116 | DM69: 826.75607 | DN69: 76.999797 | DO69: 78 | DP69: 33 | DQ69: 39 | DR69: 31 | DS69: 39 | DT69: -45 | DU69: 413.45329 | DV69: 65.60501 | DW69: 85 | DX69: 52 | DY69: 35 | DZ69: 27 | EA69: 29 | EB69: -33 | EC69: 70.378145 | ED69: 67 | EE69: 9 | EF69: 67 | EG69: 12 | EH69: 13 | EI69: -58
A70: Bragança Paulista | B70: SP | C70: Sudeste | D70: 765.54209 | E70: 83.101089 | F70: 76 | G70: 123 | H70: 96 | I70: 62 | J70: 67 | K70: 47 | L70: 152.93369 | M70: 43.503946 | N70: 323 | O70: 203 | P70: 172 | Q70: 218 | R70: 226 | S70: -120 | T70: 1066.2884 | U70: 85.225662 | V70: 61 | W70: 114 | X70: 61 | Y70: 17 | Z70: 100 | AA70: 53 | AB70: 705.81312 | AC70: 76.101756 | AD70: 28 | AE70: 39 | AF70: 42 | AG70: 54 | AH70: 78 | AI70: 11 | AJ70: 418.63655 | AK70: 69.015594 | AL70: 81 | AM70: 156 | AN70: 134 | AO70: 114 | AP70: 91 | AQ70: 75 | AR70: 669.25109 | AS70: 85.904328 | AT70: 87 | AU70: 150 | AV70: 71 | AW70: 25 | AX70: 55 | AY70: 63 | AZ70: - | BA70: 529.90557 | BB70: 44.069457 | BC70: 102 | BD70: 197 | BE70: 170 | BF70: 130 | BG70: 93 | BH70: 95 | BI70: 629.45544 | BJ70: 59.017206 | BK70: 175 | BL70: 309 | BM70: 236 | BN70: 173 | BO70: 115 | BP70: 134 | BQ70: 122.59849 | BR70: 61.733785 | BS70: 115 | BT70: 337 | BU70: 184 | BV70: 261 | BW70: 97 | BX70: 222 | BY70: 1349.3676 | BZ70: 86.036898 | CA70: 74 | CB70: 131 | CC70: 90 | CD70: 85 | CE70: 105 | CF70: 57 | CG70: 425.74412 | CH70: 95.530711 | CI70: 15 | CJ70: 122 | CK70: 70 | CL70: 10 | CM70: 18 | CN70: 107 | CO70: 389.28298 | CP70: 68.072589 | CQ70: 243 | CR70: 137 | CS70: 173 | CT70: 114 | CU70: 56 | CV70: -106 | CW70: 324.27969 | CX70: 81.874915 | CY70: 97 | CZ70: 198 | DA70: 123 | DB70: 96 | DC70: 85 | DD70: 101 | DE70: 219.99769 | DF70: 44.814716 | DG70: 335 | DH70: 301 | DI70: 299 | DJ70: 268 | DK70: 264 | DL70: -34 | DM70: 836.60765 | DN70: 78.765419 | DO70: 66 | DP70: 67 | DQ70: 79 | DR70: 90 | DS70: 107 | DT70: 1 | DU70: 398.95758 | DV70: 63.105738 | DW70: 118 | DX70: 129 | DY70: 118 | DZ70: 136 | EA70: 141 | EB70: 11 | EC70: 70.367113 | ED70: 68 | EE70: 145 | EF70: 82 | EG70: 67 | EH70: 66 | EI70: 77
A71: Aracruz | B71: ES | C71: Sudeste | D71: 687.58891 | E71: 70.673132 | F71: 224 | G71: 160 | H71: 188 | I71: 220 | J71: 264 | K71: -64 | L71: 212.78268 | M71: 76.023551 | N71: 12 | O71: 31 | P71: 6 | Q71: 206 | R71: 207 | S71: 19 | T71: 1009.4105 | U71: 78.559283 | V71: 124 | W71: 122 | X71: 75 | Y71: 93 | Z71: 84 | AA71: -2 | AB71: 565.27731 | AC71: 55.386378 | AD71: 185 | AE71: 176 | AF71: 198 | AG71: 198 | AH71: 188 | AI71: -9 | AJ71: 387.91501 | AK71: 59.182468 | AL71: 231 | AM71: 112 | AN71: 195 | AO71: 250 | AP71: 346 | AQ71: -119 | AR71: 680.7084 | AS71: 87.994519 | AT71: 62 | AU71: 103 | AV71: 74 | AW71: 138 | AX71: 182 | AY71: 41 | AZ71: - | BA71: 510.17083 | BB71: 40.301153 | BC71: 139 | BD71: 92 | BE71: 121 | BF71: 208 | BG71: 158 | BH71: -47 | BI71: 605.47056 | BJ71: 53.877165 | BK71: 261 | BL71: 128 | BM71: 287 | BN71: 267 | BO71: 330 | BP71: -133 | BQ71: 138.53678 | BR71: 71.18762 | BS71: 43 | BT71: 37 | BU71: 266 | BV71: 271 | BW71: 121 | BX71: -6 | BY71: 1220.9787 | BZ71: 74.038359 | CA71: 210 | CB71: 177 | CC71: 126 | CD71: 155 | CE71: 159 | CF71: -33 | CG71: 410.0494 | CH71: 91.092888 | CI71: 62 | CJ71: 105 | CK71: 106 | CL71: 115 | CM71: 144 | CN71: 43 | CO71: 433.72686 | CP71: 86.554871 | CQ71: 11 | CR71: 21 | CS71: 6 | CT71: 65 | CU71: 222 | CV71: 10 | CW71: 306.97492 | CX71: 76.971299 | CY71: 166 | CZ71: 206 | DA71: 140 | DB71: 189 | DC71: 189 | DD71: 40 | DE71: 273.34503 | DF71: 73.983654 | DG71: 56 | DH71: 92 | DI71: 23 | DJ71: 169 | DK71: 259 | DL71: 36 | DM71: 770.18589 | DN71: 66.86117 | DO71: 173 | DP71: 129 | DQ71: 76 | DR71: 127 | DS71: 204 | DT71: -44 | DU71: 391.88879 | DV71: 61.886974 | DW71: 132 | DX71: 74 | DY71: 135 | DZ71: 139 | EA71: 153 | EB71: -58 | EC71: 70.285905 | ED71: 69 | EE71: 65 | EF71: 75 | EG71: 174 | EH71: 202 | EI71: -4
A72: Joinville | B72: SC | C72: Sul | D72: 706.28981 | E72: 73.654588 | F72: 190 | G72: 188 | H72: 203 | I72: 172 | J72: 167 | K72: -2 | L72: 183.3852 | M72: 60.050107 | N72: 105 | O72: 105 | P72: 76 | Q72: 161 | R72: 40 | S72: 0 | T72: 1009.8931 | U72: 78.615846 | V72: 122 | W72: 69 | X72: 69 | Y72: 75 | Z72: 66 | AA72: -53 | AB72: 596.94378 | AC72: 60.054106 | AD72: 132 | AE72: 183 | AF72: 157 | AG72: 102 | AH72: 111 | AI72: 51 | AJ72: 395.69546 | AK72: 61.672777 | AL72: 195 | AM72: 258 | AN72: 226 | AO72: 133 | AP72: 140 | AQ72: 63 | AR72: 608.18268 | AS72: 74.763433 | AT72: 196 | AU72: 198 | AV72: 141 | AW72: 205 | AX72: 173 | AY72: 2 | AZ72: - | BA72: 569.53923 | BB72: 51.637415 | BC72: 52 | BD72: 30 | BE72: 25 | BF72: 34 | BG72: 31 | BH72: -22 | BI72: 659.43869 | BJ72: 65.442716 | BK72: 84 | BL72: 111 | BM72: 87 | BN72: 52 | BO72: 49 | BP72: 27 | BQ72: 111.22247 | BR72: 54.986076 | BS72: 187 | BT72: 39 | BU72: 47 | BV72: 317 | BW72: 281 | BX72: -148 | BY72: 1349.8785 | BZ72: 86.084646 | CA72: 72 | CB72: 71 | CC72: 76 | CD72: 80 | CE72: 75 | CF72: -1 | CG72: 392.6993 | CH72: 86.186991 | CI72: 145 | CJ72: 188 | CK72: 109 | CL72: 162 | CM72: 157 | CN72: 43 | CO72: 392.23988 | CP72: 69.302236 | CQ72: 191 | CR72: 182 | CS72: 95 | CT72: 142 | CU72: 15 | CV72: -9 | CW72: 288.69669 | CX72: 71.791836 | CY72: 252 | CZ72: 201 | DA72: 129 | DB72: 203 | DC72: 186 | DD72: -51 | DE72: 272.10388 | DF72: 73.305027 | DG72: 64 | DH72: 59 | DI72: 42 | DJ72: 87 | DK72: 37 | DL72: -5 | DM72: 880.14576 | DN72: 86.56841 | DO72: 29 | DP72: 26 | DQ72: 24 | DR72: 23 | DS72: 17 | DT72: -3 | DU72: 440.16253 | DV72: 70.210074 | DW72: 45 | DX72: 55 | DY72: 43 | DZ72: 60 | EA72: 43 | EB72: 10 | EC72: 70.270393 | ED72: 70 | EE72: 69 | EF72: 48 | EG72: 72 | EH72: 63 | EI72: -1
A73: Umuarama | B73: PR | C73: Sul | D73: 823.58284 | E73: 92.354436 | F73: 15 | G73: 8 | H73: 27 | I73: 45 | J73: 64 | K73: -7 | L73: 181.83766 | M73: 59.209233 | N73: 122 | O73: 88 | P73: 211 | Q73: 222 | R73: 16 | S73: -34 | T73: 969.92998 | U73: 73.931958 | V73: 161 | W73: 10 | X73: 98 | Y73: 68 | Z73: 46 | AA73: -151 | AB73: 592.95796 | AC73: 59.466585 | AD73: 135 | AE73: 139 | AF73: 95 | AG73: 90 | AH73: 86 | AI73: 4 | AJ73: 440.64889 | AK73: 76.061141 | AL73: 28 | AM73: 34 | AN73: 27 | AO73: 128 | AP73: 151 | AQ73: 6 | AR73: 692.16622 | AS73: 90.084804 | AT73: 37 | AU73: 18 | AV73: 159 | AW73: 26 | AX73: 38 | AY73: -19 | AZ73: - | BA73: 485.40537 | BB73: 35.572244 | BC73: 177 | BD73: 145 | BE73: 172 | BF73: 123 | BG73: 136 | BH73: -32 | BI73: 660.40014 | BJ73: 65.648758 | BK73: 82 | BL73: 70 | BM73: 77 | BN73: 111 | BO73: 177 | BP73: -12 | BQ73: 104.27084 | BR73: 50.862699 | BS73: 248 | BT73: 281 | BU73: 274 | BV73: 195 | BW73: 198 | BX73: 33 | BY73: 1364.9665 | BZ73: 87.494696 | CA73: 62 | CB73: 25 | CC73: 204 | CD73: 60 | CE73: 127 | CF73: -37 | CG73: 420.92898 | CH73: 94.169185 | CI73: 29 | CJ73: 39 | CK73: 273 | CL73: 39 | CM73: 54 | CN73: 10 | CO73: 393.82033 | CP73: 69.959474 | CQ73: 172 | CR73: 84 | CS73: 309 | CT73: 256 | CU73: 255 | CV73: -88 | CW73: 336.7284 | CX73: 85.402482 | CY73: 32 | CZ73: 23 | DA73: 252 | DB73: 35 | DC73: 49 | DD73: -9 | DE73: 216.60771 | DF73: 42.961162 | DG73: 353 | DH73: 318 | DI73: 333 | DJ73: 366 | DK73: 345 | DL73: -35 | DM73: 816.85325 | DN73: 75.224993 | DO73: 89 | DP73: 123 | DQ73: 238 | DR73: 101 | DS73: 179 | DT73: 34 | DU73: 409.34496 | DV73: 64.896673 | DW73: 97 | DX73: 77 | DY73: 273 | DZ73: 56 | EA73: 209 | EB73: -20 | EC73: 70.206283 | ED73: 71 | EE73: 28 | EF73: 183 | EG73: 65 | EH73: 85 | EI73: -43
A74: Paranavaí | B74: PR | C74: Sul | D74: 768.69894 | E74: 83.604381 | F74: 72 | G74: 41 | H74: 62 | I74: 80 | J74: 87 | K74: -31 | L74: 179.63167 | M74: 58.010586 | N74: 145 | O74: 111 | P74: 144 | Q74: 242 | R74: 147 | S74: -34 | T74: 1047.8108 | U74: 83.059999 | V74: 81 | W74: 130 | X74: 32 | Y74: 82 | Z74: 83 | AA74: 49 | AB74: 767.49547 | AC74: 85.19391 | AD74: 9 | AE74: 15 | AF74: 12 | AG74: 24 | AH74: 24 | AI74: 6 | AJ74: 406.74131 | AK74: 65.208251 | AL74: 132 | AM74: 65 | AN74: 94 | AO74: 162 | AP74: 115 | AQ74: -67 | AR74: 671.15492 | AS74: 86.251649 | AT74: 83 | AU74: 47 | AV74: 36 | AW74: 59 | AX74: 52 | AY74: -36 | AZ74: - | BA74: 549.14848 | BB74: 47.743848 | BC74: 73 | BD74: 43 | BE74: 95 | BF74: 105 | BG74: 127 | BH74: -30 | BI74: 625.98787 | BJ74: 58.274094 | BK74: 186 | BL74: 118 | BM74: 161 | BN74: 157 | BO74: 169 | BP74: -68 | BQ74: 88.48341 | BR74: 41.498347 | BS74: 344 | BT74: 9 | BU74: 201 | BV74: 303 | BW74: 274 | BX74: -335 | BY74: 1311.5139 | BZ74: 82.499296 | CA74: 119 | CB74: 143 | CC74: 123 | CD74: 185 | CE74: 148 | CF74: 24 | CG74: 410.57831 | CH74: 91.242442 | CI74: 58 | CJ74: 84 | CK74: 50 | CL74: 73 | CM74: 55 | CN74: 26 | CO74: 389.54583 | CP74: 68.181898 | CQ74: 238 | CR74: 255 | CS74: 249 | CT74: 306 | CU74: 233 | CV74: 17 | CW74: 326.58839 | CX74: 82.529126 | CY74: 78 | CZ74: 76 | DA74: 47 | DB74: 79 | DC74: 64 | DD74: -2 | DE74: 218.63783 | DF74: 44.071176 | DG74: 342 | DH74: 321 | DI74: 322 | DJ74: 342 | DK74: 322 | DL74: -21 | DM74: 850.36925 | DN74: 81.231802 | DO74: 48 | DP74: 85 | DQ74: 123 | DR74: 145 | DS74: 109 | DT74: 37 | DU74: 408.09803 | DV74: 64.681685 | DW74: 98 | DX74: 120 | DY74: 126 | DZ74: 103 | EA74: 147 | EB74: 22 | EC74: 70.205156 | ED74: 72 | EE74: 25 | EF74: 52 | EG74: 104 | EH74: 81 | EI74: -47
... A116: Ferraz de Vasconcelos | B116: SP | C116: Sudeste | D116: 719.37286 | E116: 75.740398 | F116: 162 | G116: 185 | H116: 197 | I116: 190 | J116: 197 | K116: 23 | L116: 192.40263 | M116: 64.949828 | N116: 56 | O116: 133 | P116: 203 | Q116: 211 | R116: 48 | S116: 77 | T116: 1030.6345 | U116: 81.046842 | V116: 96 | W116: 200 | X116: 186 | Y116: 257 | Z116: 210 | AA116: 104 | AB116: 541.25337 | AC116: 51.845181 | AD116: 209 | AE116: 209 | AF116: 250 | AG116: 281 | AH116: 310 | AI116: 0 | AJ116: 396.51818 | AK116: 61.936107 | AL116: 188 | AM116: 189 | AN116: 211 | AO116: 192 | AP116: 267 | AQ116: 1 | AR116: 688.10415 | AS116: 89.343748 | AT116: 45 | AU116: 105 | AV116: 108 | AW116: 154 | AX116: 140 | AY116: 60 | AZ116: - | BA116: 458.57592 | BB116: 30.449221 | BC116: 220 | BD116: 338 | BE116: 334 | BF116: 350 | BG116: 343 | BH116: 118 | BI116: 611.97119 | BJ116: 55.270272 | BK116: 244 | BL116: 290 | BM116: 262 | BN116: 241 | BO116: 286 | BP116: 46 | BQ116: 127.31232 | BR116: 64.529804 | BS116: 90 | BT116: 275 | BU116: 114 | BV116: 186 | BW116: 299 | BX116: 185 | BY116: 1347.7258 | BZ116: 85.883464 | CA116: 81 | CB116: 120 | CC116: 74 | CD116: 153 | CE116: 154 | CF116: 39 | CG116: 426.07137 | CH116: 95.623242 | CI116: 14 | CJ116: 23 | CK116: 44 | CL116: 77 | CM116: 74 | CN116: 9 | CO116: 409.84873 | CP116: 76.624993 | CQ116: 50 | CR116: 74 | CS116: 286 | CT116: 333 | CU116: 264 | CV116: 24 | CW116: 311.14375 | CX116: 78.152613 | CY116: 146 | CZ116: 187 | DA116: 130 | DB116: 208 | DC116: 192 | DD116: 41 | DE116: 240.80204 | DF116: 56.189994 | DG116: 202 | DH116: 233 | DI116: 326 | DJ116: 311 | DK116: 261 | DL116: 31 | DM116: 788.69449 | DN116: 70.17832 | DO116: 135 | DP116: 138 | DQ116: 115 | DR116: 185 | DS116: 200 | DT116: 3 | DU116: 337.50977 | DV116: 52.511235 | DW116: 264 | DX116: 281 | DY116: 204 | DZ116: 285 | EA116: 320 | EB116: 17 | EC116: 68.142204 | ED116: 114 | EE116: 192 | EF116: 168 | EG116: 233 | EH116: 212 | EI116: 78
A117: São Roque | B117: SP | C117: Sudeste | D117: 743.56403 | E117: 79.597159 | F117: 111 | K117: Novo município | L117: 183.40137 | M117: 60.058892 | N117: 103 | S117: Novo município | T117: 920.64977 | U117: 68.156062 | V117: 235 | AA117: Novo município | AB117: 709.19103 | AC117: 76.59967 | AD117: 25 | AI117: Novo município | AJ117: 440.5378 | AK117: 76.025582 | AL117: 30 | AQ117: Novo município | AR117: 624.61757 | AS117: 77.7617 | AT117: 173 | AY117: Novo município | AZ117: - | BA117: 488.08526 | BB117: 36.083962 | BC117: 175 | BH117: Novo município | BI117: 645.06226 | BJ117: 62.361799 | BK117: 125 | BP117: Novo município | BQ117: 104.52864 | BR117: 51.015612 | BS117: 245 | BX117: Novo município | BY117: 1294.6225 | BZ117: 80.920716 | CA117: 136 | CF117: Novo município | CG117: 390.96021 | CH117: 85.695248 | CI117: 149 | CN117: Novo município | CO117: 392.15922 | CP117: 69.268691 | CQ117: 193 | CV117: Novo município | CW117: 325.02326 | CX117: 82.08562 | CY117: 89 | DD117: Novo município | DE117: 253.20088 | DF117: 62.969355 | DG117: 140 | DL117: Novo município | DM117: 761.38257 | DN117: 65.283419 | DO117: 196 | DT117: Novo município | DU117: 357.56135 | DV117: 55.968422 | DW117: 217 | EB117: Novo município | EC117: 68.115744 | ED117: 115 | EI117: Novo município
A118: Guaratinguetá | B118: SP | C118: Sudeste | D118: 743.06825 | E118: 79.518118 | F118: 116 | G118: 168 | H118: 172 | I118: 176 | J118: 146 | K118: 52 | L118: 196.00822 | M118: 66.908962 | N118: 41 | O118: 162 | P118: 19 | Q118: 129 | R118: 103 | S118: 121 | T118: 858.15962 | U118: 60.831892 | V118: 290 | W118: 171 | X118: 192 | Y118: 171 | Z118: 171 | AA118: -119 | AB118: 732.73085 | AC118: 80.069505 | AD118: 17 | AE118: 27 | AF118: 23 | AG118: 50 | AH118: 80 | AI118: 10 | AJ118: 409.80821 | AK118: 66.189882 | AL118: 121 | AM118: 299 | AN118: 243 | AO118: 252 | AP118: 181 | AQ118: 178 | AR118: 651.77619 | AS118: 82.716328 | AT118: 126 | AU118: 218 | AV118: 157 | AW118: 227 | AX118: 167 | AY118: 92 | AZ118: - | BA118: 531.87067 | BB118: 44.444689 | BC118: 100 | BD118: 172 | BE118: 140 | BF118: 127 | BG118: 116 | BH118: 72 | BI118: 604.01607 | BJ118: 53.565464 | BK118: 266 | BL118: 367 | BM118: 336 | BN118: 253 | BO118: 188 | BP118: 101 | BQ118: 119.71512 | BR118: 60.023512 | BS118: 128 | BT118: 215 | BU118: 166 | BV118: 100 | BW118: 84 | BX118: 87 | BY118: 1274.5707 | BZ118: 79.046781 | CA118: 161 | CB118: 164 | CC118: 151 | CD118: 205 | CE118: 177 | CF118: 3 | CG118: 380.15289 | CH118: 82.639381 | CI118: 200 | CJ118: 258 | CK118: 215 | CL118: 324 | CM118: 187 | CN118: 58 | CO118: 414.04419 | CP118: 78.369701 | CQ118: 36 | CR118: 226 | CS118: 29 | CT118: 146 | CU118: 88 | CV118: 190 | CW118: 302.37703 | CX118: 75.668405 | CY118: 187 | CZ118: 233 | DA118: 170 | DB118: 232 | DC118: 204 | DD118: 46 | DE118: 258.3574 | DF118: 65.788806 | DG118: 122 | DH118: 207 | DI118: 81 | DJ118: 213 | DK118: 160 | DL118: 85 | DM118: 723.28248 | DN118: 58.45504 | DO118: 260 | DP118: 189 | DQ118: 217 | DR118: 266 | DS118: 249 | DT118: -71 | DU118: 354.00946 | DV118: 55.356024 | DW118: 227 | DX118: 252 | DY118: 274 | DZ118: 284 | EA118: 251 | EB118: 25 | EC118: 68.099531 | ED118: 116 | EE118: 210 | EF118: 146 | EG118: 202 | EH118: 152 | EI118: 94
A119: Volta Redonda | B119: RJ | C119: Sudeste | D119: 714.01131 | E119: 74.885615 | F119: 176 | G119: 180 | H119: 114 | I119: 108 | J119: 89 | K119: 4 | L119: 188.79396 | M119: 62.989015 | N119: 75 | O119: 192 | P119: 240 | Q119: 243 | R119: 160 | S119: 117 | T119: 1019.7655 | U119: 79.772934 | V119: 108 | W119: 129 | X119: 117 | Y119: 142 | Z119: 123 | AA119: 21 | AB119: 571.13813 | AC119: 56.25028 | AD119: 174 | AE119: 111 | AF119: 105 | AG119: 115 | AH119: 99 | AI119: -63 | AJ119: 401.34629 | AK119: 63.481453 | AL119: 161 | AM119: 165 | AN119: 61 | AO119: 63 | AP119: 50 | AQ119: 4 | AR119: 673.30813 | AS119: 86.644466 | AT119: 77 | AU119: 205 | AV119: 132 | AW119: 200 | AX119: 169 | AY119: 128 | AZ119: - | BA119: 523.86484 | BB119: 42.915993 | BC119: 116 | BD119: 143 | BE119: 132 | BF119: 246 | BG119: 102 | BH119: 27 | BI119: 667.86682 | BJ119: 67.248891 | BK119: 65 | BL119: 64 | BM119: 42 | BN119: 142 | BO119: 32 | BP119: -1 | BQ119: 92.679089 | BR119: 43.987024 | BS119: 333 | BT119: 344 | BU119: 399 | BV119: 396 | BW119: 373 | BX119: 11 | BY119: 1297.0158 | BZ119: 81.144386 | CA119: 133 | CB119: 140 | CC119: 155 | CD119: 131 | CE119: 204 | CF119: 7 | CG119: 386.9223 | CH119: 84.553492 | CI119: 171 | CJ119: 251 | CK119: 153 | CL119: 242 | CM119: 225 | CN119: 80 | CO119: 423.62044 | CP119: 82.352049 | CQ119: 19 | CR119: 275 | CS119: 99 | CT119: 200 | CU119: 21 | CV119: 256 | CW119: 299.55613 | CX119: 74.869051 | CY119: 195 | CZ119: 262 | DA119: 142 | DB119: 209 | DC119: 184 | DD119: 67 | DE119: 263.92695 | DF119: 68.834092 | DG119: 93 | DH119: 216 | DI119: 210 | DJ119: 266 | DK119: 187 | DL119: 123 | DM119: 723.52921 | DN119: 58.49926 | DO119: 259 | DP119: 156 | DQ119: 206 | DR119: 189 | DS119: 323 | DT119: -103 | DU119: 381.43644 | DV119: 60.084837 | DW119: 160 | DX119: 88 | DY119: 189 | DZ119: 120 | EA119: 316 | EB119: -72 | EC119: 68.032053 | ED119: 117 | EE119: 180 | EF119: 140 | EG119: 183 | EH119: 165 | EI119: 63
A120: São José | B120: SC | C120: Sul | D120: 747.99314 | E120: 80.303286 | F120: 104 | G120: 148 | H120: 111 | I120: 106 | J120: 122 | K120: 44 | L120: 192.32726 | M120: 64.908875 | N120: 57 | O120: 171 | P120: 132 | Q120: 205 | R120: 124 | S120: 114 | T120: 1011.7237 | U120: 78.8304 | V120: 120 | W120: 110 | X120: 78 | Y120: 115 | Z120: 207 | AA120: -10 | AB120: 554.07795 | AC120: 53.73556 | AD120: 197 | AE120: 242 | AF120: 244 | AG120: 140 | AH120: 155 | AI120: 45 | AJ120: 392.72887 | AK120: 60.723253 | AL120: 213 | AM120: 238 | AN120: 142 | AO120: 62 | AP120: 145 | AQ120: 25 | AR120: 621.58131 | AS120: 77.207785 | AT120: 180 | AU120: 190 | AV120: 143 | AW120: 196 | AX120: 263 | AY120: 10 | AZ120: - | BA120: 540.72644 | BB120: 46.135678 | BC120: 89 | BD120: 74 | BE120: 56 | BF120: 59 | BG120: 226 | BH120: -15 | BI120: 614.81094 | BJ120: 55.878841 | BK120: 230 | BL120: 175 | BM120: 89 | BN120: 35 | BO120: 266 | BP120: -55 | BQ120: 97.785118 | BR120: 47.015677 | BS120: 301 | BT120: 66 | BU120: 252 | BV120: 255 | BW120: 107 | BX120: -235 | BY120: 1325.8728 | BZ120: 83.841201 | CA120: 104 | CB120: 114 | CC120: 69 | CD120: 110 | CE120: 197 | CF120: 10 | CG120: 389.72876 | CH120: 85.347044 | CI120: 153 | CJ120: 155 | CK120: 96 | CL120: 144 | CM120: 327 | CN120: 2 | CO120: 401.67029 | CP120: 73.223933 | CQ120: 94 | CR120: 251 | CS120: 180 | CT120: 160 | CU120: 134 | CV120: 157 | CW120: 312.73468 | CX120: 78.603429 | CY120: 138 | CZ120: 133 | DA120: 103 | DB120: 164 | DC120: 320 | DD120: -5 | DE120: 252.71716 | DF120: 62.704871 | DG120: 145 | DH120: 169 | DI120: 166 | DJ120: 183 | DK120: 119 | DL120: 24 | DM120: 822.52611 | DN120: 76.241695 | DO120: 85 | DP120: 74 | DQ120: 32 | DR120: 39 | DS120: 45 | DT120: -11 | DU120: 400.40691 | DV120: 63.355623 | DW120: 114 | DX120: 67 | DY120: 65 | DZ120: 52 | EA120: 27 | EB120: -47 | EC120: 68.003572 | ED120: 118 | EE120: 118 | EF120: 79 | EG120: 75 | EH120: 186 | EI120: 0
A121: Campo Grande | B121: MS | C121: Centro-oeste | D121: 725.9498 | E121: 76.78895 | F121: 149 | G121: 163 | H121: 153 | I121: 141 | J121: 158 | K121: 14 | L121: 181.00948 | M121: 58.759234 | N121: 131 | O121: 34 | P121: 141 | Q121: 159 | R121: 263 | S121: -97 | T121: 1009.0995 | U121: 78.522831 | V121: 125 | W121: 136 | X121: 140 | Y121: 165 | Z121: 163 | AA121: 11 | AB121: 554.20529 | AC121: 53.75433 | AD121: 196 | AE121: 138 | AF121: 136 | AG121: 100 | AH121: 135 | AI121: -58 | AJ121: 384.33943 | AK121: 58.038022 | AL121: 246 | AM121: 252 | AN121: 189 | AO121: 175 | AP121: 220 | AQ121: 6 | AR121: 635.90893 | AS121: 79.821616 | AT121: 154 | AU121: 66 | AV121: 65 | AW121: 87 | AX121: 90 | AY121: -88 | AZ121: - | BA121: 589.16042 | BB121: 55.384038 | BC121: 38 | BD121: 50 | BE121: 60 | BF121: 53 | BG121: 36 | BH121: 12 | BI121: 662.97178 | BJ121: 66.199867 | BK121: 75 | BL121: 122 | BM121: 123 | BN121: 95 | BO121: 123 | BP121: 47 | BQ121: 128.99607 | BR121: 65.528528 | BS121: 76 | BT121: 186 | BU121: 60 | BV121: 80 | BW121: 154 | BX121: 110 | BY121: 1322.4608 | BZ121: 83.522338 | CA121: 108 | CB121: 105 | CC121: 103 | CD121: 124 | CE121: 78 | CF121: -3 | CG121: 382.84403 | CH121: 83.400326 | CI121: 191 | CJ121: 46 | CK121: 26 | CL121: 44 | CM121: 38 | CN121: -145 | CO121: 381.04229 | CP121: 64.645644 | CQ121: 304 | CR121: 152 | CS121: 348 | CT121: 360 | CU121: 332 | CV121: -152 | CW121: 318.12475 | CX121: 80.130804 | CY121: 120 | CZ121: 128 | DA121: 82 | DB121: 123 | DC121: 117 | DD121: 8 | DE121: 212.53145 | DF121: 40.732365 | DG121: 378 | DH121: 292 | DI121: 405 | DJ121: 406 | DK121: 407 | DL121: -86 | DM121: 839.56186 | DN121: 79.294878 | DO121: 60 | DP121: 56 | DQ121: 100 | DR121: 52 | DS121: 55 | DT121: -4 | DU121: 398.2367 | DV121: 62.981446 | DW121: 119 | DX121: 146 | DY121: 152 | DZ121: 143 | EA121: 130 | EB121: 27 | EC121: 67.969076 | ED121: 119 | EE121: 82 | EF121: 92 | EG121: 103 | EH121: 137 | EI121: -37
A122: Arujá | B122: SP | C122: Sudeste | D122: 735.33684 | E122: 78.285511 | F122: 131 | G122: 65 | H122: 106 | I122: 89 | J122: 59 | K122: -66 | L122: 195.71993 | M122: 66.752319 | N122: 43 | O122: 118 | P122: 40 | Q122: 106 | R122: 26 | S122: 75 | T122: 1042.5674 | U122: 82.445446 | V122: 86 | W122: 43 | X122: 45 | Y122: 107 | Z122: 73 | AA122: -43 | AB122: 598.91946 | AC122: 60.345326 | AD122: 126 | AE122: 129 | AF122: 197 | AG122: 200 | AH122: 186 | AI122: 3 | AJ122: 412.2016 | AK122: 66.955941 | AL122: 110 | AM122: 15 | AN122: 21 | AO122: 19 | AP122: 5 | AQ122: -95 | AR122: 694.21632 | AS122: 90.458809 | AT122: 31 | AU122: 102 | AV122: 63 | AW122: 88 | AX122: 92 | AY122: 71 | AZ122: - | BA122: 493.8989 | BB122: 37.194063 | BC122: 166 | BD122: 187 | BE122: 163 | BF122: 184 | BG122: 125 | BH122: 21 | BI122: 639.63962 | BJ122: 61.199709 | BK122: 142 | BL122: 56 | BM122: 43 | BN122: 47 | BO122: 19 | BP122: -86 | BQ122: 113.6078 | BR122: 56.400939 | BS122: 167 | BT122: 154 | BU122: 171 | BV122: 252 | BW122: 339 | BX122: -13 | BY122: 1246.9721 | BZ122: 76.467565 | CA122: 192 | CB122: 195 | CC122: 128 | CD122: 163 | CE122: 184 | CF122: 3 | CG122: 420.18256 | CH122: 93.95813 | CI122: 33 | CJ122: 40 | CK122: 39 | CL122: 55 | CM122: 57 | CN122: 7 | CO122: 404.21443 | CP122: 74.281931 | CQ122: 77 | CR122: 281 | CS122: 119 | CT122: 148 | CU122: 203 | CV122: 204 | CW122: 317.45503 | CX122: 79.941026 | CY122: 122 | CZ122: 169 | DA122: 111 | DB122: 160 | DC122: 152 | DD122: 47 | DE122: 256.85429 | DF122: 64.966949 | DG122: 130 | DH122: 165 | DI122: 134 | DJ122: 167 | DK122: 131 | DL122: 35 | DM122: 687.44037 | DN122: 52.031342 | DO122: 296 | DP122: 219 | DQ122: 177 | DR122: 172 | DS122: 207 | DT122: -77 | DU122: 278.81479 | DV122: 42.391362 | DW122: 363 | DX122: 333 | DY122: 300 | DZ122: 303 | EA122: 348 | EB122: -30 | EC122: 67.754773 | ED122: 120 | EE122: 103 | EF122: 73 | EG122: 112 | EH122: 95 | EI122: -17
A123: Várzea Paulista | B123: SP | C123: Sudeste | D123: 786.41878 | E123: 86.429427 | F123: 46 | G123: 37 | H123: 47 | I123: 86 | J123: 131 | K123: -9 | L123: 147.98287 | M123: 40.813866 | N123: 343 | O123: 256 | P123: 283 | Q123: 389 | R123: 370 | S123: -87 | T123: 1100.9616 | U123: 89.28954 | V123: 26 | W123: 36 | X123: 26 | Y123: 36 | Z123: 68 | AA123: 10 | AB123: 478.98742 | AC123: 42.667002 | AD123: 287 | AE123: 256 | AF123: 287 | AG123: 311 | AH123: 303 | AI123: -31 | AJ123: 410.36264 | AK123: 66.367341 | AL123: 117 | AM123: 90 | AN123: 168 | AO123: 177 | AP123: 290 | AQ123: -27 | AR123: 676.93475 | AS123: 87.30608 | AT123: 69 | AU123: 80 | AV123: 35 | AW123: 56 | AX123: 46 | AY123: 11 | AZ123: - | BA123: 449.6335 | BB123: 28.741686 | BC123: 240 | BD123: 298 | BE123: 310 | BF123: 317 | BG123: 275 | BH123: 58 | BI123: 612.012 | BJ123: 55.279018 | BK123: 243 | BL123: 165 | BM123: 256 | BN123: 259 | BO123: 279 | BP123: -78 | BQ123: 143.48795 | BR123: 74.124421 | BS123: 30 | BT123: 87 | BU123: 86 | BV123: 194 | BW123: 149 | BX123: 57 | BY123: 1348.5594 | BZ123: 85.961368 | CA123: 77 | CB123: 95 | CC123: 34 | CD123: 39 | CE123: 44 | CF123: 18 | CG123: 416.05887 | CH123: 92.792118 | CI123: 47 | CJ123: 58 | CK123: 51 | CL123: 82 | CM123: 80 | CN123: 11 | CO123: 393.055 | CP123: 69.641207 | CQ123: 175 | CR123: 215 | CS123: 185 | CT123: 166 | CU123: 84 | CV123: 40 | CW123: 335.82121 | CX123: 85.145414 | CY123: 38 | CZ123: 25 | DA123: 18 | DB123: 26 | DC123: 7 | DD123: -13 | DE123: 224.75146 | DF123: 47.413953 | DG123: 304 | DH123: 312 | DI123: 296 | DJ123: 306 | DK123: 267 | DL123: 8 | DM123: 816.80179 | DN123: 75.215769 | DO123: 90 | DP123: 149 | DQ123: 108 | DR123: 81 | DS123: 131 | DT123: 59 | DU123: 357.04191 | DV123: 55.878862 | DW123: 219 | DX123: 219 | DY123: 176 | DZ123: 172 | EA123: 188 | EB123: 0 | EC123: 67.691692 | ED123: 121 | EE123: 111 | EF123: 89 | EG123: 151 | EH123: 162 | EI123: -10
A124: Lorena | B124: SP | C124: Sudeste | D124: 759.17435 | E124: 82.085889 | F124: 91 | G124: 77 | H124: 40 | I124: 88 | J124: 100 | K124: -14 | L124: 198.40883 | M124: 68.213364 | N124: 35 | O124: 102 | P124: 25 | Q124: 200 | R124: 125 | S124: 67 | T124: 1054.7211 | U124: 83.869922 | V124: 74 | W124: 190 | X124: 24 | Y124: 91 | Z124: 62 | AA124: 116 | AB124: 628.98013 | AC124: 64.776355 | AD124: 94 | AE124: 81 | AF124: 55 | AG124: 89 | AH124: 93 | AI124: -13 | AJ124: 384.24308 | AK124: 58.007185 | AL124: 247 | AM124: 151 | AN124: 156 | AO124: 153 | AP124: 244 | AQ124: -96 | AR124: 691.00625 | AS124: 89.873187 | AT124: 40 | AU124: 52 | AV124: 26 | AW124: 50 | AX124: 43 | AY124: 12 | AZ124: - | BA124: 483.60326 | BB124: 35.228135 | BC124: 180 | BD124: 275 | BE124: 88 | BF124: 202 | BG124: 109 | BH124: 95 | BI124: 594.53069 | BJ124: 51.532714 | BK124: 305 | BL124: 298 | BM124: 292 | BN124: 211 | BO124: 248 | BP124: -7 | BQ124: 118.67426 | BR124: 59.406123 | BS124: 129 | BT124: 140 | BU124: 198 | BV124: 200 | BW124: 171 | BX124: 11 | BY124: 1277.9607 | BZ124: 79.363595 | CA124: 156 | CB124: 148 | CC124: 46 | CD124: 121 | CE124: 51 | CF124: -8 | CG124: 399.86664 | CH124: 88.21362 | CI124: 105 | CJ124: 97 | CK124: 132 | CL124: 136 | CM124: 105 | CN124: -8 | CO124: 396.7304 | CP124: 71.169646 | CQ124: 134 | CR124: 268 | CS124: 48 | CT124: 196 | CU124: 152 | CV124: 134 | CW124: 327.25056 | CX124: 82.716766 | CY124: 75 | CZ124: 43 | DA124: 69 | DB124: 77 | DC124: 30 | DD124: -32 | DE124: 238.5861 | DF124: 54.978373 | DG124: 216 | DH124: 300 | DI124: 138 | DJ124: 267 | DK124: 231 | DL124: 84 | DM124: 738.63022 | DN124: 61.205695 | DO124: 230 | DP124: 206 | DQ124: 95 | DR124: 203 | DS124: 150 | DT124: -24 | DU124: 334.25459 | DV124: 51.949996 | DW124: 269 | DX124: 189 | DY124: 170 | DZ124: 221 | EA124: 197 | EB124: -80 | EC124: 67.66191 | ED124: 122 | EE124: 125 | EF124: 41 | EG124: 124 | EH124: 91 | EI124: 3
A125: Itapetininga | B125: SP | C125: Sudeste | D125: 754.27041 | E125: 81.304062 | F125: 96 | G125: 69 | H125: 69 | I125: 66 | J125: 78 | K125: -27 | L125: 182.91636 | M125: 59.79536 | N125: 114 | O125: 52 | P125: 70 | Q125: 199 | R125: 50 | S125: -62 | T125: 1082.9054 | U125: 87.173258 | V125: 43 | W125: 37 | X125: 15 | Y125: 40 | Z125: 38 | AA125: -6 | AB125: 695.86473 | AC125: 74.635335 | AD125: 34 | AE125: 52 | AF125: 57 | AG125: 81 | AH125: 105 | AI125: 18 | AJ125: 380.75117 | AK125: 56.889519 | AL125: 271 | AM125: 146 | AN125: 161 | AO125: 164 | AP125: 183 | AQ125: -125 | AR125: 670.86566 | AS125: 86.198878 | AT125: 85 | AU125: 48 | AV125: 28 | AW125: 46 | AX125: 65 | AY125: -37 | AZ125: - | BA125: 490.99957 | BB125: 36.640443 | BC125: 171 | BD125: 276 | BE125: 254 | BF125: 240 | BG125: 224 | BH125: 105 | BI125: 561.73381 | BJ125: 44.504235 | BK125: 376 | BL125: 330 | BM125: 313 | BN125: 282 | BO125: 253 | BP125: -46 | BQ125: 108.74232 | BR125: 53.514969 | BS125: 211 | BT125: 354 | BU125: 263 | BV125: 366 | BW125: 174 | BX125: 143 | BY125: 1369.8877 | BZ125: 87.954601 | CA125: 55 | CB125: 58 | CC125: 29 | CD125: 45 | CE125: 56 | CF125: 3 | CG125: 402.06772 | CH125: 88.835997 | CI125: 88 | CJ125: 76 | CK125: 85 | CL125: 76 | CM125: 102 | CN125: -12 | CO125: 391.71638 | CP125: 69.084536 | CQ125: 200 | CR125: 56 | CS125: 83 | CT125: 134 | CU125: 169 | CV125: -144 | CW125: 332.4343 | CX125: 84.18567 | CY125: 55 | CZ125: 36 | DA125: 24 | DB125: 34 | DC125: 32 | DD125: -19 | DE125: 227.82355 | DF125: 49.093691 | DG125: 272 | DH125: 212 | DI125: 230 | DJ125: 297 | DK125: 269 | DL125: -60 | DM125: 763.06 | DN125: 65.584053 | DO125: 190 | DP125: 153 | DQ125: 149 | DR125: 154 | DS125: 176 | DT125: -37 | DU125: 360.5691 | DV125: 56.487001 | DW125: 207 | DX125: 194 | DY125: 157 | DZ125: 209 | EA125: 168 | EB125: -13 | EC125: 67.6176 | ED125: 123 | EE125: 89 | EF125: 69 | EG125: 110 | EH125: 92 | EI125: -34
A126: Catalão | B126: GO | C126: Centro-oeste | D126: 731.54734 | E126: 77.681358 | F126: 139 | G126: 126 | H126: 163 | I126: 145 | J126: 211 | K126: -13 | L126: 190.89362 | M126: 64.129889 | N126: 62 | O126: 28 | P126: 100 | Q126: 48 | R126: 236 | S126: -34 | T126: 1007.3971 | U126: 78.323295 | V126: 126 | W126: 173 | X126: 280 | Y126: 205 | Z126: 162 | AA126: 47 | AB126: 547.80201 | AC126: 52.810468 | AD126: 204 | AE126: 211 | AF126: 162 | AG126: 150 | AH126: 140 | AI126: 7 | AJ126: 389.50239 | AK126: 59.690547 | AL126: 224 | AM126: 169 | AN126: 90 | AO126: 197 | AP126: 314 | AQ126: -55 | AR126: 630.10772 | AS126: 78.763285 | AT126: 163 | AU126: 240 | AV126: 316 | AW126: 248 | AX126: 217 | AY126: 77 | AZ126: - | BA126: 506.46884 | BB126: 39.594265 | BC126: 147 | BD126: 178 | BE126: 187 | BF126: 84 | BG126: 155 | BH126: 31 | BI126: 619.92676 | BJ126: 56.975177 | BK126: 206 | BL126: 142 | BM126: 98 | BN126: 162 | BO126: 294 | BP126: -64 | BQ126: 156.77373 | BR126: 82.004908 | BS126: 13 | BT126: 76 | BU126: 340 | BV126: 22 | BW126: 152 | BX126: 63 | BY126: 1260.9577 | BZ126: 77.774587 | CA126: 175 | CB126: 232 | CC126: 328 | CD126: 182 | CE126: 190 | CF126: 57 | CG126: 401.8078 | CH126: 88.762502 | CI126: 91 | CJ126: 320 | CK126: 371 | CL126: 298 | CM126: 249 | CN126: 229 | CO126: 386.57524 | CP126: 66.946557 | CQ126: 273 | CR126: 296 | CS126: 302 | CT126: 353 | CU126: 298 | CV126: 23 | CW126: 312.12776 | CX126: 78.431449 | CY126: 143 | CZ126: 159 | DA126: 311 | DB126: 179 | DC126: 164 | DD126: 16 | DE126: 227.04773 | DF126: 48.669495 | DG126: 277 | DH126: 287 | DI126: 292 | DJ126: 384 | DK126: 379 | DL126: 10 | DM126: 732.43754 | DN126: 60.09583 | DO126: 239 | DP126: 268 | DQ126: 396 | DR126: 221 | DS126: 270 | DT126: 29 | DU126: 436.97472 | DV126: 69.660448 | DW126: 50 | DX126: 50 | DY126: 395 | DZ126: 84 | EA126: 133 | EB126: 0 | EC126: 67.519629 | ED126: 124 | EE126: 187 | EF126: 311 | EG126: 168 | EH126: 210 | EI126: 63
A127: Betim | B127: MG | C127: Sudeste | D127: 714.70558 | E127: 74.996301 | F127: 173 | G127: 153 | H127: 143 | I127: 168 | J127: 182 | K127: -20 | L127: 172.98865 | M127: 54.401028 | N127: 189 | O127: 221 | P127: 281 | Q127: 339 | R127: 248 | S127: 32 | T127: 1040.3342 | U127: 82.183696 | V127: 89 | W127: 117 | X127: 79 | Y127: 89 | Z127: 99 | AA127: 28 | AB127: 546.92436 | AC127: 52.6811 | AD127: 206 | AE127: 174 | AF127: 204 | AG127: 235 | AH127: 252 | AI127: -32 | AJ127: 388.62209 | AK127: 59.408785 | AL127: 228 | AM127: 225 | AN127: 137 | AO127: 155 | AP127: 211 | AQ127: -3 | AR127: 652.29702 | AS127: 82.811345 | AT127: 123 | AU127: 159 | AV127: 135 | AW127: 181 | AX127: 161 | AY127: 36 | AZ127: - | BA127: 527.51237 | BB127: 43.612481 | BC127: 108 | BD127: 137 | BE127: 157 | BF127: 109 | BG127: 124 | BH127: 29 | BI127: 648.88995 | BJ127: 63.182086 | BK127: 114 | BL127: 158 | BM127: 85 | BN127: 68 | BO127: 114 | BP127: 44 | BQ127: 131.63096 | BR127: 67.091421 | BS127: 65 | BT127: 110 | BU127: 199 | BV127: 107 | BW127: 118 | BX127: 45 | BY127: 1284.4236 | BZ127: 79.967582 | CA127: 150 | CB127: 141 | CC127: 104 | CD127: 93 | CE127: 103 | CF127: -9 | CG127: 362.85632 | CH127: 77.748621 | CI127: 259 | CJ127: 269 | CK127: 176 | CL127: 274 | CM127: 252 | CN127: 10 | CO127: 412.24663 | CP127: 77.622174 | CQ127: 40 | CR127: 171 | CS127: 118 | CT127: 58 | CU127: 213 | CV127: 131 | CW127: 326.11146 | CX127: 82.393982 | CY127: 83 | CZ127: 106 | DA127: 71 | DB127: 107 | DC127: 110 | DD127: 23 | DE127: 256.26203 | DF127: 64.643114 | DG127: 135 | DH127: 238 | DI127: 212 | DJ127: 172 | DK127: 128 | DL127: 103 | DM127: 739.87643 | DN127: 61.429043 | DO127: 227 | DP127: 166 | DQ127: 163 | DR127: 139 | DS127: 115 | DT127: -61 | DU127: 358.30375 | DV127: 56.096422 | DW127: 215 | DX127: 244 | DY127: 223 | DZ127: 125 | EA127: 114 | EB127: 29 | EC127: 67.516824 | ED127: 125 | EE127: 161 | EF127: 128 | EG127: 134 | EH127: 140 | EI127: 36
A128: Marília | B128: SP | C128: Sudeste | D128: 716.44731 | E128: 75.273983 | F128: 168 | G128: 147 | H128: 126 | I128: 83 | J128: 112 | K128: -21 | L128: 197.02933 | M128: 67.463797 | N128: 36 | O128: 6 | P128: 29 | Q128: 139 | R128: 67 | S128: -30 | T128: 1040.7564 | U128: 82.233181 | V128: 88 | W128: 91 | X128: 104 | Y128: 90 | Z128: 89 | AA128: 3 | AB128: 695.15173 | AC128: 74.530238 | AD128: 35 | AE128: 32 | AF128: 15 | AG128: 31 | AH128: 47 | AI128: -3 | AJ128: 348.18872 | AK128: 46.467172 | AL128: 370 | AM128: 345 | AN128: 215 | AO128: 145 | AP128: 88 | AQ128: -25 | AR128: 637.63335 | AS128: 80.136208 | AT128: 150 | AU128: 98 | AV128: 127 | AW128: 175 | AX128: 209 | AY128: -52 | AZ128: - | BA128: 553.23433 | BB128: 48.524031 | BC128: 67 | BD128: 67 | BE128: 69 | BF128: 90 | BG128: 101 | BH128: 0 | BI128: 573.54372 | BJ128: 47.035137 | BK128: 361 | BL128: 362 | BM128: 253 | BN128: 149 | BO128: 99 | BP128: 1 | BQ128: 103.24566 | BR128: 50.254608 | BS128: 260 | BT128: 331 | BU128: 289 | BV128: 307 | BW128: 144 | BX128: 71 | BY128: 1347.8623 | BZ128: 85.89622 | CA128: 80 | CB128: 79 | CC128: 95 | CD128: 74 | CE128: 133 | CF128: -1 | CG128: 379.38901 | CH128: 82.423387 | CI128: 206 | CJ128: 227 | CK128: 204 | CL128: 254 | CM128: 232 | CN128: 21 | CO128: 400.26653 | CP128: 72.64017 | CQ128: 101 | CR128: 17 | CS128: 53 | CT128: 292 | CU128: 208 | CV128: -84 | CW128: 341.19987 | CX128: 86.669551 | CY128: 17 | CZ128: 157 | DA128: 141 | DB128: 146 | DC128: 250 | DD128: 140 | DE128: 229.55239 | DF128: 50.038975 | DG128: 265 | DH128: 102 | DI128: 175 | DJ128: 319 | DK128: 310 | DL128: -163 | DM128: 795.21884 | DN128: 71.347628 | DO128: 125 | DP128: 88 | DQ128: 101 | DR128: 69 | DS128: 104 | DT128: -37 | DU128: 374.2481 | DV128: 58.845461 | DW128: 177 | DX128: 187 | DY128: 156 | DZ128: 144 | EA128: 127 | EB128: 10 | EC128: 67.486234 | ED128: 126 | EE128: 98 | EF128: 94 | EG128: 111 | EH128: 116 | EI128: -28
A129: Itanhaém | B129: SP | C129: Sudeste | D129: 717.97035 | E129: 75.5168 | F129: 166 | G129: 151 | H129: 180 | I129: 175 | J129: 206 | K129: -15 | L129: 170.97761 | M129: 53.308308 | N129: 207 | O129: 200 | P129: 228 | Q129: 294 | R129: 153 | S129: -7 | T129: 909.95126 | U129: 66.902141 | V129: 248 | W129: 225 | X129: 281 | Y129: 163 | Z129: 234 | AA129: -23 | AB129: 565.58037 | AC129: 55.43105 | AD129: 184 | AE129: 160 | AF129: 145 | AG129: 163 | AH129: 158 | AI129: -24 | AJ129: 469.72645 | AK129: 85.36807 | AL129: 5 | AM129: 5 | AN129: 4 | AO129: 4 | AP129: 69 | AQ129: 0 | AR129: 680.06372 | AS129: 87.876908 | AT129: 65 | AU129: 37 | AV129: 178 | AW129: 24 | AX129: 36 | AY129: -28 | AZ129: - | BA129: 374.99439 | BB129: 14.489515 | BC129: 370 | BD129: 392 | BE129: 398 | BF129: 397 | BG129: 373 | BH129: 22 | BI129: 635.56455 | BJ129: 60.326408 | BK129: 156 | BL129: 146 | BM129: 116 | BN129: 117 | BO129: 187 | BP129: -10 | BQ129: 102.4079 | BR129: 49.757689 | BS129: 267 | BT129: 297 | BU129: 260 | BV129: 258 | BW129: 173 | BX129: 30 | BY129: 1262.5043 | BZ129: 77.919126 | CA129: 173 | CB129: 208 | CC129: 257 | CD129: 226 | CE129: 247 | CF129: 35 | CG129: 397.04234 | CH129: 87.415024 | CI129: 118 | CJ129: 43 | CK129: 260 | CL129: 11 | CM129: 20 | CN129: -75 | CO129: 392.70068 | CP129: 69.49386 | CQ129: 182 | CR129: 190 | CS129: 176 | CT129: 208 | CU129: 76 | CV129: 8 | CW129: 319.83469 | CX129: 80.615346 | CY129: 117 | CZ129: 146 | DA129: 288 | DB129: 128 | DC129: 122 | DD129: 29 | DE129: 298.26691 | DF129: 87.610294 | DG129: 8 | DH129: 8 | DI129: 15 | DJ129: 28 | DK129: 12 | DL129: 0 | DM129: 809.08344 | DN129: 73.83247 | DO129: 104 | DP129: 144 | DQ129: 142 | DR129: 187 | DS129: 245 | DT129: 40 | DU129: 335.37312 | DV129: 52.142846 | DW129: 267 | DX129: 285 | DY129: 258 | DZ129: 270 | EA129: 278 | EB129: 18 | EC129: 67.375366 | ED129: 127 | EE129: 127 | EF129: 206 | EG129: 130 | EH129: 151 | EI129: 0
... A144: Rio Claro | B144: SP | C144: Sudeste | D144: 746.34383 | E144: 80.040339 | F144: 108 | G144: 97 | H144: 59 | I144: 50 | J144: 48 | K144: -11 | L144: 208.07175 | M144: 73.463816 | N144: 19 | O144: 122 | P144: 10 | Q144: 42 | R144: 54 | S144: 103 | T144: 1092.864 | U144: 88.340457 | V144: 33 | W144: 25 | X144: 142 | Y144: 72 | Z144: 265 | AA144: -8 | AB144: 635.62864 | AC144: 65.756364 | AD144: 87 | AE144: 87 | AF144: 101 | AG144: 75 | AH144: 85 | AI144: 0 | AJ144: 343.8515 | AK144: 45.078945 | AL144: 383 | AM144: 346 | AN144: 221 | AO144: 167 | AP144: 205 | AQ144: -37 | AR144: 696.41814 | AS144: 90.860494 | AT144: 28 | AU144: 65 | AV144: 113 | AW144: 14 | AX144: 278 | AY144: 37 | AZ144: - | BA144: 435.59212 | BB144: 26.060515 | BC144: 268 | BD144: 335 | BE144: 246 | BF144: 160 | BG144: 251 | BH144: 67 | BI144: 492.2762 | BJ144: 29.619236 | BK144: 411 | BL144: 393 | BM144: 350 | BN144: 144 | BO144: 305 | BP144: -18 | BQ144: 126.70165 | BR144: 64.167587 | BS144: 94 | BT144: 230 | BU144: 143 | BV144: 250 | BW144: 285 | BX144: 136 | BY144: 1282.3728 | BZ144: 79.775922 | CA144: 153 | CB144: 170 | CC144: 214 | CD144: 118 | CE144: 278 | CF144: 17 | CG144: 390.57481 | CH144: 85.586273 | CI144: 150 | CJ144: 129 | CK144: 258 | CL144: 37 | CM144: 373 | CN144: -21 | CO144: 414.26616 | CP144: 78.462008 | CQ144: 35 | CR144: 188 | CS144: 20 | CT144: 125 | CU144: 374 | CV144: 153 | CW144: 336.54321 | CX144: 85.350005 | CY144: 34 | CZ144: 32 | DA144: 218 | DB144: 7 | DC144: 358 | DD144: -2 | DE144: 244.08872 | DF144: 57.987061 | DG144: 183 | DH144: 339 | DI144: 157 | DJ144: 308 | DK144: 311 | DL144: 156 | DM144: 737.79864 | DN144: 61.056658 | DO144: 231 | DP144: 261 | DQ144: 234 | DR144: 192 | DS144: 214 | DT144: 30 | DU144: 359.7423 | DV144: 56.344449 | DW144: 210 | DX144: 262 | DY144: 219 | DZ144: 212 | EA144: 266 | EB144: 52 | EC144: 66.746883 | ED144: 142 | EE144: 182 | EF144: 165 | EG144: 74 | EH144: 289 | EI144: 40
A145: Timóteo | B145: MG | C145: Sudeste | D145: 785.45614 | E145: 86.275955 | F145: 49 | G145: 125 | K145: Novo município | L145: 142.78563 | M145: 37.989887 | N145: 354 | O145: 298 | S145: Novo município | T145: 1103.039 | U145: 89.533023 | V145: 23 | W145: 105 | AA145: Novo município | AB145: 564.67205 | AC145: 55.297161 | AD145: 187 | AE145: 147 | AI145: Novo município | AJ145: 434.71005 | AK145: 74.160281 | AL145: 41 | AM145: 164 | AQ145: Novo município | AR145: 667.01577 | AS145: 85.496532 | AT145: 93 | AU145: 133 | AY145: Novo município | AZ145: - | BA145: 471.6294 | BB145: 32.941754 | BC145: 201 | BD145: 218 | BH145: Novo município | BI145: 688.5711 | BJ145: 71.685888 | BK145: 32 | BL145: 119 | BP145: Novo município | BQ145: 125.32502 | BR145: 63.351037 | BS145: 100 | BT145: 283 | BX145: Novo município | BY145: 1226.0449 | BZ145: 74.511824 | CA145: 203 | CB145: 218 | CF145: Novo município | CG145: 366.98401 | CH145: 78.915762 | CI145: 244 | CJ145: 319 | CN145: Novo município | CO145: 391.54459 | CP145: 69.013095 | CQ145: 205 | CR145: 262 | CV145: Novo município | CW145: 312.4096 | CX145: 78.511313 | CY145: 139 | CZ145: 167 | DD145: Novo município | DE145: 267.65926 | DF145: 70.874823 | DG145: 77 | DH145: 58 | DL145: Novo município | DM145: 668.94941 | DN145: 48.717352 | DO145: 320 | DP145: 309 | DT145: Novo município | DU145: 326.07078 | DV145: 50.538986 | DW145: 288 | DX145: 320 | EB145: Novo município | EC145: 66.738417 | ED145: 143 | EE145: 203 | EI145: Novo município
A146: Santo André | B146: SP | C146: Sudeste | D146: 720.53691 | E146: 75.925982 | F146: 157 | G146: 194 | H146: 155 | I146: 147 | J146: 108 | K146: 37 | L146: 151.99373 | M146: 42.993208 | N146: 331 | O146: 343 | P146: 303 | Q146: 282 | R146: 204 | S146: 12 | T146: 1080.3402 | U146: 86.872609 | V146: 47 | W146: 73 | X146: 65 | Y146: 101 | Z146: 71 | AA146: 26 | AB146: 608.88774 | AC146: 61.814679 | AD146: 116 | AE146: 107 | AF146: 91 | AG146: 64 | AH146: 69 | AI146: -9 | AJ146: 350.06101 | AK146: 47.066439 | AL146: 368 | AM146: 364 | AN146: 206 | AO146: 151 | AP146: 123 | AQ146: -4 | AR146: 702.33607 | AS146: 91.94012 | AT146: 22 | AU146: 33 | AV146: 64 | AW146: 99 | AX146: 126 | AY146: 11 | AZ146: - | BA146: 511.20582 | BB146: 40.498781 | BC146: 137 | BD146: 162 | BE146: 145 | BF146: 112 | BG146: 94 | BH146: 25 | BI146: 580.16218 | BJ146: 48.453494 | BK146: 343 | BL146: 358 | BM146: 202 | BN146: 145 | BO146: 92 | BP146: 15 | BQ146: 112.53956 | BR146: 55.767311 | BS146: 174 | BT146: 200 | BU146: 212 | BV146: 84 | BW146: 132 | BX146: 26 | BY146: 1363.2133 | BZ146: 87.330845 | CA146: 63 | CB146: 73 | CC146: 49 | CD146: 84 | CE146: 83 | CF146: 10 | CG146: 397.51582 | CH146: 87.548906 | CI146: 117 | CJ146: 49 | CK146: 95 | CL146: 135 | CM146: 217 | CN146: -68 | CO146: 386.47336 | CP146: 66.90419 | CQ146: 279 | CR146: 183 | CS146: 224 | CT146: 182 | CU146: 71 | CV146: -96 | CW146: 315.31071 | CX146: 79.333395 | CY146: 130 | CZ146: 163 | DA146: 118 | DB146: 183 | DC146: 167 | DD146: 33 | DE146: 260.43432 | DF146: 66.924412 | DG146: 109 | DH146: 100 | DI146: 123 | DJ146: 134 | DK146: 86 | DL146: -9 | DM146: 764.98517 | DN146: 65.929085 | DO146: 185 | DP146: 103 | DQ146: 80 | DR146: 98 | DS146: 106 | DT146: -82 | DU146: 391.62388 | DV146: 61.8413 | DW146: 134 | DX146: 142 | DY146: 94 | DZ146: 89 | EA146: 100 | EB146: 8 | EC146: 66.696547 | ED146: 144 | EE146: 150 | EF146: 86 | EG146: 86 | EH146: 83 | EI146: 6
A147: Macaé | B147: RJ | C147: Sudeste | D147: 618.56858 | E147: 59.669327 | F147: 303 | G147: 190 | H147: 214 | I147: 209 | J147: 188 | K147: -113 | L147: 169.19649 | M147: 52.340517 | N147: 220 | O147: 68 | P147: 47 | Q147: 217 | R147: 287 | S147: -152 | T147: 966.05713 | U147: 73.47804 | V147: 168 | W147: 178 | X147: 269 | Y147: 225 | Z147: 235 | AA147: 10 | AB147: 512.54843 | AC147: 47.613991 | AD147: 237 | AE147: 135 | AF147: 120 | AG147: 131 | AH147: 123 | AI147: -102 | AJ147: 337.00003 | AK147: 42.885976 | AL147: 390 | AM147: 361 | AN147: 327 | AO147: 328 | AP147: 224 | AQ147: -29 | AR147: 598.91288 | AS147: 73.072315 | AT147: 213 | AU147: 61 | AV147: 231 | AW147: 142 | AX147: 135 | AY147: -152 | AZ147: - | BA147: 634.64275 | BB147: 64.068787 | BC147: 12 | BD147: 15 | BE147: 12 | BF147: 24 | BG147: 21 | BH147: 3 | BI147: 591.62633 | BJ147: 50.910301 | BK147: 316 | BL147: 222 | BM147: 205 | BN147: 206 | BO147: 119 | BP147: -94 | BQ147: 187.11179 | BR147: 100 | BS147: 1 | BT147: 13 | BU147: 5 | BV147: 2 | BW147: 12 | BX147: 12 | BY147: 1275.2394 | BZ147: 79.109275 | CA147: 159 | CB147: 88 | CC147: 235 | CD147: 200 | CE147: 196 | CF147: -71 | CG147: 396.73193 | CH147: 87.327253 | CI147: 120 | CJ147: 95 | CK147: 290 | CL147: 98 | CM147: 85 | CN147: -25 | CO147: 391.36563 | CP147: 68.938674 | CQ147: 207 | CR147: 73 | CS147: 68 | CT147: 222 | CU147: 194 | CV147: -134 | CW147: 306.44148 | CX147: 76.82014 | CY147: 168 | CZ147: 195 | DA147: 329 | DB147: 225 | DC147: 213 | DD147: 27 | DE147: 244.40879 | DF147: 58.162072 | DG147: 181 | DH147: 112 | DI147: 114 | DJ147: 175 | DK147: 144 | DL147: -69 | DM147: 747.25534 | DN147: 62.751507 | DO147: 215 | DP147: 86 | DQ147: 221 | DR147: 250 | DS147: 274 | DT147: -129 | DU147: 434.43349 | DV147: 69.222303 | DW147: 55 | DX147: 34 | DY147: 92 | DZ147: 105 | EA147: 136 | EB147: -21 | EC147: 66.648155 | ED147: 145 | EE147: 57 | EF147: 156 | EG147: 127 | EH147: 138 | EI147: -88
A148: Navegantes | B148: SC | C148: Sul | D148: 680.19104 | E148: 69.493702 | F148: 236 | G148: 217 | H148: 264 | I148: 237 | J148: 230 | K148: -19 | L148: 170.56216 | M148: 53.082568 | N148: 211 | O148: 261 | P148: 221 | Q148: 332 | R148: 53 | S148: 50 | T148: 855.15792 | U148: 60.480077 | V148: 292 | W148: 241 | X148: 259 | Y148: 269 | Z148: 206 | AA148: -51 | AB148: 565.6325 | AC148: 55.438734 | AD148: 183 | AE148: 172 | AF148: 159 | AG148: 124 | AH148: 185 | AI148: -11 | AJ148: 463.12186 | AK148: 83.254122 | AL148: 6 | AM148: 3 | AN148: 18 | AO148: 46 | AP148: 100 | AQ148: -3 | AR148: 576.33453 | AS148: 68.95328 | AT148: 244 | AU148: 331 | AV148: 282 | AW148: 328 | AX148: 266 | AY148: 87 | AZ148: - | BA148: 471.19811 | BB148: 32.859398 | BC148: 204 | BD148: 169 | BE148: 238 | BF148: 308 | BG148: 400 | BH148: -35 | BI148: 692.01385 | BJ148: 72.423681 | BK148: 29 | BL148: 14 | BM148: 46 | BN148: 154 | BO148: 295 | BP148: -15 | BQ148: 103.88075 | BR148: 50.631315 | BS148: 251 | BT148: 88 | BU148: 169 | BV148: 312 | BW148: 184 | BX148: -163 | BY148: 1306.1091 | BZ148: 81.994192 | CA148: 125 | CB148: 134 | CC148: 142 | CD148: 177 | CE148: 170 | CF148: 9 | CG148: 436.04482 | CH148: 98.443327 | CI148: 2 | CJ148: 127 | CK148: 79 | CL148: 132 | CM148: 66 | CN148: 125 | CO148: 396.22227 | CP148: 70.958339 | CQ148: 140 | CR148: 222 | CS148: 279 | CT148: 283 | CU148: 38 | CV148: 82 | CW148: 288.58447 | CX148: 71.760035 | CY148: 254 | CZ148: 337 | DA148: 222 | DB148: 315 | DC148: 272 | DD148: 83 | DE148: 236.17842 | DF148: 53.661918 | DG148: 232 | DH148: 229 | DI148: 239 | DJ148: 237 | DK148: 177 | DL148: -3 | DM148: 829.25728 | DN148: 77.448069 | DO148: 75 | DP148: 22 | DQ148: 41 | DR148: 28 | DS148: 32 | DT148: -53 | DU148: 409.77291 | DV148: 64.970458 | DW148: 95 | DX148: 60 | DY148: 45 | DZ148: 61 | EA148: 35 | EB148: -35 | EC148: 66.615826 | ED148: 146 | EE148: 144 | EF148: 151 | EG148: 207 | EH148: 178 | EI148: -2
A149: Aparecida de Goiânia | B149: GO | C149: Centro-oeste | D149: 786.11644 | E149: 86.381225 | F149: 47 | G149: 134 | H149: 141 | I149: 154 | J149: 181 | K149: 87 | L149: 172.69671 | M149: 54.242401 | N149: 192 | O149: 216 | P149: 278 | Q149: 366 | R149: 203 | S149: 24 | T149: 974.26829 | U149: 74.440431 | V149: 157 | W149: 239 | X149: 233 | Y149: 290 | Z149: 274 | AA149: 82 | AB149: 502.93003 | AC149: 46.196211 | AD149: 254 | AE149: 293 | AF149: 275 | AG149: 336 | AH149: 300 | AI149: 39 | AJ149: 415.25933 | AK149: 67.934638 | AL149: 99 | AM149: 173 | AN149: 84 | AO149: 182 | AP149: 118 | AQ149: 74 | AR149: 669.4467 | AS149: 85.940014 | AT149: 86 | AU149: 118 | AV149: 121 | AW149: 146 | AX149: 184 | AY149: 32 | AZ149: - | BA149: 444.82338 | BB149: 27.823204 | BC149: 250 | BD149: 282 | BE149: 302 | BF149: 277 | BG149: 293 | BH149: 32 | BI149: 638.19003 | BJ149: 60.889056 | BK149: 145 | BL149: 131 | BM149: 70 | BN149: 114 | BO149: 94 | BP149: -14 | BQ149: 111.35331 | BR149: 55.063683 | BS149: 183 | BT149: 284 | BU149: 387 | BV149: 187 | BW149: 273 | BX149: 101 | BY149: 1359.916 | BZ149: 87.022695 | CA149: 66 | CB149: 113 | CC149: 236 | CD149: 130 | CE149: 138 | CF149: 47 | CG149: 400.52035 | CH149: 88.398462 | CI149: 97 | CJ149: 89 | CK149: 21 | CL149: 69 | CM149: 42 | CN149: -8 | CO149: 394.01191 | CP149: 70.039145 | CQ149: 167 | CR149: 278 | CS149: 182 | CT149: 273 | CU149: 235 | CV149: 111 | CW149: 336.28207 | CX149: 85.276006 | CY149: 36 | CZ149: 78 | DA149: 53 | DB149: 124 | DC149: 124 | DD149: 42 | DE149: 224.63216 | DF149: 47.34872 | DG149: 305 | DH149: 338 | DI149: 343 | DJ149: 286 | DK149: 347 | DL149: 33 | DM149: 784.23081 | DN149: 69.378329 | DO149: 143 | DP149: 233 | DQ149: 386 | DR149: 213 | DS149: 102 | DT149: 90 | DU149: 377.637 | DV149: 59.429758 | DW149: 170 | DX149: 183 | DY149: 396 | DZ149: 65 | EA149: 57 | EB149: 13 | EC149: 66.612749 | ED149: 147 | EE149: 196 | EF149: 237 | EG149: 199 | EH149: 173 | EI149: 49
A150: Sete Lagoas | B150: MG | C150: Sudeste | D150: 751.49296 | E150: 80.861258 | F150: 99 | G150: 138 | H150: 108 | I150: 134 | J150: 113 | K150: 39 | L150: 171.43967 | M150: 53.559375 | N150: 203 | O150: 37 | P150: 255 | Q150: 87 | R150: 264 | S150: -166 | T150: 1066.5926 | U150: 85.26132 | V150: 60 | W150: 142 | X150: 226 | Y150: 124 | Z150: 135 | AA150: 82 | AB150: 524.52341 | AC150: 49.379137 | AD150: 230 | AE150: 190 | AF150: 201 | AG150: 254 | AH150: 246 | AI150: -40 | AJ150: 406.57419 | AK150: 65.154762 | AL150: 134 | AM150: 158 | AN150: 64 | AO150: 137 | AP150: 66 | AQ150: 24 | AR150: 623.88621 | AS150: 77.628275 | AT150: 174 | AU150: 196 | AV150: 292 | AW150: 206 | AX150: 188 | AY150: 22 | AZ150: - | BA150: 523.66874 | BB150: 42.878548 | BC150: 117 | BD150: 131 | BE150: 152 | BF150: 150 | BG150: 184 | BH150: 14 | BI150: 631.66022 | BJ150: 59.489698 | BK150: 168 | BL150: 167 | BM150: 137 | BN150: 133 | BO150: 95 | BP150: -1 | BQ150: 117.76452 | BR150: 58.866506 | BS150: 138 | BT150: 285 | BU150: 98 | BV150: 256 | BW150: 277 | BX150: 147 | BY150: 1304.8508 | BZ150: 81.876599 | CA150: 126 | CB150: 151 | CC150: 201 | CD150: 156 | CE150: 150 | CF150: 25 | CG150: 354.21782 | CH150: 75.306008 | CI150: 277 | CJ150: 304 | CK150: 361 | CL150: 314 | CM150: 245 | CN150: 27 | CO150: 408.99654 | CP150: 76.270604 | CQ150: 55 | CR150: 18 | CS150: 115 | CT150: 30 | CU150: 151 | CV150: -37 | CW150: 300.65712 | CX150: 75.181037 | CY150: 193 | CZ150: 232 | DA150: 337 | DB150: 212 | DC150: 198 | DD150: 39 | DE150: 249.91874 | DF150: 61.17477 | DG150: 157 | DH150: 126 | DI150: 226 | DJ150: 140 | DK150: 184 | DL150: -31 | DM150: 769.03631 | DN150: 66.65514 | DO150: 176 | DP150: 167 | DQ150: 155 | DR150: 177 | DS150: 186 | DT150: -9 | DU150: 358.59243 | DV150: 56.146195 | DW150: 214 | DX150: 162 | DY150: 166 | DZ150: 173 | EA150: 255 | EB150: -52 | EC150: 66.605577 | ED150: 148 | EE150: 159 | EF150: 225 | EG150: 169 | EH150: 174 | EI150: 11
A151: Cachoeirinha | B151: RS | C151: Sul | D151: 772.67641 | E151: 84.238502 | F151: 68 | G151: 58 | H151: 60 | I151: 144 | J151: 126 | K151: -10 | L151: 163.66479 | M151: 49.334806 | N151: 259 | O151: 184 | P151: 153 | Q151: 57 | R151: 95 | S151: -75 | T151: 1111.7974 | U151: 90.559552 | V151: 15 | W151: 62 | X151: 40 | Y151: 179 | Z151: 125 | AA151: 47 | AB151: 455.19895 | AC151: 39.160514 | AD151: 307 | AE151: 308 | AF151: 281 | AG151: 283 | AH151: 285 | AI151: 1 | AJ151: 399.56163 | AK151: 62.910234 | AL151: 168 | AM151: 67 | AN151: 170 | AO151: 274 | AP151: 285 | AQ151: -101 | AR151: 644.09007 | AS151: 81.314127 | AT151: 138 | AU151: 174 | AV151: 57 | AW151: 278 | AX151: 232 | AY151: 36 | AZ151: - | BA151: 523.38741 | BB151: 42.824828 | BC151: 119 | BD151: 87 | BE151: 125 | BF151: 74 | BG151: 152 | BH151: -32 | BI151: 650.04684 | BJ151: 63.430011 | BK151: 110 | BL151: 44 | BM151: 165 | BN151: 232 | BO151: 208 | BP151: -66 | BQ151: 108.85297 | BR151: 53.580601 | BS151: 209 | BT151: 247 | BU151: 270 | BV151: 158 | BW151: 341 | BX151: 38 | BY151: 1349.3425 | BZ151: 86.034558 | CA151: 75 | CB151: 102 | CC151: 44 | CD151: 210 | CE151: 250 | CF151: 27 | CG151: 383.70885 | CH151: 83.64486 | CI151: 187 | CJ151: 209 | CK151: 105 | CL151: 386 | CM151: 345 | CN151: 22 | CO151: 389.66333 | CP151: 68.23076 | CQ151: 237 | CR151: 214 | CS151: 163 | CT151: 396 | CU151: 365 | CV151: -23 | CW151: 321.51927 | CX151: 81.092701 | CY151: 109 | CZ151: 135 | DA151: 1 | DB151: 336 | DC151: 265 | DD151: 26 | DE151: 225.54056 | DF151: 47.845413 | DG151: 291 | DH151: 278 | DI151: 286 | DJ151: 236 | DK151: 192 | DL151: -13 | DM151: 807.52206 | DN151: 73.552636 | DO151: 107 | DP151: 171 | DQ151: 189 | DR151: 218 | DS151: 312 | DT151: 64 | DU151: 361.49946 | DV151: 56.64741 | DW151: 204 | DX151: 226 | DY151: 233 | DZ151: 287 | EA151: 356 | EB151: 22 | EC151: 66.525095 | ED151: 149 | EE151: 139 | EF151: 97 | EG151: 261 | EH151: 277 | EI151: -10
A152: Vila Velha | B152: ES | C152: Sudeste | D152: 704.9784 | E152: 73.445511 | F152: 193 | G152: 218 | H152: 147 | I152: 187 | J152: 178 | K152: 25 | L152: 182.27691 | M152: 59.447908 | N152: 119 | O152: 116 | P152: 34 | Q152: 182 | R152: 272 | S152: -3 | T152: 1016.1246 | U152: 79.346211 | V152: 113 | W152: 144 | X152: 133 | Y152: 176 | Z152: 145 | AA152: 31 | AB152: 574.52742 | AC152: 56.74987 | AD152: 165 | AE152: 169 | AF152: 178 | AG152: 201 | AH152: 207 | AI152: 4 | AJ152: 369.8312 | AK152: 53.394336 | AL152: 320 | AM152: 347 | AN152: 230 | AO152: 233 | AP152: 214 | AQ152: 27 | AR152: 612.34157 | AS152: 75.522151 | AT152: 192 | AU152: 179 | AV152: 94 | AW152: 177 | AX152: 177 | AY152: -13 | AZ152: - | BA152: 477.34206 | BB152: 34.032572 | BC152: 191 | BD152: 151 | BE152: 123 | BF152: 225 | BG152: 167 | BH152: -40 | BI152: 609.64604 | BJ152: 54.771984 | BK152: 250 | BL152: 207 | BM152: 184 | BN152: 197 | BO152: 160 | BP152: -43 | BQ152: 112.94879 | BR152: 56.010044 | BS152: 172 | BT152: 122 | BU152: 148 | BV152: 180 | BW152: 208 | BX152: -50 | BY152: 1335.3388 | BZ152: 84.725846 | CA152: 93 | CB152: 97 | CC152: 60 | CD152: 127 | CE152: 107 | CF152: 4 | CG152: 394.16043 | CH152: 86.600138 | CI152: 134 | CJ152: 69 | CK152: 43 | CL152: 57 | CM152: 112 | CN152: -65 | CO152: 397.58918 | CP152: 71.526775 | CQ152: 123 | CR152: 106 | CS152: 23 | CT152: 136 | CU152: 91 | CV152: -17 | CW152: 311.19685 | CX152: 78.16766 | CY152: 145 | CZ152: 155 | DA152: 97 | DB152: 133 | DC152: 123 | DD152: 10 | DE152: 222.96068 | DF152: 46.4348 | DG152: 315 | DH152: 314 | DI152: 171 | DJ152: 324 | DK152: 323 | DL152: -1 | DM152: 874.90743 | DN152: 85.629587 | DO152: 33 | DP152: 51 | DQ152: 34 | DR152: 65 | DS152: 160 | DT152: 18 | DU152: 420.447 | DV152: 66.810827 | DW152: 76 | DX152: 62 | DY152: 82 | DZ152: 63 | EA152: 107 | EB152: -14 | EC152: 66.413514 | ED152: 150 | EE152: 142 | EF152: 63 | EG152: 158 | EH152: 159 | EI152: -8
A153: Primavera do Leste | B153: MT | C153: Centro-Oeste | D153: 757.05977 | E153: 81.748765 | F153: 92 | G153: 74 | H153: 170 | K153: -18 | L153: 203.49132 | M153: 70.974989 | N153: 25 | O153: 15 | P153: 97 | S153: -10 | T153: 931.17614 | U153: 69.389808 | V153: 218 | W153: 216 | X153: 266 | AA153: -2 | AB153: 497.66362 | AC153: 45.419927 | AD153: 262 | AE153: 331 | AF153: 317 | AI153: 69 | AJ153: 410.97042 | AK153: 66.561876 | AL153: 115 | AM153: 54 | AN153: 141 | AQ153: -61 | AR153: 685.59931 | AS153: 88.886783 | AT153: 50 | AU153: 62 | AV153: 222 | AY153: 12 | AZ153: - | BA153: 626.08879 | BB153: 62.435428 | BC153: 17 | BD153: 100 | BE153: 155 | BH153: 83 | BI153: 668.26069 | BJ153: 67.333299 | BK153: 64 | BL153: 26 | BM153: 34 | BP153: -38 | BQ153: 184.892 | BR153: 98.683326 | BS153: 3 | BT153: 313 | BU153: 364 | BX153: 310 | BY153: 1234.7241 | BZ153: 75.32293 | CA153: 200 | CB153: 310 | CC153: 364 | CF153: 110 | CG153: 429.99001 | CH153: 96.731273 | CI153: 5 | CJ153: 36 | CK153: 278 | CN153: 31 | CO153: 299.70187 | CP153: 30.819693 | CQ153: 397 | CR153: 250 | CS153: 390 | CV153: -147 | CW153: 324.31308 | CX153: 81.884377 | CY153: 96 | CZ153: 147 | DA153: 328 | DD153: 51 | DE153: 138.03566 | DF153: 0 | DG153: 418 | DH153: 246 | DI153: 407 | DL153: -172 | DM153: 755.61011 | DN153: 64.248868 | DO153: 204 | DP153: 395 | DQ153: 402 | DT153: 191 | DU153: 393.03085 | DV153: 62.083882 | DW153: 129 | DX153: 396 | DY153: 394 | EB153: 267 | EC153: 66.407826 | ED153: 151 | EE153: 214 | EF153: 333 | EI153: 63
A154: Santana de Parnaíba | B154: SP | C154: Sudeste | D154: 699.80557 | E154: 72.620816 | F154: 204 | G154: 192 | H154: 199 | I154: 179 | J154: 172 | K154: -12 | L154: 199.08263 | M154: 68.579477 | N154: 31 | O154: 43 | P154: 108 | Q154: 151 | R154: 32 | S154: 12 | T154: 962.88489 | U154: 73.106237 | V154: 172 | W154: 162 | X154: 71 | Y154: 113 | Z154: 169 | AA154: -10 | AB154: 650.05703 | AC154: 67.883149 | AD154: 79 | AE154: 80 | AF154: 67 | AG154: 21 | AH154: 14 | AI154: 1 | AJ154: 340.19239 | AK154: 43.907766 | AL154: 386 | AM154: 275 | AN154: 184 | AO154: 101 | AP154: 87 | AQ154: -111 | AR154: 547.79851 | AS154: 63.747367 | AT154: 283 | AU154: 252 | AV154: 165 | AW154: 211 | AX154: 204 | AY154: -31 | AZ154: - | BA154: 631.26815 | BB154: 63.424415 | BC154: 15 | BD154: 20 | BE154: 11 | BF154: 11 | BG154: 8 | BH154: 5 | BI154: 618.07419 | BJ154: 56.578165 | BK154: 217 | BL154: 57 | BM154: 28 | BN154: 19 | BO154: 17 | BP154: -160 | BQ154: 129.76472 | BR154: 65.984451 | BS154: 69 | BT154: 113 | BU154: 27 | BV154: 26 | BW154: 15 | BX154: 44 | BY154: 1338.3329 | BZ154: 85.005654 | CA154: 89 | CB154: 77 | CC154: 41 | CD154: 71 | CE154: 93 | CF154: -12 | CG154: 292.56643 | CH154: 57.873523 | CI154: 330 | CJ154: 313 | CK154: 103 | CL154: 127 | CM154: 132 | CN154: -17 | CO154: 394.64312 | CP154: 70.301639 | CQ154: 160 | CR154: 94 | CS154: 158 | CT154: 117 | CU154: 31 | CV154: -66 | CW154: 201.17065 | CX154: 46.989764 | CY154: 351 | CZ154: 370 | DA154: 151 | DB154: 240 | DC154: 233 | DD154: 19 | DE154: 250.72207 | DF154: 61.61401 | DG154: 154 | DH154: 127 | DI154: 168 | DJ154: 162 | DK154: 111 | DL154: -27 | DM154: 915.45758 | DN154: 92.89707 | DO154: 9 | DP154: 3 | DQ154: 9 | DR154: 12 | DS154: 11 | DT154: -6 | DU154: 445.32348 | DV154: 71.099896 | DW154: 39 | DX154: 18 | DY154: 24 | DZ154: 23 | EA154: 13 | EB154: -21 | EC154: 66.350837 | ED154: 152 | EE154: 107 | EF154: 26 | EG154: 25 | EH154: 25 | EI154: -45
A155: Arapongas | B155: PR | C155: Sul | D155: 747.65479 | E155: 80.249344 | F155: 105 | G155: 113 | H155: 189 | I155: 199 | J155: 207 | K155: 8 | L155: 165.52416 | M155: 50.345116 | N155: 249 | O155: 272 | P155: 262 | Q155: 309 | R155: 401 | S155: 23 | T155: 1026.5663 | U155: 80.570032 | V155: 101 | W155: 134 | X155: 105 | Y155: 119 | Z155: 116 | AA155: 33 | AB155: 566.67482 | AC155: 55.592375 | AD155: 179 | AE155: 181 | AF155: 153 | AG155: 214 | AH155: 195 | AI155: 2 | AJ155: 405.22577 | AK155: 64.723169 | AL155: 142 | AM155: 206 | AN155: 281 | AO155: 306 | AP155: 304 | AQ155: 64 | AR155: 652.56306 | AS155: 82.85988 | AT155: 122 | AU155: 140 | AV155: 72 | AW155: 123 | AX155: 119 | AY155: 18 | AZ155: - | BA155: 474.32947 | BB155: 33.457325 | BC155: 197 | BD155: 250 | BE155: 317 | BF155: 227 | BG155: 252 | BH155: 53 | BI155: 600.63779 | BJ155: 52.841487 | BK155: 276 | BL155: 283 | BM155: 333 | BN155: 252 | BO155: 315 | BP155: 7 | BQ155: 114.79252 | BR155: 57.103659 | BS155: 156 | BT155: 362 | BU155: 296 | BV155: 330 | BW155: 307 | BX155: 206 | BY155: 1294.3562 | BZ155: 80.895834 | CA155: 137 | CB155: 181 | CC155: 211 | CD155: 199 | CE155: 145 | CF155: 44 | CG155: 408.60621 | CH155: 90.684813 | CI155: 66 | CJ155: 163 | CK155: 38 | CL155: 90 | CM155: 89 | CN155: 97 | CO155: 392.52074 | CP155: 69.419031 | CQ155: 188 | CR155: 194 | CS155: 199 | CT155: 141 | CU155: 162 | CV155: 6 | CW155: 326.51677 | CX155: 82.508834 | CY155: 80 | CZ155: 166 | DA155: 66 | DB155: 99 | DC155: 105 | DD155: 86 | DE155: 218.81131 | DF155: 44.166033 | DG155: 341 | DH155: 335 | DI155: 332 | DJ155: 315 | DK155: 312 | DL155: -6 | DM155: 809.7252 | DN155: 73.947488 | DO155: 100 | DP155: 127 | DQ155: 298 | DR155: 215 | DS155: 96 | DT155: 27 | DU155: 391.27588 | DV155: 61.7813 | DW155: 136 | DX155: 151 | DY155: 319 | DZ155: 219 | EA155: 142 | EB155: 15 | EC155: 66.321608 | ED155: 153 | EE155: 199 | EF155: 198 | EG155: 204 | EH155: 203 | EI155: 46
A156: São Cristóvão | B156: SE | C156: Nordeste | D156: 590.76556 | E156: 55.236733 | F156: 328 | G156: 303 | H156: 325 | I156: 383 | J156: 378 | K156: -25 | L156: 216.93953 | M156: 78.28222 | N156: 10 | O156: 30 | P156: 20 | Q156: 138 | R156: 398 | S156: 20 | T156: 795.61236 | U156: 53.501029 | V156: 345 | W156: 312 | X156: 264 | Y156: 406 | Z156: 373 | AA156: -33 | AB156: 453.3782 | AC156: 38.89213 | AD156: 314 | AE156: 292 | AF156: 292 | AG156: 319 | AH156: 286 | AI156: -22 | AJ156: 381.14792 | AK156: 57.016509 | AL156: 268 | AM156: 367 | AN156: 368 | AO156: 343 | AP156: 284 | AQ156: 99 | AR156: 588.62018 | AS156: 71.194587 | AT156: 224 | AU156: 260 | AV156: 225 | AW156: 400 | AX156: 382 | AY156: 36 | AZ156: - | BA156: 627.29326 | BB156: 62.665418 | BC156: 16 | BD156: 41 | BE156: 23 | BF156: 49 | BG156: 71 | BH156: 25 | BI156: 712.23044 | BJ156: 76.756164 | BK156: 18 | BL156: 92 | BM156: 177 | BN156: 198 | BO156: 181 | BP156: 74 | BQ156: 134.4895 | BR156: 68.786969 | BS156: 56 | BT156: 304 | BU156: 26 | BV156: 11 | BW156: 57 | BX156: 248 | BY156: 1078.3045 | BZ156: 60.704799 | CA156: 306 | CB156: 320 | CC156: 306 | CD156: 399 | CE156: 389 | CF156: 14 | CG156: 370.70495 | CH156: 79.967891 | CI156: 236 | CJ156: 337 | CK156: 207 | CL156: 380 | CM156: 336 | CN156: 101 | CO156: 440.16246 | CP156: 89.231158 | CQ156: 10 | CR156: 14 | CS156: 38 | CT156: 303 | CU156: 296 | CV156: 4 | CW156: 286.05341 | CX156: 71.042814 | CY156: 279 | CZ156: 254 | DA156: 294 | DB156: 407 | DC156: 368 | DD156: -25 | DE156: 298.18324 | DF156: 87.564543 | DG156: 9 | DH156: 37 | DI156: 31 | DJ156: 163 | DK156: 194 | DL156: 28 | DM156: 692.04859 | DN156: 52.857237 | DO156: 291 | DP156: 329 | DQ156: 312 | DR156: 349 | DS156: 343 | DT156: 38 | DU156: 361.46984 | DV156: 56.642302 | DW156: 205 | DX156: 303 | DY156: 187 | DZ156: 322 | EA156: 311 | EB156: 98 | EC156: 66.271406 | ED156: 154 | EE156: 258 | EF156: 220 | EG156: 364 | EH156: 354 | EI156: 104
A157: Cianorte | B157: PR | C157: Sul | D157: 719.02508 | E157: 75.684952 | F157: 163 | K157: Novo município | L157: 190.41393 | M157: 63.869245 | N157: 64 | S157: Novo município | T157: 955.95431 | U157: 72.293937 | V157: 185 | AA157: Novo município | AB157: 589.61849 | AC157: 58.974338 | AD157: 140 | AI157: Novo município | AJ157: 395.93542 | AK157: 61.749582 | AL157: 192 | AQ157: Novo município | AR157: 639.94838 | AS157: 80.558546 | AT157: 147 | AY157: Novo município | AZ157: - | BA157: 462.47786 | BB157: 31.194286 | BC157: 215 | BH157: Novo município | BI157: 613.77908 | BJ157: 55.65771 | BK157: 235 | BP157: Novo município | BQ157: 105.63148 | BR157: 51.669763 | BS157: 236 | BX157: Novo município | BY157: 1291.8967 | BZ157: 80.665976 | CA157: 141 | CF157: Novo município | CG157: 419.27738 | CH157: 93.702181 | CI157: 35 | CN157: Novo município | CO157: 395.25595 | CP157: 70.556488 | CQ157: 149 | CV157: Novo município | CW157: 321.17912 | CX157: 80.996313 | CY157: 113 | DD157: Novo município | DE157: 222.16194 | DF157: 45.998068 | DG157: 320 | DL157: Novo município | DM157: 792.95715 | DN157: 70.942283 | DO157: 129 | DT157: Novo município | DU157: 411.05738 | DV157: 65.19192 | DW157: 92 | EB157: Novo município | EC157: 66.231599 | ED157: 155 | EI157: Novo município
A158: Itaúna | B158: MG | C158: Sudeste | D158: 738.82955 | E158: 78.842349 | F158: 123 | G158: 215 | H158: 161 | I158: 155 | J158: 162 | K158: 92 | L158: 155.61501 | M158: 44.960874 | N158: 304 | O158: 348 | P158: 248 | Q158: 283 | R158: 292 | S158: 44 | T158: 947.94415 | U158: 71.355105 | V158: 197 | W158: 203 | X158: 211 | Y158: 126 | Z158: 153 | AA158: 6 | AB158: 559.80318 | AC158: 54.579475 | AD158: 191 | AE158: 148 | AF158: 150 | AG158: 166 | AH158: 146 | AI158: -43 | AJ158: 418.05222 | AK158: 68.828565 | AL158: 87 | AM158: 186 | AN158: 63 | AO158: 83 | AP158: 132 | AQ158: 99 | AR158: 650.90641 | AS158: 82.557651 | AT158: 130 | AU158: 183 | AV158: 245 | AW158: 117 | AX158: 110 | AY158: 53 | AZ158: - | BA158: 493.31036 | BB158: 37.081684 | BC158: 167 | BD158: 185 | BE158: 193 | BF158: 163 | BG158: 179 | BH158: 18 | BI158: 652.45652 | BJ158: 63.946413 | BK158: 102 | BL158: 154 | BM158: 69 | BN158: 88 | BO158: 170 | BP158: 52 | BQ158: 102.56888 | BR158: 49.853179 | BS158: 264 | BT158: 115 | BU158: 156 | BV158: 290 | BW158: 195 | BX158: -149 | BY158: 1337.8924 | BZ158: 84.964489 | CA158: 90 | CB158: 167 | CC158: 228 | CD158: 94 | CE158: 117 | CF158: 77 | CG158: 395.68663 | CH158: 87.031686 | CI158: 126 | CJ158: 83 | CK158: 235 | CL158: 7 | CM158: 14 | CN158: -43 | CO158: 413.19405 | CP158: 78.016165 | CQ158: 37 | CR158: 69 | CS158: 71 | CT158: 89 | CU158: 103 | CV158: 32 | CW158: 289.47056 | CX158: 72.011124 | CY158: 248 | CZ158: 322 | DA158: 367 | DB158: 289 | DC158: 275 | DD158: 74 | DE158: 249.07509 | DF158: 60.713481 | DG158: 161 | DH158: 201 | DI158: 214 | DJ158: 238 | DK158: 155 | DL158: 40 | DM158: 748.25797 | DN158: 62.931201 | DO158: 213 | DP158: 226 | DQ158: 205 | DR158: 110 | DS158: 79 | DT158: 13 | DU158: 390.45256 | DV158: 61.639347 | DW158: 139 | DX158: 124 | DY158: 123 | DZ158: 114 | EA158: 126 | EB158: -15 | EC158: 66.207049 | ED158: 156 | EE158: 202 | EF158: 209 | EG158: 128 | EH158: 128 | EI158: 46
A159: Vitória da Conquista | B159: BA | C159: Nordeste | D159: 700.55051 | E159: 72.73958 | F159: 203 | G159: 178 | H159: 173 | I159: 193 | J159: 133 | K159: -25 | L159: 186.33488 | M159: 61.652851 | N159: 82 | O159: 57 | P159: 92 | Q159: 39 | R159: 145 | S159: -25 | T159: 974.94456 | U159: 74.519693 | V159: 155 | W159: 168 | X159: 247 | Y159: 221 | Z159: 187 | AA159: 13 | AB159: 454.82816 | AC159: 39.105859 | AD159: 309 | AE159: 289 | AF159: 289 | AG159: 274 | AH159: 268 | AI159: -20 | AJ159: 388.30577 | AK159: 59.307539 | AL159: 230 | AM159: 244 | AN159: 285 | AO159: 312 | AP159: 256 | AQ159: 14 | AR159: 714.55141 | AS159: 94.168601 | AT159: 14 | AU159: 19 | AV159: 138 | AW159: 31 | AX159: 34 | AY159: 5 | AZ159: - | BA159: 432.30033 | BB159: 25.431955 | BC159: 278 | BD159: 259 | BE159: 282 | BF159: 337 | BG159: 276 | BH159: -19 | BI159: 596.59534 | BJ159: 51.975176 | BK159: 296 | BL159: 276 | BM159: 324 | BN159: 313 | BO159: 239 | BP159: -20 | BQ159: 121.34382 | BR159: 60.989575 | BS159: 120 | BT159: 376 | BU159: 380 | BV159: 313 | BW159: 189 | BX159: 256 | BY159: 1296.9014 | BZ159: 81.133688 | CA159: 135 | CB159: 136 | CC159: 240 | CD159: 216 | CE159: 123 | CF159: 1 | CG159: 404.70638 | CH159: 89.582101 | CI159: 79 | CJ159: 114 | CK159: 283 | CL159: 126 | CM159: 133 | CN159: 35 | CO159: 403.88613 | CP159: 74.145404 | CQ159: 78 | CR159: 68 | CS159: 70 | CT159: 320 | CU159: 300 | CV159: -10 | CW159: 327.22535 | CX159: 82.709623 | CY159: 76 | CZ159: 85 | DA159: 275 | DB159: 90 | DC159: 61 | DD159: 9 | DE159: 270.88777 | DF159: 72.640091 | DG159: 66 | DH159: 74 | DI159: 53 | DJ159: 132 | DK159: 149 | DL159: 8 | DM159: 748.1276 | DN159: 62.907836 | DO159: 214 | DP159: 172 | DQ159: 257 | DR159: 317 | DS159: 276 | DT159: -42 | DU159: 341.18201 | DV159: 53.144384 | DW159: 256 | DX159: 282 | DY159: 285 | DZ159: 283 | EA159: 247 | EB159: 26 | EC159: 66.009622 | ED159: 157 | EE159: 176 | EF159: 257 | EG159: 221 | EH159: 179 | EI159: 19
A160: Montes Claros | B160: MG | C160: Sudeste | D160: 731.98303 | E160: 77.75082 | F160: 138 | G160: 104 | H160: 102 | I160: 117 | J160: 83 | K160: -34 | L160: 154.56337 | M160: 44.389451 | N160: 310 | O160: 223 | P160: 298 | Q160: 118 | R160: 298 | S160: -87 | T160: 1055.1916 | U160: 83.925067 | V160: 73 | W160: 38 | X160: 37 | Y160: 94 | Z160: 65 | AA160: -35 | AB160: 534.76357 | AC160: 50.888566 | AD160: 217 | AE160: 184 | AF160: 202 | AG160: 247 | AH160: 220 | AI160: -33 | AJ160: 420.54589 | AK160: 69.626719 | AL160: 75 | AM160: 88 | AN160: 80 | AO160: 115 | AP160: 43 | AQ160: 13 | AR160: 663.19393 | AS160: 84.799302 | AT160: 105 | AU160: 136 | AV160: 98 | AW160: 169 | AX160: 122 | AY160: 31 | AZ160: - | BA160: 476.72346 | BB160: 33.914453 | BC160: 193 | BD160: 154 | BE160: 188 | BF160: 154 | BG160: 214 | BH160: -39 | BI160: 618.24391 | BJ160: 56.614536 | BK160: 216 | BL160: 196 | BM160: 191 | BN160: 208 | BO160: 159 | BP160: -20 | BQ160: 102.149 | BR160: 49.604125 | BS160: 269 | BT160: 280 | BU160: 329 | BV160: 236 | BW160: 295 | BX160: 11 | BY160: 1322.8461 | BZ160: 83.558347 | CA160: 107 | CB160: 69 | CC160: 53 | CD160: 96 | CE160: 40 | CF160: -38 | CG160: 380.32372 | CH160: 82.687686 | CI160: 198 | CJ160: 262 | CK160: 174 | CL160: 340 | CM160: 220 | CN160: 64 | CO160: 393.85201 | CP160: 69.97265 | CQ160: 170 | CR160: 302 | CS160: 314 | CT160: 82 | CU160: 261 | CV160: 132 | CW160: 330.46987 | CX160: 83.629013 | CY160: 62 | CZ160: 77 | DA160: 46 | DB160: 175 | DC160: 75 | DD160: 15 | DE160: 254.01545 | DF160: 63.414745 | DG160: 138 | DH160: 182 | DI160: 185 | DJ160: 120 | DK160: 126 | DL160: 44 | DM160: 747.0696 | DN160: 62.718218 | DO160: 217 | DP160: 104 | DQ160: 119 | DR160: 109 | DS160: 117 | DT160: -113 | DU160: 371.62792 | DV160: 58.393704 | DW160: 181 | DX160: 135 | DY160: 147 | DZ160: 134 | EA160: 118 | EB160: -46 | EC160: 65.992963 | ED160: 158 | EE160: 121 | EF160: 115 | EG160: 148 | EH160: 114 | EI160: -37
A161: Concórdia | B161: SC | C161: Sul | D161: 716.19938 | E161: 75.234456 | F161: 169 | G161: 154 | H161: 224 | K161: -15 | L161: 179.32725 | M161: 57.845175 | N161: 150 | O161: 204 | P161: 213 | S161: 54 | T161: 954.42522 | U161: 72.11472 | V161: 187 | W161: 193 | X161: 272 | AA161: 6 | AB161: 634.00412 | AC161: 65.516905 | AD161: 88 | AE161: 90 | AF161: 109 | AI161: 2 | AJ161: 411.98045 | AK161: 66.885158 | AL161: 111 | AM161: 63 | AN161: 124 | AQ161: -48 | AR161: 523.98034 | AS161: 59.402146 | AT161: 303 | AU161: 347 | AV161: 378 | AY161: 44 | AZ161: - | BA161: 513.54079 | BB161: 40.94464 | BC161: 131 | BD161: 83 | BE161: 72 | BH161: -48 | BI161: 633.46334 | BJ161: 59.876112 | BK161: 162 | BL161: 134 | BM161: 144 | BP161: -28 | BQ161: 107.29915 | BR161: 52.658945 | BS161: 225 | BT161: 124 | BU161: 125 | BX161: -101 | BY161: 1312.5291 | BZ161: 82.59417 | CA161: 116 | CB161: 165 | CC161: 247 | CF161: 49 | CG161: 344.20249 | CH161: 72.474082 | CI161: 292 | CJ161: 358 | CK161: 392 | CN161: 66 | CO161: 359.88808 | CP161: 55.848524 | CQ161: 349 | CR161: 369 | CS161: 349 | CV161: 20 | CW161: 268.16708 | CX161: 65.974403 | CY161: 303 | CZ161: 353 | DA161: 393 | DD161: 50 | DE161: 239.82396 | DF161: 55.655202 | DG161: 206 | DH161: 192 | DI161: 197 | DL161: -14 | DM161: 934.7106 | DN161: 96.347638 | DO161: 2 | DP161: 44 | DQ161: 31 | DT161: 42 | DU161: 474.11681 | DV161: 76.064289 | DW161: 14 | DX161: 51 | DY161: 22 | EB161: 37 | EC161: 65.964785 | ED161: 159 | EE161: 201 | EF161: 241 | EI161: 42
A162: Maceió | B162: AL | C162: Nordeste | D162: 619.3585 | E162: 59.795263 | F162: 300 | G162: 329 | H162: 304 | I162: 274 | J162: 279 | K162: 29 | L162: 212.52378 | M162: 75.882872 | N162: 13 | O162: 2 | P162: 35 | Q162: 67 | R162: 128 | S162: -11 | T162: 878.93351 | U162: 63.266701 | V162: 269 | W162: 324 | X162: 334 | Y162: 288 | Z162: 249 | AA162: 55 | AB162: 467.9908 | AC162: 41.04607 | AD162: 292 | AE162: 277 | AF162: 265 | AG162: 242 | AH162: 275 | AI162: -15 | AJ162: 329.60623 | AK162: 40.519424 | AL162: 397 | AM162: 387 | AN162: 355 | AO162: 346 | AP162: 338 | AQ162: -10 | AR162: 641.41225 | AS162: 80.825603 | AT162: 142 | AU162: 161 | AV162: 317 | AW162: 253 | AX162: 248 | AY162: 19 | AZ162: - | BA162: 536.42359 | BB162: 45.314058 | BC162: 91 | BD162: 45 | BE162: 66 | BF162: 100 | BG162: 106 | BH162: -46 | BI162: 609.54421 | BJ162: 54.750163 | BK162: 252 | BL162: 269 | BM162: 275 | BN162: 237 | BO162: 272 | BP162: 17 | BQ162: 123.05713 | BR162: 62.005832 | BS162: 111 | BT162: 71 | BU162: 222 | BV162: 177 | BW162: 324 | BX162: -40 | BY162: 1195.4834 | BZ162: 71.655707 | CA162: 229 | CB162: 246 | CC162: 266 | CD162: 240 | CE162: 194 | CF162: 17 | CG162: 391.46955 | CH162: 85.839267 | CI162: 148 | CJ162: 136 | CK162: 312 | CL162: 301 | CM162: 237 | CN162: -12 | CO162: 429.56189 | CP162: 84.822842 | CQ162: 12 | CR162: 3 | CS162: 31 | CT162: 48 | CU162: 96 | CV162: -9 | CW162: 325.25122 | CX162: 82.150217 | CY162: 87 | CZ162: 217 | DA162: 312 | DB162: 144 | DC162: 165 | DD162: 130 | DE162: 278.80812 | DF162: 76.970732 | DG162: 42 | DH162: 3 | DI162: 88 | DJ162: 149 | DK162: 198 | DL162: -39 | DM162: 764.90645 | DN162: 65.914976 | DO162: 186 | DP162: 77 | DQ162: 93 | DR162: 170 | DS162: 162 | DT162: -109 | DU162: 406.37598 | DV162: 64.384777 | DW162: 104 | DX162: 84 | DY162: 183 | DZ162: 262 | EA162: 237 | EB162: -20 | EC162: 65.946532 | ED162: 160 | EE162: 120 | EF162: 259 | EG162: 222 | EH162: 221 | EI162: -40
A163: Recife | B163: PE | C163: Nordeste | D163: 612.86845 | E163: 58.760564 | F163: 311 | G163: 281 | H163: 256 | I163: 251 | J163: 210 | K163: -30 | L163: 174.64986 | M163: 55.303665 | N163: 180 | O163: 239 | P163: 302 | Q163: 330 | R163: 303 | S163: 59 | T163: 918.90566 | U163: 67.951644 | V163: 238 | W163: 179 | X163: 137 | Y163: 218 | Z163: 170 | AA163: -59 | AB163: 680.87831 | AC163: 72.426295 | AD163: 50 | AE163: 35 | AF163: 26 | AG163: 60 | AH163: 45 | AI163: -15 | AJ163: 320.70295 | AK163: 37.669731 | AL163: 407 | AM163: 395 | AN163: 357 | AO163: 350 | AP163: 295 | AQ163: -12 | AR163: 581.30271 | AS163: 69.859639 | AT163: 236 | AU163: 220 | AV163: 151 | AW163: 237 | AX163: 210 | AY163: -16 | AZ163: - | BA163: 619.19658 | BB163: 61.119376 | BC163: 22 | BD163: 11 | BE163: 8 | BF163: 9 | BG163: 9 | BH163: -11 | BI163: 650.8922 | BJ163: 63.611173 | BK163: 107 | BL163: 163 | BM163: 128 | BN163: 126 | BO163: 146 | BP163: 56 | BQ163: 137.74921 | BR163: 70.720475 | BS163: 48 | BT163: 52 | BU163: 65 | BV163: 43 | BW163: 74 | BX163: 4 | BY163: 1189.0227 | BZ163: 71.051921 | CA163: 236 | CB163: 157 | CC163: 115 | CD163: 181 | CE163: 157 | CF163: -79 | CG163: 362.4584 | CH163: 77.636104 | CI163: 262 | CJ163: 314 | CK163: 159 | CL163: 287 | CM163: 256 | CN163: 52 | CO163: 405.66387 | CP163: 74.884692 | CQ163: 71 | CR163: 72 | CS163: 84 | CT163: 116 | CU163: 44 | CV163: 1 | CW163: 325.11699 | CX163: 82.112181 | CY163: 88 | CZ163: 81 | DA163: 49 | DB163: 72 | DC163: 71 | DD163: -7 | DE163: 246.56397 | DF163: 59.340469 | DG163: 170 | DH163: 190 | DI163: 213 | DJ163: 239 | DK163: 210 | DL163: 20 | DM163: 753.26626 | DN163: 63.828798 | DO163: 209 | DP163: 211 | DQ163: 176 | DR163: 202 | DS163: 137 | DT163: 2 | DU163: 430.16775 | DV163: 68.486826 | DW163: 61 | DX163: 57 | DY163: 93 | DZ163: 97 | EA163: 89 | EB163: -4 | EC163: 65.922722 | ED163: 161 | EE163: 153 | EF163: 85 | EG163: 154 | EH163: 123 | EI163: -8
A164: Salvador | B164: BA | C164: Nordeste | D164: 683.2138 | E164: 69.975616 | F164: 232 | G164: 232 | H164: 186 | I164: 156 | J164: 168 | K164: 0 | L164: 155.51927 | M164: 44.908853 | N164: 307 | O164: 386 | P164: 390 | Q164: 387 | R164: 316 | S164: 79 | T164: 952.50323 | U164: 71.889453 | V164: 190 | W164: 196 | X164: 218 | Y164: 188 | Z164: 146 | AA164: 6 | AB164: 510.73438 | AC164: 47.346594 | AD164: 242 | AE164: 319 | AF164: 339 | AG164: 306 | AH164: 302 | AI164: 77 | AJ164: 337.18439 | AK164: 42.944986 | AL164: 389 | AM164: 384 | AN164: 376 | AO164: 326 | AP164: 301 | AQ164: -5 | AR164: 635.05302 | AS164: 79.665471 | AT164: 155 | AU164: 170 | AV164: 252 | AW164: 174 | AX164: 168 | AY164: 15 | AZ164: - | BA164: 535.23981 | BB164: 45.088018 | BC164: 94 | BD164: 117 | BE164: 162 | BF164: 168 | BG164: 243 | BH164: 23 | BI164: 638.42885 | BJ164: 60.940236 | BK164: 144 | BL164: 177 | BM164: 281 | BN164: 227 | BO164: 343 | BP164: 33 | BQ164: 158.62708 | BR164: 83.104229 | BS164: 12 | BT164: 50 | BU164: 61 | BV164: 57 | BW164: 33 | BX164: 38 | BY164: 1290.8211 | BZ164: 80.565463 | CA164: 142 | CB164: 128 | CC164: 158 | CD164: 103 | CE164: 71 | CF164: -14 | CG164: 357.78613 | CH164: 76.314979 | CI164: 270 | CJ164: 325 | CK164: 379 | CL164: 312 | CM164: 284 | CN164: 55 | CO164: 404.41686 | CP164: 74.366115 | CQ164: 75 | CR164: 249 | CS164: 245 | CT164: 284 | CU164: 195 | CV164: 174 | CW164: 342.11871 | CX164: 86.929922 | CY164: 15 | CZ164: 31 | DA164: 213 | DB164: 23 | DC164: 18 | DD164: 16 | DE164: 225.01794 | DF164: 47.559654 | DG164: 298 | DH164: 356 | DI164: 358 | DJ164: 372 | DK164: 350 | DL164: 58 | DM164: 781.72528 | DN164: 68.929283 | DO164: 150 | DP164: 282 | DQ164: 230 | DR164: 163 | DS164: 95 | DT164: 132 | DU164: 463.08787 | DV164: 74.162738 | DW164: 19 | DX164: 48 | DY164: 41 | DZ164: 72 | EA164: 47 | EB164: 29 | EC164: 65.918225 | ED164: 162 | EE164: 233 | EF164: 263 | EG164: 198 | EH164: 180 | EI164: 71
A165: Guarapari | B165: ES | C165: Sudeste | D165: 694.65355 | E165: 71.799438 | F165: 211 | G165: 201 | H165: 145 | I165: 165 | J165: 180 | K165: -10 | L165: 165.87034 | M165: 50.533219 | N165: 245 | O165: 230 | P165: 148 | Q165: 235 | R165: 242 | S165: -15 | T165: 949.82052 | U165: 71.575025 | V165: 193 | W165: 209 | X165: 126 | Y165: 256 | Z165: 329 | AA165: 16 | AB165: 537.6245 | AC165: 51.310275 | AD165: 211 | AE165: 225 | AF165: 247 | AG165: 225 | AH165: 219 | AI165: 14 | AJ165: 422.01119 | AK165: 70.095723 | AL165: 71 | AM165: 106 | AN165: 116 | AO165: 158 | AP165: 178 | AQ165: 35 | AR165: 627.30433 | AS165: 78.251853 | AT165: 170 | AU165: 189 | AV165: 89 | AW165: 273 | AX165: 343 | AY165: 19 | AZ165: - | BA165: 433.98048 | BB165: 25.752776 | BC165: 274 | BD165: 272 | BE165: 286 | BF165: 250 | BG165: 228 | BH165: -2 | BI165: 608.42474 | BJ165: 54.510255 | BK165: 254 | BL165: 220 | BM165: 228 | BN165: 207 | BO165: 243 | BP165: -34 | BQ165: 127.90768 | BR165: 64.882947 | BS165: 86 | BT165: 70 | BU165: 282 | BV165: 139 | BW165: 14 | BX165: -16 | BY165: 1245.4576 | BZ165: 76.326033 | CA165: 194 | CB165: 185 | CC165: 134 | CD165: 251 | CE165: 280 | CF165: -9 | CG165: 387.0386 | CH165: 84.586377 | CI165: 170 | CJ165: 194 | CK165: 113 | CL165: 381 | CM165: 379 | CN165: 24 | CO165: 410.57434 | CP165: 76.926743 | CQ165: 46 | CR165: 161 | CS165: 63 | CT165: 390 | CU165: 366 | CV165: 115 | CW165: 313.34268 | CX165: 78.775718 | CY165: 131 | CZ165: 87 | DA165: 58 | DB165: 341 | DC165: 372 | DD165: -44 | DE165: 268.75432 | DF165: 71.473576 | DG165: 71 | DH165: 144 | DI165: 85 | DJ165: 114 | DK165: 95 | DL165: 73 | DM165: 783.26567 | DN165: 69.205355 | DO165: 145 | DP165: 195 | DQ165: 139 | DR165: 164 | DS165: 145 | DT165: 50 | DU165: 372.55589 | DV165: 58.553699 | DW165: 180 | DX165: 180 | DY165: 195 | DZ165: 157 | EA165: 82 | EB165: 0 | EC165: 65.909938 | ED165: 163 | EE165: 183 | EF165: 135 | EG165: 258 | EH165: 297 | EI165: 20
A166: Araxá | B166: MG | C166: Sudeste | D166: 782.38581 | E166: 85.786457 | F166: 56 | G166: 48 | H166: 74 | I166: 91 | J166: 77 | K166: -8 | L166: 184.08673 | M166: 60.431294 | N166: 97 | O166: 83 | P166: 202 | Q166: 192 | R166: 142 | S166: -14 | T166: 1052.6631 | U166: 83.628709 | V166: 78 | W166: 93 | X166: 85 | Y166: 125 | Z166: 55 | AA166: 15 | AB166: 623.79388 | AC166: 64.011887 | AD166: 101 | AE166: 83 | AF166: 64 | AG166: 47 | AH166: 40 | AI166: -18 | AJ166: 436.23852 | AK166: 74.649502 | AL166: 39 | AM166: 29 | AN166: 69 | AO166: 81 | AP166: 98 | AQ166: -10 | AR166: 665.67817 | AS166: 85.252509 | AT166: 96 | AU166: 111 | AV166: 93 | AW166: 102 | AX166: 71 | AY166: 15 | AZ166: - | BA166: 478.34615 | BB166: 34.224302 | BC166: 189 | BD166: 148 | BE166: 78 | BF166: 21 | BG166: 149 | BH166: -41 | BI166: 639.54086 | BJ166: 61.178545 | BK166: 143 | BL166: 69 | BM166: 183 | BN166: 131 | BO166: 118 | BP166: -74 | BQ166: 85.971228 | BR166: 40.008241 | BS166: 355 | BT166: 212 | BU166: 12 | BV166: 1 | BW166: 102 | BX166: -143 | BY166: 1293.8669 | BZ166: 80.850107 | CA166: 138 | CB166: 146 | CC166: 91 | CD166: 120 | CE166: 128 | CF166: 8 | CG166: 407.06479 | CH166: 90.248962 | CI166: 73 | CJ166: 98 | CK166: 63 | CL166: 112 | CM166: 97 | CN166: 25 | CO166: 386.41415 | CP166: 66.879568 | CQ166: 280 | CR166: 70 | CS166: 169 | CT166: 76 | CU166: 50 | CV166: -210 | CW166: 324.26495 | CX166: 81.87074 | CY166: 98 | CZ166: 126 | DA166: 88 | DB166: 125 | DC166: 56 | DD166: 28 | DE166: 222.08087 | DF166: 45.953744 | DG166: 322 | DH166: 267 | DI166: 307 | DJ166: 246 | DK166: 241 | DL166: -55 | DM166: 659.36855 | DN166: 47.00025 | DO166: 330 | DP166: 257 | DQ166: 225 | DR166: 217 | DS166: 252 | DT166: -73 | DU166: 329.64461 | DV166: 51.155167 | DW166: 282 | DX166: 238 | DY166: 210 | DZ166: 243 | EA166: 210 | EB166: -44 | EC166: 65.820624 | ED166: 164 | EE166: 93 | EF166: 57 | EG166: 28 | EH166: 80 | EI166: -71
